Workbook

Sheet 202302M
A1: PROVIDENCE AND KETTLINA UTILITIES COMPANY SAS. NIT.901352888-1
A3: PRESUPUESTO DE FUNCIONAMIENTO AÑO 2023
C4: Ejecucion Enero | F4: Ejecucion Febrero | I4: Ejecucion Marzo | L4: Ejecucion Abril | O4: Ejecucion Mayo | R4: Ejecucion Junio | AA4: Acumulado
A5: Concepto | B5: Año 2023 | C5: Enero | D5: Ejecucion | E5: Variacion | F5: Febrero | G5: Ejecutado | H5: Variacion | I5: Marzo | J5: Ejecutado | K5: Variacion | L5: Abril | M5: Ejecutado | N5: Variacion | O5: Mayo | P5: Ejecutado | Q5: Variacion | R5: Junio | S5: Ejecutado | T5: Variacion | U5: Julio | V5: Agosto | W5: Sept | X5: Oct | Y5: Noviembre | Z5: Diciembre | AA5: Presupuesto acumulado | AB5: Ejecucion acumulada | AC5: variacion acumulada | AD5: Participacion %
A6: Cargo fijo acueducto | B6: 116980329 | C6: 0 | D6: 0 | E6: =+C6-D6 -> 0 | F6: 0 | G6: 0 | H6: =+F6-G6 -> 0 | I6: =+'202501anual'!E6 -> 67092060 | J6: 0 | K6: =+I6-J6 -> 67092060 | L6: =+'202501anual'!F6 -> 24907260 | M6: =6656089.59-1858002.8 -> 4798086.8 | N6: =+L6-M6 -> 20109173 | O6: =+'202501anual'!G6 -> 24907260 | P6: =41573.83-16871.76+11161757.15-3147286.65+365554.54-96309.64 -> 8308417.5 | Q6: =+O6-P6 -> 16598842 | R6: =+'202501anual'!H6 -> 24907260 | T6: =+R6-S6 -> 24907260 | AA6: =+C6+F6+I6+L6+O6+R6 -> 1.4181384e+08 | AB6: =+D6+G6+J6+M6+P6+S6 -> 13106504 | AC6: =+AA6-AB6 -> 1.2870733e+08 | AD6: =+AC6/AA6 -> 0.90757951
A7: Cargo variable acueducto | B7: 7.2768808e+08 | C7: 0 | D7: 0 | E7: =+C7-D7 -> 0 | F7: 0 | G7: 0 | H7: =+F7-G7 -> 0 | I7: =+'202501anual'!E7 -> 0 | J7: 0 | K7: =+I7-J7 -> 0 | L7: =+'202501anual'!F7 -> 73174394 | M7: =8880801.04-1355094.16 -> 7525706.9 | N7: =+L7-M7 -> 65648687 | O7: =+'202501anual'!G7 -> 73174394 | P7: =84673.96-18192.96+20293885.7-3331592.73+1132560-166295.4 -> 17995039 | Q7: =+O7-P7 -> 55179356 | R7: =+'202501anual'!H7 -> 73174394 | T7: =+R7-S7 -> 73174394 | AA7: =+C7+F7+I7+L7+O7+R7 -> 2.1952318e+08 | AB7: =+D7+G7+J7+M7+P7+S7 -> 25520745 | AC7: =+AA7-AB7 -> 1.9400244e+08 | AD7: =+AC7/AA7 -> 0.88374465
A8: Ingresos por medidor acueducto/acometidas | B8: 1460371848 | C8: 0 | D8: 0 | E8: =+C8-D8 -> 0 | F8: 0 | G8: 0 | H8: =+F8-G8 -> 0 | I8: =+'202501anual'!E8 -> 0 | J8: 1000210 | K8: =+I8-J8 -> -1000210 | L8: =+'202501anual'!F8 -> 1590000 | M8: 2529667 | N8: =+L8-M8 -> -939667 | O8: =+'202501anual'!G8 -> 1590000 | P8: =3331955.26+166683 -> 3498638.3 | Q8: =+O8-P8 -> -1908638.3 | R8: =+'202501anual'!H8 -> 1590000 | T8: =+R8-S8 -> 1590000 | AA8: =+C8+F8+I8+L8+O8+R8 -> 4770000 | AB8: =+D8+G8+J8+M8+P8+S8 -> 7028515.3 | AC8: =+AA8-AB8 -> -2258515.3 | AD8: =+AC8/AA8 -> -0.47348328
A9: Tarifa cargo variable Aseo | B9: 384000000 | C9: 32000000 | D9: 35018397 | E9: =+C9-D9 -> -3018397.3 | F9: 32000000 | G9: 22235664 | H9: =+F9-G9 -> 9764336 | I9: =+'202501anual'!E10 -> 119170200 | J9: =23782524.8+499828.7 -> 24282354 | K9: =+I9-J9 -> 94887846 | L9: =+'202501anual'!F10 -> 89250000 | M9: =31917625-14853460.67-90490.51 -> 16973674 | N9: =+L9-M9 -> 72276326 | O9: =+'202501anual'!G10 -> 89250000 | P9: =24478075.71-863600 -> 23614476 | Q9: =+O9-P9 -> 65635524 | R9: =+'202501anual'!H10 -> 89250000 | T9: =+R9-S9 -> 89250000 | AA9: =+C9+F9+I9+L9+O9+R9 -> 450920200 | AB9: =+D9+G9+J9+M9+P9+S9 -> 1.2212456e+08 | AC9: =+AA9-AB9 -> 3.2879564e+08 | AD9: =+AC9/AA9 -> 0.7291659
A10: Recuperacion cartera | B10: 0 | C10: 0 | D10: 0 | E10: =+C10-D10 -> 0 | F10: 0 | G10: 4211013 | H10: =+F10-G10 -> -4211013 | I10: =+'202501anual'!E11 -> 581250 | J10: =+[1]Resultados2023!$E$175+[1]Resultados2023!$C$175 -> 36638529 | K10: =+I10-J10 -> -36057279 | L10: =+'202501anual'!F11 -> 300526.71 | M10: 3592200 | N10: =+L10-M10 -> -3291673.3 | O10: =+'202501anual'!G11 -> 300526.71 | P10: 1967700 | Q10: =+O10-P10 -> -1667173.3 | R10: =+'202501anual'!H11 -> 300526.71 | T10: =+R10-S10 -> 300526.71 | AA10: =+C10+F10+I10+L10+O10+R10 -> 1482830.1 | AB10: =+D10+G10+J10+M10+P10+S10 -> 46409442 | AC10: =+AA10-AB10 -> -44926612 | AD10: =+AC10/AA10 -> -30.297882
A11: Mutuo 194: Planta desalinizadora Agua Dulce - RO 400 | B11: 1744961750 | C11: 348992350 | D11: 0 | E11: =+C11-D11 -> 348992350 | F11: 348992350 | G11: 7315123 | H11: =+F11-G11 -> 341677227 | I11: =+'202501anual'!E14 -> 0 | J11: 6429362 | K11: =+I11-J11 -> -6429362 | L11: =+'202501anual'!F14 -> 0 | M11: 0 | N11: =+L11-M11 -> 0 | O11: =+'202501anual'!G14 -> 0 | P11: 0 | Q11: =+O11-P11 -> 0 | R11: =+'202501anual'!H14 -> 0 | S11: 0 | T11: =+R11-S11 -> 0 | AA11: =+C11+F11+I11+L11+O11+R11 -> 697984700 | AB11: =+D11+G11+J11+M11+P11+S11 -> 13744485 | AC11: =+AA11-AB11 -> 684240215 | AD11: =+AC11/AA11 -> 0.98030833
A12: Total Ingresos | B12: =SUM(B6:B11) -> 4.434002e+09 | C12: =SUM(C6:C11) -> 380992350 | D12: =SUM(D6:D11) -> 35018397 | E12: =SUM(E6:E11) -> 3.4597395e+08 | F12: =SUM(F6:F11) -> 380992350 | G12: =SUM(G6:G11) -> 33761800 | H12: =SUM(H6:H11) -> 347230550 | I12: =SUM(I6:I11) -> 186843510 | ... AC12: =SUM(AC6:AC11) -> 1.2885605e+09 | AD12: =+AC12/AA12 -> 0.84969664
A13: Personal Ac | B13: 878588056 | C13: 73215671 | D13: 86122605 | E13: =+C13-D13 -> -12906933 | F13: =+'202501anual'!D16 -> 80642664 | G13: =+[2]Resultados2023!$D$9-[2]Resultados2023!$D$24-[2]Resultados2023!$C$24 -> 81355068 | H13: =+F13-G13 -> -712404.28 | I13: =+'202501anual'!E16 -> 80642664 | J13: =+[1]Resultados2023!$E$9-700236 -> 79053672 | K13: =+I13-J13 -> 1588992 | L13: =+'202501anual'!F16 -> 80642664 | M13: =+[3]Resultados2023!$F$9 -> 74716770 | N13: =+L13-M13 -> 5925894.1 | O13: =+'202501anual'!G16 -> 80642664 | P13: =+[4]Hoja1!$G$9 -> NUEVA EPS | Q13: =+O13-P13 -> #VALUE! | R13: =+'202501anual'!H16 -> 80642664 | T13: =+R13-S13 -> 80642664 | AA13: =+C13+F13+I13+L13+O13+R13 -> 4.7642899e+08 | AB13: =+D13+G13+J13+M13+P13+S13 -> #VALUE! | AC13: =+AA13-AB13 -> #VALUE! | AD13: =+AC13/AA13 -> #VALUE!
A14: Dotación de uniformes para el personal, elementos de proteccion y bioseguridad (pantalon , camisa, zapatos, impermeables, pantaneras, chalecos reflectivos) | B14: 21060000 | C14: 7020000 | D14: 0 | E14: =+C14-D14 -> 7020000 | F14: =+'202501anual'!#REF! -> #REF! | G14: 0 | H14: =+F14-G14 -> #REF! | I14: =+'202501anual'!#REF! -> #REF! | J14: 0 | K14: =+I14-J14 -> #REF! | L14: =+'202501anual'!#REF! -> #REF! | M14: =+[5]EjecucionPptalPasiva!$Q$203 -> 600000 | N14: =+L14-M14 -> #REF! | O14: =+'202501anual'!#REF! -> #REF! | P14: 0 | Q14: =+O14-P14 -> #REF! | R14: =+'202501anual'!#REF! -> #REF! | S14: 0 | T14: =+R14-S14 -> #REF! | AA14: =+C14+F14+I14+L14+O14+R14 -> #REF! | AB14: =+D14+G14+J14+M14+P14+S14 -> 600000 | AC14: =+AA14-AB14 -> #REF! | AD14: =+AC14/AA14 -> #REF!
A15: Potabilizacion Ac | B15: =1981048858-52905201 -> 1928143657 | C15: 27833200 | D15: 5039883 | E15: =+C15-D15 -> 22793317 | F15: =+'202501anual'!D17 -> 14700000 | G15: 8480617 | H15: =+F15-G15 -> 6219383 | I15: =+'202501anual'!E17 -> 14700000 | J15: =+#REF! -> #REF! | K15: =+I15-J15 -> #REF! | L15: =+'202501anual'!F17 -> 41500000 | M15: =+#REF! -> #REF! | N15: =+L15-M15 -> #REF! | O15: =+'202501anual'!G17 -> 48776000 | P15: =+#REF! -> #REF! | Q15: =+O15-P15 -> #REF! | R15: =+'202501anual'!H17 -> 33776000 | S15: =+#REF! -> #REF! | T15: =+R15-S15 -> #REF! | AA15: =+C15+F15+I15+L15+O15+R15 -> 181285200 | AB15: =+D15+G15+J15+M15+P15+S15 -> #REF! | AC15: =+AA15-AB15 -> #REF! | AD15: =+AC15/AA15 -> #REF!
A16: Distribuccion Ac | B16: =2106159750 -> 2106159750 | C16: 365592350 | D16: 125855 | E16: =+C16-D16 -> 365466495 | F16: =+'202501anual'!D28 -> 2000000 | G16: =125822+31200000+46400000 -> 77725822 | H16: =+F16-G16 -> -75725822 | I16: =+'202501anual'!E28 -> 7000000 | J16: =+#REF! -> #REF! | K16: =+I16-J16 -> #REF! | L16: =+'202501anual'!F28 -> 9100000 | M16: =+#REF! -> #REF! | N16: =+L16-M16 -> #REF! | O16: =+'202501anual'!G28 -> 9100000 | P16: =+#REF! -> #REF! | Q16: =+O16-P16 -> #REF! | R16: =+'202501anual'!H28 -> 8100000 | S16: =+#REF! -> #REF! | T16: =+R16-S16 -> #REF! | AA16: =+C16+F16+I16+L16+O16+R16 -> 400892350 | AB16: =+D16+G16+J16+M16+P16+S16 -> #REF! | AC16: =+AA16-AB16 -> #REF! | AD16: =+AC16/AA16 -> #REF!
A17: Captacion Ac | B17: =360000000+14000000 -> 374000000 | C17: 0 | D17: 0 | E17: =+C17-D17 -> 0 | F17: =+'202501anual'!D38 -> 0 | G17: 0 | H17: =+F17-G17 -> 0 | I17: =+'202501anual'!E38 -> 0 | J17: 0 | K17: =+I17-J17 -> 0 | L17: =+'202501anual'!F38 -> 0 | M17: 0 | N17: =+L17-M17 -> 0 | O17: =+'202501anual'!G38 -> 0 | P17: 0 | Q17: =+O17-P17 -> 0 | R17: =+'202501anual'!H38 -> 0 | S17: 0 | T17: =+R17-S17 -> 0 | AA17: =+C17+F17+I17+L17+O17+R17 -> 0 | AB17: =+D17+G17+J17+M17+P17+S17 -> 0 | AC17: =+AA17-AB17 -> 0 | AD17: 0
A18: Comercial Ac | B18: =744342859-14000000 -> 730342859 | C18: 48866667 | D18: 0 | E18: =+C18-D18 -> 48866667 | F18: =+'202501anual'!D41 -> 4528764.9 | G18: 0 | H18: =+F18-G18 -> 4528764.9 | I18: =+'202501anual'!E41 -> 5074982 | J18: =+#REF! -> #REF! | K18: =+I18-J18 -> #REF! | L18: =+'202501anual'!F41 -> 0 | M18: =+#REF! -> #REF! | N18: =+L18-M18 -> #REF! | O18: =+'202501anual'!G41 -> 0 | P18: =+#REF! -> #REF! | Q18: =+O18-P18 -> #REF! | R18: =+'202501anual'!H41 -> 0 | S18: =+#REF! -> #REF! | T18: =+R18-S18 -> #REF! | AA18: =+C18+F18+I18+L18+O18+R18 -> 58470414 | AB18: =+D18+G18+J18+M18+P18+S18 -> #REF! | AC18: =+AA18-AB18 -> #REF! | AD18: =+AC18/AA18 -> #REF!
A19: Generales/Administracion Ac | B19: =389605000+1000000 -> 390605000 | C19: 6650000 | D19: 1781552 | E19: =+C19-D19 -> 4868448 | F19: =+'202501anual'!D42 -> 5089000 | G19: =1005925+499333+3000000 -> 4505258 | H19: =+F19-G19 -> 583742 | I19: =+'202501anual'!E42 -> 62450000 | J19: =+#REF! -> #REF! | K19: =+I19-J19 -> #REF! | L19: =+'202501anual'!F42 -> 30089000 | M19: =+#REF! -> #REF! | N19: =+L19-M19 -> #REF! | O19: =+'202501anual'!G42 -> 33150000 | P19: =+#REF! -> #REF! | Q19: =+O19-P19 -> #REF! | R19: =+'202501anual'!H42 -> 32089000 | S19: =+#REF! -> #REF! | T19: =+R19-S19 -> #REF! | AA19: =+C19+F19+I19+L19+O19+R19 -> 169517000 | AB19: =+D19+G19+J19+M19+P19+S19 -> #REF! | AC19: =+AA19-AB19 -> #REF! | AD19: =+AC19/AA19 -> #REF!
A20: Subtotal Acueducto | B20: =SUM(B13:B19) -> 6428899322 | C20: =SUM(C13:C19) -> 5.2917789e+08 | D20: =SUM(D13:D19) -> 93069895 | E20: =SUM(E13:E19) -> 4.3610799e+08 | F20: =SUM(F13:F19) -> #REF! | G20: =SUM(G13:G19) -> 1.7206677e+08 | H20: =SUM(H13:H19) -> #REF! | I20: =SUM(I13:I19) -> #REF! | ... Q20: =SUM(Q13:Q19) -> #VALUE! | R20: =+'202501anual'!H59 -> 154607664 | S20: =SUM(S13:S19) -> #REF! | T20: =SUM(T13:T19) -> #REF! | U20: =SUM(U13:U19) -> 0 | V20: =SUM(V13:V19) -> 0 | W20: =SUM(W13:W19) -> 0 | X20: =SUM(X13:X19) -> 0 | Y20: =SUM(Y13:Y19) -> 0 | Z20: =SUM(Z13:Z19) -> 0 | ... AC20: =SUM(AC13:AC19) -> #VALUE! | AD20: =+AC20/AA20 -> #VALUE!
A21: Personal Alc | B21: 40627002 | C21: 3385583.6 | D21: 3565471 | E21: =+C21-D21 -> -179887.42 | F21: =+'202501anual'!D60 -> 4251264.9 | G21: =+[2]Resultados2023!$D$25 -> 3491616 | H21: =+F21-G21 -> 759648.87 | I21: =+'202501anual'!E60 -> 4251264.9 | J21: =+[1]Resultados2023!$E$25 -> 3505299 | K21: =+I21-J21 -> 745965.87 | L21: =+'202501anual'!F60 -> 4251264.9 | M21: =+[3]Resultados2023!$F$25 -> 3643137 | N21: =+L21-M21 -> 608127.87 | O21: =+'202501anual'!G60 -> 4251264.9 | P21: =+[4]Hoja1!$G$25 -> NUEVA EPS | Q21: =+O21-P21 -> #VALUE! | R21: =+'202501anual'!H60 -> 4251264.9 | T21: =+R21-S21 -> 4251264.9 | AA21: =+C21+F21+I21+L21+O21+R21 -> 24641908 | AB21: =+D21+G21+J21+M21+P21+S21 -> #VALUE! | AC21: =+AA21-AB21 -> #VALUE! | AD21: =+AC21/AA21 -> #VALUE!
A22: Recoleccion y transporte Alc | B22: 17458000 | C22: 3250000 | D22: 31735 | E22: =+C22-D22 -> 3218265 | F22: =+'202501anual'!D61 -> 277500 | G22: 31735 | H22: =+F22-G22 -> 245765 | I22: =+'202501anual'!E61 -> 277500 | J22: =+#REF! -> #REF! | K22: =+I22-J22 -> #REF! | L22: =+'202501anual'!F61 -> 277500 | M22: 31735 | N22: =+L22-M22 -> 245765 | O22: =+'202501anual'!G61 -> 180000 | P22: 31735 | Q22: =+O22-P22 -> 148265 | R22: =+'202501anual'!H61 -> 277500 | T22: =+R22-S22 -> 277500 | AA22: =+C22+F22+I22+L22+O22+R22 -> 4540000 | AB22: =+D22+G22+J22+M22+P22+S22 -> #REF! | AC22: =+AA22-AB22 -> #REF! | AD22: =+AC22/AA22 -> #REF!
A23: Subtotal Alcantarillado | B23: =SUM(B21:B22) -> 58085002 | C23: =SUM(C21:C22) -> 6635583.6 | D23: =SUM(D21:D22) -> 3597206 | E23: =SUM(E21:E22) -> 3038377.6 | F23: =SUM(F21:F22) -> 4528764.9 | G23: =SUM(G21:G22) -> 3523351 | H23: =SUM(H21:H22) -> 1005413.9 | I23: =SUM(I21:I22) -> 4528764.9 | ... Q23: =SUM(Q21:Q22) -> #VALUE! | R23: =+'202501anual'!H62 -> 4528764.9 | S23: =SUM(S21:S22) -> 0 | T23: =SUM(T21:T22) -> 4528764.9 | U23: =SUM(U21:U22) -> 0 | V23: =SUM(V21:V22) -> 0 | W23: =SUM(W21:W22) -> 0 | X23: =SUM(X21:X22) -> 0 | Y23: =SUM(Y21:Y22) -> 0 | Z23: =SUM(Z21:Z22) -> 0 | ... AC23: =SUM(AC21:AC22) -> #VALUE! | AD23: =+AC23/AA23 -> #VALUE!
A24: Costos de Funcionamiento Operativos AA | B24: =+B23+B20 -> 6486984324 | C24: =+C23+C20 -> 5.3581347e+08 | D24: =+D23+D20 -> 96667101 | E24: =+E23+E20 -> 4.3914637e+08 | F24: =+F23+F20 -> #REF! | G24: =+G23+G20 -> 1.7559012e+08 | H24: =+H23+H20 -> #REF! | I24: =+I23+I20 -> #REF! | ... Q24: =+Q23+Q20 -> #VALUE! | R24: =+'202501anual'!H63 -> 1.5913643e+08 | S24: =+S23+S20 -> #REF! | T24: =+T23+T20 -> #REF! | U24: =+U23+U20 -> 0 | V24: =+V23+V20 -> 0 | W24: =+W23+W20 -> 0 | X24: =+X23+X20 -> 0 | Y24: =+Y23+Y20 -> 0 | Z24: =+Z23+Z20 -> 0 | ... AC24: =+AC23+AC20 -> #VALUE! | AD24: =+AC24/AA24 -> #VALUE! | AE24: =+H24/F24 -> #REF! | AF24: =+Q24/O24*100 -> #VALUE!
A25: Personal | B25: 1516052727 | C25: 1.2633773e+08 | D25: 96267510 | E25: =+C25-D25 -> 30070218 | F25: =+'202501anual'!D64 -> 120967250 | G25: =+[2]Resultados2023!$D$39-[2]Resultados2023!$D$55-[2]Resultados2023!$C$55 -> 89823865 | H25: =+F25-G25 -> 31143385 | I25: =+'202501anual'!E64 -> 120967250 | J25: =+[1]Resultados2023!$E$39-2640011 -> 96979851 | K25: =+I25-J25 -> 23987399 | L25: =+'202501anual'!F64 -> 120967250 | M25: =+[3]Resultados2023!$F$39 -> 1.0650873e+08 | N25: =+L25-M25 -> 14458524 | O25: =+'202501anual'!G64 -> 120967250 | P25: =+[4]Hoja1!$G$39 -> NUEVA EPS | Q25: =+O25-P25 -> #VALUE! | R25: =+'202501anual'!H64 -> 120967250 | T25: =+R25-S25 -> 120967250 | AA25: =+C25+F25+I25+L25+O25+R25 -> 7.3117398e+08 | AB25: =+D25+G25+J25+M25+P25+S25 -> #VALUE! | AC25: =+AA25-AB25 -> #VALUE! | AD25: =+AC25/AA25*100 -> #VALUE!
A26: Dotación de uniformes para el personal, elementos de proteccion y bioseguridad (pantalon , camisa, zapatos, impermeables, pantaneras, chalecos reflectivos) | B26: 254272041 | C26: 20972282 | D26: 0 | E26: =+C26-D26 -> 20972282 | F26: =+'202501anual'!D65 -> 0 | G26: 0 | H26: =+F26-G26 -> 0 | I26: =+'202501anual'!E65 -> 0 | J26: 0 | K26: =+I26-J26 -> 0 | L26: =+'202501anual'!F65 -> 0 | M26: =+#REF! -> #REF! | N26: =+L26-M26 -> #REF! | O26: =+'202501anual'!G65 -> 0 | P26: 0 | Q26: =+O26-P26 -> 0 | R26: =+'202501anual'!H65 -> 0 | S26: 0 | T26: =+R26-S26 -> 0 | AA26: =+C26+F26+I26+L26+O26+R26 -> 20972282 | AB26: =+D26+G26+J26+M26+P26+S26 -> #REF! | AC26: =+AA26-AB26 -> #REF! | AD26: =+AC26/AA26*100 -> #REF!
A27: Barrido vias | B27: 36000000 | C27: =40654560-28654560 -> 12000000 | D27: 31735 | E27: =+C27-D27 -> 11968265 | F27: =+'202501anual'!D66 -> 0 | G27: 31735 | H27: =+F27-G27 -> -31735 | I27: =+'202501anual'!E66 -> 0 | J27: =+#REF! -> #REF! | K27: =+I27-J27 -> #REF! | L27: =+'202501anual'!F66 -> 0 | M27: =+#REF! -> #REF! | N27: =+L27-M27 -> #REF! | O27: =+'202501anual'!G66 -> 0 | P27: =+#REF! -> #REF! | Q27: =+O27-P27 -> #REF! | R27: =+'202501anual'!H66 -> 0 | S27: =+#REF! -> #REF! | T27: =+R27-S27 -> #REF! | AA27: =+C27+F27+I27+L27+O27+R27 -> 12000000 | AB27: =+D27+G27+J27+M27+P27+S27 -> #REF! | AC27: =+AA27-AB27 -> #REF! | AD27: =+AC27/AA27*100 -> #REF!
A28: Recolección y Transporte | B28: =8582072214-7200000000-720000000 -> 662072214 | C28: 55867726 | D28: 1086170 | E28: =+C28-D28 -> 54781556 | F28: =+'202501anual'!D69 -> 51850000 | G28: =63470+22169100 -> 22232570 | H28: =+F28-G28 -> 29617430 | I28: =+'202501anual'!E69 -> 51850000 | J28: =+#REF! -> #REF! | K28: =+I28-J28 -> #REF! | L28: =+'202501anual'!F69 -> 51850000 | M28: =+#REF! -> #REF! | N28: =+L28-M28 -> #REF! | O28: =+'202501anual'!G69 -> 51850000 | P28: =+#REF! -> #REF! | Q28: =+O28-P28 -> #REF! | R28: =+'202501anual'!H69-7200000000-720000000 -> -7868150000 | S28: =+#REF! -> #REF! | T28: =+R28-S28 -> #REF! | AA28: =+C28+F28+I28+L28+O28+R28 -> -7.6048823e+09 | AB28: =+D28+G28+J28+M28+P28+S28 -> #REF! | AC28: =+AA28-AB28 -> #REF! | AD28: =+AC28/AA28*100 -> #REF!
A29: Disposición final | B29: =1481563987+36650001 -> 1518213988 | C29: 95543916 | D29: 8641952 | E29: =+C29-D29 -> 86901964 | F29: =+'202501anual'!D74 -> 13400000 | G29: =64000000+31775 -> 64031775 | H29: =+F29-G29 -> -50631775 | I29: =+'202501anual'!E74 -> 32400000 | J29: =+#REF! -> #REF! | K29: =+I29-J29 -> #REF! | L29: =+'202501anual'!F74 -> 33400000 | M29: =+#REF! -> #REF! | N29: =+L29-M29 -> #REF! | O29: =+'202501anual'!G74 -> 21400000 | P29: =+#REF! -> #REF! | Q29: =+O29-P29 -> #REF! | R29: =+'202501anual'!H74 -> 26400000 | S29: =+#REF! -> #REF! | T29: =+R29-S29 -> #REF! | AA29: =+C29+F29+I29+L29+O29+R29 -> 2.2254392e+08 | AB29: =+D29+G29+J29+M29+P29+S29 -> #REF! | AC29: =+AA29-AB29 -> #REF! | AD29: =+AC29/AA29*100 -> #REF!
A30: Generales/Administracion | B30: =737281080-10000000-10000000 -> 717281080 | C30: 133706950 | D30: 117651 | E30: =+C30-D30 -> 133589299 | F30: =+'202501anual'!D88 -> 11389500 | G30: =3454434+117651+3000000 -> 6572085 | H30: =+F30-G30 -> 4817415 | I30: =+'202501anual'!E88 -> 27889500 | J30: =+#REF! -> #REF! | K30: =+I30-J30 -> #REF! | L30: =+'202501anual'!F88 -> 17889500 | M30: =+#REF! -> #REF! | N30: =+L30-M30 -> #REF! | O30: =+'202501anual'!G88 -> 4850000 | P30: =+#REF! -> #REF! | Q30: =+O30-P30 -> #REF! | R30: =+'202501anual'!H88-10000000-10000000 -> -12686500 | S30: =+#REF! -> #REF! | T30: =+R30-S30 -> #REF! | AA30: =+C30+F30+I30+L30+O30+R30 -> 183038950 | AB30: =+D30+G30+J30+M30+P30+S30 -> #REF! | AC30: =+AA30-AB30 -> #REF! | AD30: =+AC30/AA30*100 -> #REF!
A31: Aseo y Limpieza | B31: =47254560+28654560 -> 75909120 | C31: 72609120 | D31: 0 | E31: =+C31-D31 -> 72609120 | F31: =+'202501anual'!D99 -> 0 | G31: 0 | H31: =+F31-G31 -> 0 | I31: =+'202501anual'!E99 -> 0 | J31: 0 | K31: =+I31-J31 -> 0 | L31: =+'202501anual'!F99 -> 0 | M31: 0 | N31: =+L31-M31 -> 0 | O31: =+'202501anual'!G99 -> 0 | P31: 0 | Q31: =+O31-P31 -> 0 | R31: =+'202501anual'!H99 -> 0 | S31: 0 | T31: =+R31-S31 -> 0 | AA31: =+C31+F31+I31+L31+O31+R31 -> 72609120 | AB31: =+D31+G31+J31+M31+P31+S31 -> 0 | AC31: =+AA31-AB31 -> 72609120 | AD31: =+AC31/AA31*100 -> 100
A32: Compra Buldozer | B32: =1500000000-1500000000 -> 0 | C32: 0 | D32: 0 | E32: =+C32-D32 -> 0 | F32: =+'202501anual'!#REF! -> #REF! | G32: 0 | H32: =+F32-G32 -> #REF! | I32: =+'202501anual'!#REF! -> #REF! | J32: 0 | K32: =+I32-J32 -> #REF! | L32: =+'202501anual'!#REF! -> #REF! | M32: 0 | N32: =+L32-M32 -> #REF! | O32: =+'202501anual'!#REF! -> #REF! | P32: 0 | Q32: =+O32-P32 -> #REF! | R32: -1500000000 | S32: 0 | T32: =+R32-S32 -> -1500000000 | AA32: =+C32+F32+I32+L32+O32+R32 -> #REF! | AB32: =+D32+G32+J32+M32+P32+S32 -> 0 | AC32: =+AA32-AB32 -> #REF! | AD32: 0
A33: Compra barrido mecanico | B33: =150000000-150000000 -> 0 | C33: 0 | D33: 0 | E33: =+C33-D33 -> 0 | F33: =+'202501anual'!#REF! -> #REF! | G33: 0 | H33: =+F33-G33 -> #REF! | I33: =+'202501anual'!#REF! -> #REF! | J33: 0 | K33: =+I33-J33 -> #REF! | L33: =+'202501anual'!#REF! -> #REF! | M33: 0 | N33: =+L33-M33 -> #REF! | O33: =+'202501anual'!#REF! -> #REF! | P33: 0 | Q33: =+O33-P33 -> #REF! | R33: -150000000 | S33: 0 | T33: =+R33-S33 -> -150000000 | AA33: =+C33+F33+I33+L33+O33+R33 -> #REF! | AB33: =+D33+G33+J33+M33+P33+S33 -> 0 | AC33: =+AA33-AB33 -> #REF! | AD33: 0 | AF33: =+Q34/O34*100 -> #VALUE!
A34: Costos de Funcionamiento Operativos Aseo | B34: =SUM(B25:B33) -> 4779801170 | C34: =SUM(C25:C33) -> 5.1703772e+08 | D34: =SUM(D25:D33) -> 1.0614502e+08 | E34: =SUM(E25:E33) -> 4.108927e+08 | F34: =SUM(F25:F33) -> #REF! | G34: =SUM(G25:G33) -> 1.8269203e+08 | H34: =SUM(H25:H33) -> #REF! | I34: =SUM(I25:I33) -> #REF! | ... AC34: =SUM(AC25:AC33) -> #VALUE! | AD34: =+AC34/AA34 -> #VALUE! | AE34: =+H34/F34 -> #REF! | AF34: =100-63 -> 37 | AG34: =+N34/L34*100 -> #REF!
A35: Nomina Administracion | B35: 315108512 | C35: 26259043 | D35: 20905207 | E35: =+C35-D35 -> 5353835.7 | F35: =+'202501anual'!D101 -> 34751494 | G35: =27167981-[2]Resultados2023!$C$130-4802535 -> 22015542 | H35: =+F35-G35 -> 12735952 | I35: =+'202501anual'!E101 -> 34751494 | J35: =45708144.09-J36-1028181 -> 22383681 | K35: =+I35-J35 -> 12367813 | L35: =+'202501anual'!F101 -> 34751494 | M35: =32442461-4802535 -> 27639926 | N35: =+L35-M35 -> 7111568.4 | O35: =+'202501anual'!G101 -> 34751494 | P35: 27521103 | Q35: =+O35-P35 -> 7230391.4 | R35: =+'202501anual'!H101 -> 34751494 | T35: =+R35-S35 -> 34751494 | AA35: =+C35+F35+I35+L35+O35+R35 -> 2.0001651e+08 | AB35: =+D35+G35+J35+M35+P35+S35 -> 1.2046546e+08 | AC35: =+AA35-AB35 -> 79551056 | AD35: =+AC35/AA35*100 -> 39.772244
A36: Nomina comercial | B36: 229762301 | C36: 19146858 | D36: 18068114 | E36: =+C36-D36 -> 1078744.4 | F36: =+'202501anual'!D102 -> 21107704 | G36: =16820292+4802535 -> 21622827 | H36: =+F36-G36 -> -515123.12 | I36: =+'202501anual'!E102 -> 21107704 | J36: =17493747+4802535 -> 22296282 | K36: =+I36-J36 -> -1188578.1 | L36: =+'202501anual'!F102 -> 21107704 | M36: =18669307+4802535 -> 23471842 | N36: =+L36-M36 -> -2364138.1 | O36: =+'202501anual'!G102 -> 21107704 | P36: 23370937 | Q36: =+O36-P36 -> -2263233.6 | R36: =+'202501anual'!H102 -> 21107704 | T36: =+R36-S36 -> 21107704 | AA36: =+C36+F36+I36+L36+O36+R36 -> 1.2468538e+08 | AB36: =+D36+G36+J36+M36+P36+S36 -> 1.0883e+08 | AC36: =+AA36-AB36 -> 15855375 | AD36: =+AC36/AA36*100 -> 12.716307
A37: Contribuciones CRA | B37: 2000000 | C37: 0 | D37: 0 | E37: =+C37-D37 -> 0 | F37: =+'202501anual'!D103 -> 27000000 | G37: 0 | H37: =+F37-G37 -> 27000000 | I37: =+'202501anual'!E103 -> 0 | K37: =+I37-J37 -> 0 | L37: =+'202501anual'!F103 -> 0 | M37: 0 | N37: =+L37-M37 -> 0 | O37: =+'202501anual'!G103 -> 0 | P37: 0 | Q37: =+O37-P37 -> 0 | R37: =+'202501anual'!H103 -> 0 | T37: =+R37-S37 -> 0 | AA37: =+C37+F37+I37+L37+O37+R37 -> 27000000 | AB37: =+D37+G37+J37+M37+P37+S37 -> 0 | AC37: =+AA37-AB37 -> 27000000 | AD37: 0
A38: Servicios software INTEGRIN | B38: 12120000 | C38: 760000 | D38: 794000 | E38: =+C38-D38 -> -34000 | F38: =+'202501anual'!D104 -> 1760000 | G38: 794000 | H38: =+F38-G38 -> 966000 | I38: =+'202501anual'!E104 -> 1760000 | J38: =+[6]EjecucionPptalPasiva!$Q$276 -> 794000 | K38: =+I38-J38 -> 966000 | L38: =+'202501anual'!F104 -> 1760000 | M38: =+[5]EjecucionPptalPasiva!$Q$276 -> 794000 | N38: =+L38-M38 -> 966000 | O38: =+'202501anual'!G104 -> 1760000 | P38: 794000 | Q38: =+O38-P38 -> 966000 | R38: =+'202501anual'!H104 -> 1760000 | T38: =+R38-S38 -> 1760000 | AA38: =+C38+F38+I38+L38+O38+R38 -> 9560000 | AB38: =+D38+G38+J38+M38+P38+S38 -> 3970000 | AC38: =+AA38-AB38 -> 5590000 | AD38: =+AC38/AA38*100 -> 58.472803
A39: Licenciamiento software | B39: 10000000 | C39: 0 | D39: 0 | E39: =+C39-D39 -> 0 | F39: =+'202501anual'!D105 -> 350000 | G39: 0 | H39: =+F39-G39 -> 350000 | I39: =+'202501anual'!E105 -> 350000 | K39: =+I39-J39 -> 350000 | L39: =+'202501anual'!F105 -> 350000 | M39: 0 | N39: =+L39-M39 -> 350000 | O39: =+'202501anual'!G105 -> 350000 | P39: 0 | Q39: =+O39-P39 -> 350000 | R39: =+'202501anual'!H105 -> 350000 | T39: =+R39-S39 -> 350000 | AA39: =+C39+F39+I39+L39+O39+R39 -> 1750000 | AB39: =+D39+G39+J39+M39+P39+S39 -> 0 | AC39: =+AA39-AB39 -> 1750000 | AD39: 0
A40: Pagina WEB-Dominio actualizacion software | B40: 13500000 | C40: 0 | D40: 0 | E40: =+C40-D40 -> 0 | F40: =+'202501anual'!D106 -> 0 | G40: 0 | H40: =+F40-G40 -> 0 | I40: =+'202501anual'!E106 -> 0 | K40: =+I40-J40 -> 0 | L40: =+'202501anual'!F106 -> 0 | M40: 0 | N40: =+L40-M40 -> 0 | O40: =+'202501anual'!G106 -> 0 | P40: 0 | Q40: =+O40-P40 -> 0 | R40: =+'202501anual'!H106 -> 600000 | T40: =+R40-S40 -> 600000 | AA40: =+C40+F40+I40+L40+O40+R40 -> 600000 | AB40: =+D40+G40+J40+M40+P40+S40 -> 0 | AC40: =+AA40-AB40 -> 600000 | AD40: 0
A41: Arrendamiento oficina administrativa | B41: 134400000 | C41: 11200000 | D41: 10666000 | E41: =+C41-D41 -> 534000 | F41: =+'202501anual'!D107 -> 11500000 | G41: 10666000 | H41: =+F41-G41 -> 834000 | I41: =+'202501anual'!E107 -> 11500000 | J41: =+[6]EjecucionPptalPasiva!$Q$289+[6]EjecucionPptalPasiva!$Q$294 -> 10666000 | K41: =+I41-J41 -> 834000 | L41: =+'202501anual'!F107 -> 11500000 | M41: =+[5]EjecucionPptalPasiva!$Q$289+[5]EjecucionPptalPasiva!$Q$294 -> 10666000 | N41: =+L41-M41 -> 834000 | O41: =+'202501anual'!G107 -> 11500000 | P41: 10666000 | Q41: =+O41-P41 -> 834000 | R41: =+'202501anual'!H107 -> 11500000 | T41: =+R41-S41 -> 11500000 | AA41: =+C41+F41+I41+L41+O41+R41 -> 68700000 | AB41: =+D41+G41+J41+M41+P41+S41 -> 53330000 | AC41: =+AA41-AB41 -> 15370000 | AD41: =+AC41/AA41*100 -> 22.372635
A42: Compra activos Equipo de computo (hardwaare, software), mobiliario oficina | B42: 27000000 | C42: 0 | D42: 0 | E42: =+C42-D42 -> 0 | F42: =+'202501anual'!D108 -> 0 | G42: 3450000 | H42: =+F42-G42 -> -3450000 | I42: =+'202501anual'!E108 -> 2500000 | K42: =+I42-J42 -> 2500000 | L42: =+'202501anual'!F108 -> 3000000 | M42: 0 | N42: =+L42-M42 -> 3000000 | O42: =+'202501anual'!G108 -> 3000000 | P42: 0 | Q42: =+O42-P42 -> 3000000 | R42: =+'202501anual'!H108 -> 0 | T42: =+R42-S42 -> 0 | AA42: =+C42+F42+I42+L42+O42+R42 -> 8500000 | AB42: =+D42+G42+J42+M42+P42+S42 -> 3450000 | AC42: =+AA42-AB42 -> 5050000 | AD42: 0
A43: Servicios publicos (energia, telefono, aseo) | B43: 93058000 | C43: 5760000 | D43: 2176000 | E43: =+C43-D43 -> 3584000 | F43: =+'202501anual'!D109 -> 4730000 | G43: 2582989 | H43: =+F43-G43 -> 2147011 | I43: =+'202501anual'!E109 -> 4730000 | J43: =+[6]EjecucionPptalPasiva!$Q$290+[6]EjecucionPptalPasiva!$Q$295 -> 2694465 | K43: =+I43-J43 -> 2035535 | L43: =+'202501anual'!F109 -> 4730000 | M43: =+[5]EjecucionPptalPasiva!$Q$290+[5]EjecucionPptalPasiva!$Q$295 -> 2686418 | N43: =+L43-M43 -> 2043582 | O43: =+'202501anual'!G109 -> 4730000 | P43: 2813343.2 | Q43: =+O43-P43 -> 1916656.8 | R43: =+'202501anual'!H109 -> 4730000 | T43: =+R43-S43 -> 4730000 | AA43: =+C43+F43+I43+L43+O43+R43 -> 29410000 | AB43: =+D43+G43+J43+M43+P43+S43 -> 12953215 | AC43: =+AA43-AB43 -> 16456785 | AD43: =+AC43/AA43*100 -> 55.956426
A44: Dotación de uniformes para el personal, elementos de proteccion y bioseguridad (pantalon , camisa, zapatos, impermeables, pantaneras, chalecos reflectivos) | B44: 10140000 | C44: 3980000 | D44: 0 | E44: =+C44-D44 -> 3980000 | F44: =+'202501anual'!D110 -> 0 | G44: 0 | H44: =+F44-G44 -> 0 | I44: =+'202501anual'!E110 -> 0 | K44: =+I44-J44 -> 0 | L44: =+'202501anual'!F110 -> 24000000 | M44: =+[5]EjecucionPptalPasiva!$O$228 -> 593000 | N44: =+L44-M44 -> 23407000 | O44: =+'202501anual'!G110 -> 0 | P44: 0 | Q44: =+O44-P44 -> 0 | R44: =+'202501anual'!H110 -> 0 | S44: 0 | T44: =+R44-S44 -> 0 | AA44: =+C44+F44+I44+L44+O44+R44 -> 27980000 | AB44: =+D44+G44+J44+M44+P44+S44 -> 593000 | AC44: =+AA44-AB44 -> 27387000 | AD44: =+AC44/AA44*100 -> 97.880629
A45: Suministro, recarga y mantenimiento de extintores de agua y polvo químico para las áreas operativas, administrativas y vehículos de la empresa | B45: 4000000 | C45: 0 | D45: 0 | E45: =+C45-D45 -> 0 | F45: =+'202501anual'!D111 -> 0 | G45: 0 | H45: =+F45-G45 -> 0 | I45: =+'202501anual'!E111 -> 0 | K45: =+I45-J45 -> 0 | L45: =+'202501anual'!F111 -> 0 | M45: 0 | N45: =+L45-M45 -> 0 | O45: =+'202501anual'!G111 -> 0 | P45: 0 | Q45: =+O45-P45 -> 0 | R45: =+'202501anual'!H111 -> 0 | S45: 0 | T45: =+R45-S45 -> 0 | AA45: =+C45+F45+I45+L45+O45+R45 -> 0 | AB45: =+D45+G45+J45+M45+P45+S45 -> 0 | AC45: =+AA45-AB45 -> 0 | AD45: 0
A46: Dotación de papelería y facturación | B46: 13200000 | C46: 500000 | D46: 0 | E46: =+C46-D46 -> 500000 | F46: =+'202501anual'!D112 -> 0 | H46: =+F46-G46 -> 0 | I46: =+'202501anual'!E112 -> 0 | K46: =+I46-J46 -> 0 | L46: =+'202501anual'!F112 -> 780000 | M46: =+[5]EjecucionPptalPasiva!$O$234 -> 4758000 | N46: =+L46-M46 -> -3978000 | O46: =+'202501anual'!G112 -> 780000 | P46: 0 | Q46: =+O46-P46 -> 780000 | R46: =+'202501anual'!H112 -> 780000 | S46: 0 | T46: =+R46-S46 -> 780000 | AA46: =+C46+F46+I46+L46+O46+R46 -> 2840000 | AB46: =+D46+G46+J46+M46+P46+S46 -> 4758000 | AC46: =+AA46-AB46 -> -1918000 | AD46: =+AC46/AA46*100 -> -67.535211
A47: Dotación de cafetería | B47: 16200000 | C47: 1350000 | D47: 0 | E47: =+C47-D47 -> 1350000 | F47: =+'202501anual'!D113 -> 0 | H47: =+F47-G47 -> 0 | I47: =+'202501anual'!E113 -> 780000 | K47: =+I47-J47 -> 780000 | L47: =+'202501anual'!F113 -> 1994000 | M47: 0 | N47: =+L47-M47 -> 1994000 | O47: =+'202501anual'!G113 -> 1994000 | P47: =1341600+382141.97-2695000+10110500 -> 9139242 | Q47: =+O47-P47 -> -7145242 | R47: =+'202501anual'!H113 -> 1994000 | T47: =+R47-S47 -> 1994000 | AA47: =+C47+F47+I47+L47+O47+R47 -> 8112000 | AB47: =+D47+G47+J47+M47+P47+S47 -> 9139242 | AC47: =+AA47-AB47 -> -1027242 | AD47: =+AC47/AA47*100 -> -12.663239
A48: Gastos bancarios | B48: 6000000 | C48: 500000 | D48: 466260 | E48: =+C48-D48 -> 33740 | F48: =+'202501anual'!D114 -> 800000 | G48: 762230 | H48: =+F48-G48 -> 37770 | I48: =+'202501anual'!E114 -> 800000 | J48: =+[6]EjecucionPptalPasiva!$Q$285 -> 610639 | K48: =+I48-J48 -> 189361 | L48: =+'202501anual'!F114 -> 800000 | M48: =+[5]EjecucionPptalPasiva!$Q$285 -> 703510 | N48: =+L48-M48 -> 96490 | O48: =+'202501anual'!G114 -> 800000 | P48: 610873 | Q48: =+O48-P48 -> 189127 | R48: =+'202501anual'!H114 -> 800000 | T48: =+R48-S48 -> 800000 | AA48: =+C48+F48+I48+L48+O48+R48 -> 4500000 | AB48: =+D48+G48+J48+M48+P48+S48 -> 3153512 | AC48: =+AA48-AB48 -> 1346488 | AD48: =+AC48/AA48*100 -> 29.921956
A49: Fletes Marítimos y Terrestres | B49: 12892000 | C49: 0 | D49: 0 | E49: =+C49-D49 -> 0 | F49: =+'202501anual'!D115 -> 25000000 | H49: =+F49-G49 -> 25000000 | I49: =+'202501anual'!E115 -> 12000000 | K49: =+I49-J49 -> 12000000 | L49: =+'202501anual'!F115 -> 10000000 | M49: 0 | N49: =+L49-M49 -> 10000000 | O49: =+'202501anual'!G115 -> 10000000 | P49: 527000 | Q49: =+O49-P49 -> 9473000 | R49: =+'202501anual'!H115 -> 10000000 | T49: =+R49-S49 -> 10000000 | AA49: =+C49+F49+I49+L49+O49+R49 -> 67000000 | AB49: =+D49+G49+J49+M49+P49+S49 -> 527000 | AC49: =+AA49-AB49 -> 66473000 | AD49: 0
A50: Servicios personales de outsourcing - asesoría contable y tributaria | B50: 47040000 | C50: 3920000 | D50: 4201894 | E50: =+C50-D50 -> -281894 | F50: =+'202501anual'!D117 -> 7930400 | G50: 4201894 | H50: =+F50-G50 -> 3728506 | I50: =+'202501anual'!E117 -> 7930400 | J50: 4201894 | K50: =+I50-J50 -> 3728506 | L50: =+'202501anual'!F117 -> 7930400 | M50: 4201894 | N50: =+L50-M50 -> 3728506 | O50: =+'202501anual'!G117 -> 13040800 | P50: 4201894 | Q50: =+O50-P50 -> 8838906 | R50: =+'202501anual'!H117 -> 7930400 | T50: =+R50-S50 -> 7930400 | AA50: =+C50+F50+I50+L50+O50+R50 -> 48682400 | AB50: =+D50+G50+J50+M50+P50+S50 -> 21009470 | AC50: =+AA50-AB50 -> 27672930 | AD50: =+AC50/AA50*100 -> 56.843808 | AE50: =+D50+D53+D85+D86 -> 63447894 | AF50: =+C50+C52+C53+C54+C58+C66+C74+C85+C86 -> 83125000
A51: Servicios personales de asesoría regulatoria, estudio de costos y tarifas | C51: 0 | D51: 0 | E51: =+C51-D51 -> 0 | F51: =+'202501anual'!D118 -> 2500000 | H51: =+F51-G51 -> 2500000 | I51: =+'202501anual'!E118 -> 2500000 | K51: =+I51-J51 -> 2500000 | L51: =+'202501anual'!F118 -> 2500000 | N51: =+L51-M51 -> 2500000 | O51: =+'202501anual'!G118 -> 2500000 | Q51: =+O51-P51 -> 2500000 | R51: =+'202501anual'!H118 -> 2500000 | T51: =+R51-S51 -> 2500000 | AA51: =+C51+F51+I51+L51+O51+R51 -> 12500000 | AB51: =+D51+G51+J51+M51+P51+S51 -> 0 | AC51: =+AA51-AB51 -> 12500000 | AD51: =+AC51/AA51*100 -> 100
A52: Servicios personales - Seguridad y salud en el trabajo | B52: 39840000 | C52: 3320000 | D52: 0 | E52: =+C52-D52 -> 3320000 | F52: =+'202501anual'!D119 -> 4142000 | G52: 3567900 | H52: =+F52-G52 -> 574100 | I52: =+'202501anual'!E119 -> 4142000 | J52: 3567900 | K52: =+I52-J52 -> 574100 | L52: =+'202501anual'!F119 -> 4542000 | M52: 0 | N52: =+L52-M52 -> 4542000 | O52: =+'202501anual'!G119 -> 4142000 | P52: =3567900*2 -> 7135800 | Q52: =+O52-P52 -> -2993800 | R52: =+'202501anual'!H119 -> 4142000 | T52: =+R52-S52 -> 4142000 | AA52: =+C52+F52+I52+L52+O52+R52 -> 24430000 | AB52: =+D52+G52+J52+M52+P52+S52 -> 14271600 | AC52: =+AA52-AB52 -> 10158400 | AD52: =+AC52/AA52*100 -> 41.581662
A53: Audiltor Interno | B53: 40200000 | C53: 3350000 | D53: 3350000 | E53: =+C53-D53 -> 0 | F53: =+'202501anual'!D121 -> 4120000 | G53: 3764068 | H53: =+F53-G53 -> 355932 | I53: =+'202501anual'!E121 -> 4120000 | J53: 3557034 | K53: =+I53-J53 -> 562966 | L53: =+'202501anual'!F121 -> 4120000 | M53: 3557034 | N53: =+L53-M53 -> 562966 | O53: =+'202501anual'!G121 -> 4120000 | P53: 3557034 | Q53: =+O53-P53 -> 562966 | R53: =+'202501anual'!H121 -> 4120000 | T53: =+R53-S53 -> 4120000 | AA53: =+C53+F53+I53+L53+O53+R53 -> 23950000 | AB53: =+D53+G53+J53+M53+P53+S53 -> 17785170 | AC53: =+AA53-AB53 -> 6164830 | AD53: =+AC53/AA53*100 -> 25.740418
A54: Servicios personales Comunicadora social | B54: 40080000 | C54: 3340000 | D54: 0 | E54: =+C54-D54 -> 3340000 | F54: =+'202501anual'!D122 -> 0 | G54: 3567900 | H54: =+F54-G54 -> -3567900 | I54: =+'202501anual'!E122 -> 0 | J54: 3567900 | K54: =+I54-J54 -> -3567900 | L54: =+'202501anual'!F122 -> 0 | M54: 3567900 | N54: =+L54-M54 -> -3567900 | O54: =+'202501anual'!G122 -> 0 | P54: 3567900 | Q54: =+O54-P54 -> -3567900 | R54: =+'202501anual'!H122 -> 0 | T54: =+R54-S54 -> 0 | AA54: =+C54+F54+I54+L54+O54+R54 -> 3340000 | AB54: =+D54+G54+J54+M54+P54+S54 -> 14271600 | AC54: =+AA54-AB54 -> -10931600 | AD54: =+AC54/AA54*100 -> -327.29341
A55: Plan de medios | B55: 70450000 | C55: 1700000 | D55: 0 | E55: =+C55-D55 -> 1700000 | F55: =+'202501anual'!D123 -> 2417300 | H55: =+F55-G55 -> 2417300 | I55: =+'202501anual'!E123 -> 2417300 | K55: =+I55-J55 -> 2417300 | L55: =+'202501anual'!F123 -> 5417300 | M55: =+[5]EjecucionPptalPasiva!$Q$399 -> 1400000 | N55: =+L55-M55 -> 4017300 | O55: =+'202501anual'!G123 -> 2417300 | P55: 0 | Q55: =+O55-P55 -> 2417300 | R55: =+'202501anual'!H123 -> 2417300 | T55: =+R55-S55 -> 2417300 | AA55: =+C55+F55+I55+L55+O55+R55 -> 16786500 | AB55: =+D55+G55+J55+M55+P55+S55 -> 1400000 | AC55: =+AA55-AB55 -> 15386500 | AD55: =+AC55/AA55*100 -> 91.659965
A56: Suscripción y afiliaciones | B56: 500000 | C56: 0 | D56: 0 | E56: =+C56-D56 -> 0 | F56: =+'202501anual'!D124 -> 0 | H56: =+F56-G56 -> 0 | I56: =+'202501anual'!E124 -> 0 | K56: =+I56-J56 -> 0 | L56: =+'202501anual'!F124 -> 0 | M56: 0 | N56: =+L56-M56 -> 0 | O56: =+'202501anual'!G124 -> 0 | P56: 0 | Q56: =+O56-P56 -> 0 | R56: =+'202501anual'!H124 -> 0 | T56: =+R56-S56 -> 0 | AA56: =+C56+F56+I56+L56+O56+R56 -> 0 | AB56: =+D56+G56+J56+M56+P56+S56 -> 0 | AC56: =+AA56-AB56 -> 0 | AD56: 0
A57: Seguros y pólizas | B57: 11377300 | C57: 0 | D57: 0 | E57: =+C57-D57 -> 0 | F57: =+'202501anual'!D125 -> 0 | H57: =+F57-G57 -> 0 | I57: =+'202501anual'!E125 -> 0 | J57: =+[6]EjecucionPptalPasiva!$Q$287 -> 1070000 | K57: =+I57-J57 -> -1070000 | L57: =+'202501anual'!F125 -> 0 | M57: 0 | N57: =+L57-M57 -> 0 | O57: =+'202501anual'!G125 -> 0 | P57: 0 | Q57: =+O57-P57 -> 0 | R57: =+'202501anual'!H125 -> 0 | T57: =+R57-S57 -> 0 | AA57: =+C57+F57+I57+L57+O57+R57 -> 0 | AB57: =+D57+G57+J57+M57+P57+S57 -> 1070000 | AC57: =+AA57-AB57 -> -1070000 | AD57: 0
A58: Asesoria en contratacion | B58: 46000000 | C58: 2000000 | D58: 0 | E58: =+C58-D58 -> 2000000 | F58: =+'202501anual'!D126 -> 0 | H58: =+F58-G58 -> 0 | I58: =+'202501anual'!E126 -> 0 | K58: =+I58-J58 -> 0 | L58: =+'202501anual'!F126 -> 0 | M58: 0 | N58: =+L58-M58 -> 0 | O58: =+'202501anual'!G126 -> 0 | P58: 0 | Q58: =+O58-P58 -> 0 | R58: =+'202501anual'!H126 -> 0 | T58: =+R58-S58 -> 0 | AA58: =+C58+F58+I58+L58+O58+R58 -> 2000000 | AB58: =+D58+G58+J58+M58+P58+S58 -> 0 | AC58: =+AA58-AB58 -> 2000000 | AD58: =+AC58/AA58*100 -> 100
A59: Almacenamiento virtual (nube) | C59: 0 | D59: 0 | E59: =+C59-D59 -> 0 | F59: =+'202501anual'!D127 -> 0 | H59: =+F59-G59 -> 0 | I59: =+'202501anual'!E127 -> 0 | K59: =+I59-J59 -> 0 | L59: =+'202501anual'!F127 -> 0 | N59: =+L59-M59 -> 0 | O59: =+'202501anual'!G127 -> 0 | Q59: =+O59-P59 -> 0 | R59: =+'202501anual'!H127 -> 0 | T59: =+R59-S59 -> 0 | AA59: =+C59+F59+I59+L59+O59+R59 -> 0 | AB59: =+D59+G59+J59+M59+P59+S59 -> 0 | AC59: =+AA59-AB59 -> 0 | AD59: =+AC59/AA59*100 -> #DIV/0!
A60: Arrendamiento contenedor | E60: =+C60-D60 -> 0 | F60: =+'202501anual'!D128 -> 0 | H60: =+F60-G60 -> 0 | I60: =+'202501anual'!E128 -> 0 | K60: =+I60-J60 -> 0 | L60: =+'202501anual'!F128 -> 0 | N60: =+L60-M60 -> 0 | O60: =+'202501anual'!G128 -> 0 | Q60: =+O60-P60 -> 0 | R60: =+'202501anual'!H128 -> 0 | T60: =+R60-S60 -> 0 | AA60: =+C60+F60+I60+L60+O60+R60 -> 0 | AB60: =+D60+G60+J60+M60+P60+S60 -> 0 | AC60: =+AA60-AB60 -> 0 | AD60: =+AC60/AA60*100 -> #DIV/0!
A61: Capacitacion y bienestar social | B61: 61200000 | C61: 100000 | D61: 0 | E61: =+C61-D61 -> 100000 | F61: =+'202501anual'!D129 -> 2134000 | G61: 183000 | H61: =+F61-G61 -> 1951000 | I61: =+'202501anual'!E129 -> 2134000 | J61: =+[6]EjecucionPptalPasiva!$Q$281 -> 1080000 | K61: =+I61-J61 -> 1054000 | L61: =+'202501anual'!F129 -> 2134000 | M61: =+[5]EjecucionPptalPasiva!$Q$281 -> 5109000 | N61: =+L61-M61 -> -2975000 | O61: =+'202501anual'!G129 -> 4534000 | P61: 5730000 | Q61: =+O61-P61 -> -1196000 | R61: =+'202501anual'!H129 -> 2134000 | T61: =+R61-S61 -> 2134000 | AA61: =+C61+F61+I61+L61+O61+R61 -> 13170000 | AB61: =+D61+G61+J61+M61+P61+S61 -> 12102000 | AC61: =+AA61-AB61 -> 1068000 | AD61: =+AC61/AA61*100 -> 8.1093394
A62: celebración día del trabajo | E62: =+C62-D62 -> 0 | F62: =+'202501anual'!#REF! -> #REF! | H62: =+F62-G62 -> #REF! | I62: =+'202501anual'!#REF! -> #REF! | K62: =+I62-J62 -> #REF! | L62: =+'202501anual'!#REF! -> #REF! | N62: =+L62-M62 -> #REF! | O62: =+'202501anual'!#REF! -> #REF! | Q62: =+O62-P62 -> #REF! | R62: =+'202501anual'!#REF! -> #REF! | T62: =+R62-S62 -> #REF! | AA62: =+C62+F62+I62+L62+O62+R62 -> #REF! | AB62: =+D62+G62+J62+M62+P62+S62 -> 0 | AC62: =+AA62-AB62 -> #REF! | AD62: =+AC62/AA62*100 -> #REF!
A63: Servicios de vigilancia privada | E63: =+C63-D63 -> 0 | F63: =+'202501anual'!#REF! -> #REF! | H63: =+F63-G63 -> #REF! | I63: =+'202501anual'!#REF! -> #REF! | K63: =+I63-J63 -> #REF! | L63: =+'202501anual'!#REF! -> #REF! | N63: =+L63-M63 -> #REF! | O63: =+'202501anual'!#REF! -> #REF! | Q63: =+O63-P63 -> #REF! | R63: =+'202501anual'!#REF! -> #REF! | T63: =+R63-S63 -> #REF! | AA63: =+C63+F63+I63+L63+O63+R63 -> #REF! | AB63: =+D63+G63+J63+M63+P63+S63 -> 0 | AC63: =+AA63-AB63 -> #REF! | AD63: =+AC63/AA63*100 -> #REF!
A64: Mantenimiento y pintura de sede administrativa | B64: 32400000 | C64: 2700000 | D64: 2112800 | E64: =+C64-D64 -> 587200 | F64: =+'202501anual'!D130 -> 0 | H64: =+F64-G64 -> 0 | I64: =+'202501anual'!E130 -> 1200000 | K64: =+I64-J64 -> 1200000 | L64: =+'202501anual'!F130 -> 950000 | M64: 0 | N64: =+L64-M64 -> 950000 | O64: =+'202501anual'!G130 -> 0 | P64: 0 | Q64: =+O64-P64 -> 0 | R64: =+'202501anual'!H130 -> 0 | T64: =+R64-S64 -> 0 | AA64: =+C64+F64+I64+L64+O64+R64 -> 4850000 | AB64: =+D64+G64+J64+M64+P64+S64 -> 2112800 | AC64: =+AA64-AB64 -> 2737200 | AD64: =+AC64/AA64*100 -> 56.437113
A65: Psicologo | B65: 11550000 | C65: 0 | D65: 0 | E65: =+C65-D65 -> 0 | F65: =+'202501anual'!D131 -> 0 | H65: =+F65-G65 -> 0 | I65: =+'202501anual'!E131 -> 1000000 | J65: 1762283 | K65: =+I65-J65 -> -762283 | L65: =+'202501anual'!F131 -> 0 | M65: 2635657.8 | N65: =+L65-M65 -> -2635657.8 | O65: =+'202501anual'!G131 -> 8000000 | P65: 0 | Q65: =+O65-P65 -> 8000000 | R65: =+'202501anual'!H131 -> 6500000 | T65: =+R65-S65 -> 6500000 | AA65: =+C65+F65+I65+L65+O65+R65 -> 15500000 | AB65: =+D65+G65+J65+M65+P65+S65 -> 4397940.8 | AC65: =+AA65-AB65 -> 11102059 | AD65: 0
A66: Profesional Financiero | B66: 36000000 | C66: 3000000 | D66: 0 | E66: =+C66-D66 -> 3000000 | F66: =+'202501anual'!D132 -> 0 | H66: =+F66-G66 -> 0 | I66: =+'202501anual'!E132 -> 0 | K66: =+I66-J66 -> 0 | L66: =+'202501anual'!F132 -> 0 | M66: 0 | N66: =+L66-M66 -> 0 | O66: =+'202501anual'!G132 -> 0 | P66: 0 | Q66: =+O66-P66 -> 0 | R66: =+'202501anual'!H132 -> 0 | T66: =+R66-S66 -> 0 | AA66: =+C66+F66+I66+L66+O66+R66 -> 3000000 | AB66: =+D66+G66+J66+M66+P66+S66 -> 0 | AC66: =+AA66-AB66 -> 3000000 | AD66: =+AC66/AA66*100 -> 100
A67: Recaudos | B67: 36000000 | C67: 1500000 | D67: 2126080 | E67: =+C67-D67 -> -626080 | F67: =+'202501anual'!D133 -> 4600000 | G67: 2078688 | H67: =+F67-G67 -> 2521312 | I67: =+'202501anual'!E133 -> 4600000 | J67: =+[6]EjecucionPptalPasiva!$Q$398 -> 1686820 | K67: =+I67-J67 -> 2913180 | L67: =+'202501anual'!F133 -> 4600000 | M67: =+[5]EjecucionPptalPasiva!$Q$398 -> 705004 | N67: =+L67-M67 -> 3894996 | O67: =+'202501anual'!G133 -> 4600000 | P67: =102312+708000 -> 810312 | Q67: =+O67-P67 -> 3789688 | R67: =+'202501anual'!H133 -> 4600000 | T67: =+R67-S67 -> 4600000 | AA67: =+C67+F67+I67+L67+O67+R67 -> 24500000 | AB67: =+D67+G67+J67+M67+P67+S67 -> 7406904 | AC67: =+AA67-AB67 -> 17093096 | AD67: =+AC67/AA67*100 -> 69.767739
A68: Gastos legales: Cámara de comercio, notariales, ocre | B68: 4000000 | C68: 1500000 | D68: 7200 | E68: =+C68-D68 -> 1492800 | F68: =+'202501anual'!D134 -> 100000 | H68: =+F68-G68 -> 100000 | I68: =+'202501anual'!E134 -> 100000 | J68: =+[6]EjecucionPptalPasiva!$Q$275+[6]EjecucionPptalPasiva!$Q$282 -> 4967400 | K68: =+I68-J68 -> -4867400 | L68: =+'202501anual'!F134 -> 100000 | M68: =+[5]EjecucionPptalPasiva!$Q$275 -> 118960 | N68: =+L68-M68 -> -18960 | O68: =+'202501anual'!G134 -> 100000 | P68: 0 | Q68: =+O68-P68 -> 100000 | R68: =+'202501anual'!H134 -> 100000 | T68: =+R68-S68 -> 100000 | AA68: =+C68+F68+I68+L68+O68+R68 -> 2000000 | AB68: =+D68+G68+J68+M68+P68+S68 -> 5093560 | AC68: =+AA68-AB68 -> -3093560 | AD68: =+AC68/AA68*100 -> -154.678
A69: Actualizacion regulatoria | B69: 7000000 | C69: 0 | D69: 0 | E69: =+C69-D69 -> 0 | F69: =+'202501anual'!#REF! -> #REF! | H69: =+F69-G69 -> #REF! | I69: =+'202501anual'!#REF! -> #REF! | K69: =+I69-J69 -> #REF! | L69: =+'202501anual'!#REF! -> #REF! | M69: 0 | N69: =+L69-M69 -> #REF! | O69: =+'202501anual'!#REF! -> #REF! | P69: 0 | Q69: =+O69-P69 -> #REF! | R69: =+'202501anual'!#REF! -> #REF! | T69: =+R69-S69 -> #REF! | AA69: =+C69+F69+I69+L69+O69+R69 -> #REF! | AB69: =+D69+G69+J69+M69+P69+S69 -> 0 | AC69: =+AA69-AB69 -> #REF! | AD69: 0
A70: Revison y acuañizacionmanuales corporativos y normograma | B70: 7000000 | C70: 0 | D70: 0 | E70: =+C70-D70 -> 0 | F70: =+'202501anual'!D137 -> 2000000 | H70: =+F70-G70 -> 2000000 | I70: =+'202501anual'!E137 -> 2000000 | K70: =+I70-J70 -> 2000000 | L70: =+'202501anual'!F137 -> 2000000 | M70: 0 | N70: =+L70-M70 -> 2000000 | O70: =+'202501anual'!G137 -> 2000000 | P70: 0 | Q70: =+O70-P70 -> 2000000 | R70: =+'202501anual'!H137 -> 2000000 | T70: =+R70-S70 -> 2000000 | AA70: =+C70+F70+I70+L70+O70+R70 -> 10000000 | AB70: =+D70+G70+J70+M70+P70+S70 -> 0 | AC70: =+AA70-AB70 -> 10000000 | AD70: 0
A71: Diseñador grafico actualizacion manual de identidad corporativa | B71: 4000000 | C71: 0 | D71: 0 | E71: =+C71-D71 -> 0 | F71: =+'202501anual'!D138 -> 0 | H71: =+F71-G71 -> 0 | I71: =+'202501anual'!E138 -> 5000000 | K71: =+I71-J71 -> 5000000 | L71: =+'202501anual'!F138 -> 3000000 | M71: 0 | N71: =+L71-M71 -> 3000000 | O71: =+'202501anual'!G138 -> 0 | P71: 0 | Q71: =+O71-P71 -> 0 | R71: =+'202501anual'!H138 -> 5000000 | T71: =+R71-S71 -> 5000000 | AA71: =+C71+F71+I71+L71+O71+R71 -> 13000000 | AB71: =+D71+G71+J71+M71+P71+S71 -> 0 | AC71: =+AA71-AB71 -> 13000000 | AD71: 0
A72: Alquiler de mulas y vehículos de transporte | B72: 64800000 | C72: 5400000 | D72: 5451000 | E72: =+C72-D72 -> -51000 | F72: =+'202501anual'!D139 -> 0 | G72: 2725500 | H72: =+F72-G72 -> -2725500 | I72: =+'202501anual'!E139 -> 800000 | J72: =+[6]EjecucionPptalPasiva!$Q$284 -> 7994800 | K72: =+I72-J72 -> -7194800 | L72: =+'202501anual'!F139 -> 800000 | M72: =+[5]EjecucionPptalPasiva!$Q$284 -> 5451000 | N72: =+L72-M72 -> -4651000 | O72: =+'202501anual'!G139 -> 800000 | P72: 5451000 | Q72: =+O72-P72 -> -4651000 | R72: =+'202501anual'!H139 -> 800000 | T72: =+R72-S72 -> 800000 | AA72: =+C72+F72+I72+L72+O72+R72 -> 8600000 | AB72: =+D72+G72+J72+M72+P72+S72 -> 27073300 | AC72: =+AA72-AB72 -> -18473300 | AD72: =+AC72/AA72*100 -> -214.80581
A73: Suministros de alimentación, refrigerios e hidratación | B73: 27600000 | C73: 2300000 | D73: 0 | E73: =+C73-D73 -> 2300000 | F73: =+'202501anual'!D150 -> 0 | H73: =+F73-G73 -> 0 | I73: =+'202501anual'!E150 -> 0 | J73: =+[6]EjecucionPptalPasiva!$Q$278 -> 602000 | K73: =+I73-J73 -> -602000 | L73: =+'202501anual'!F150 -> 0 | M73: 0 | N73: =+L73-M73 -> 0 | O73: =+'202501anual'!G150 -> 0 | P73: 0 | Q73: =+O73-P73 -> 0 | R73: =+'202501anual'!H150 -> 0 | T73: =+R73-S73 -> 0 | AA73: =+C73+F73+I73+L73+O73+R73 -> 2300000 | AB73: =+D73+G73+J73+M73+P73+S73 -> 602000 | AC73: =+AA73-AB73 -> 1698000 | AD73: =+AC73/AA73*100 -> 73.826087
A74: Asesoria y argue sui | B74: 36000000 | C74: 3000000 | D74: 0 | E74: =+C74-D74 -> 3000000 | F74: =+'202501anual'!D151 -> 0 | H74: =+F74-G74 -> 0 | I74: =+'202501anual'!E151 -> 0 | K74: =+I74-J74 -> 0 | L74: =+'202501anual'!F151 -> 0 | M74: 0 | N74: =+L74-M74 -> 0 | O74: =+'202501anual'!G151 -> 0 | P74: 0 | Q74: =+O74-P74 -> 0 | R74: =+'202501anual'!H151 -> 0 | T74: =+R74-S74 -> 0 | AA74: =+C74+F74+I74+L74+O74+R74 -> 3000000 | AB74: =+D74+G74+J74+M74+P74+S74 -> 0 | AC74: =+AA74-AB74 -> 3000000 | AD74: =+AC74/AA74*100 -> 100
A75: Industria y comercio | B75: 18823282 | C75: 224000 | D75: 0 | E75: =+C75-D75 -> 224000 | F75: =+'202501anual'!#REF! -> #REF! | H75: =+F75-G75 -> #REF! | I75: =+'202501anual'!#REF! -> #REF! | K75: =+I75-J75 -> #REF! | L75: =+'202501anual'!#REF! -> #REF! | M75: 0 | N75: =+L75-M75 -> #REF! | O75: =+'202501anual'!#REF! -> #REF! | P75: 0 | Q75: =+O75-P75 -> #REF! | R75: =+'202501anual'!#REF! -> #REF! | T75: =+R75-S75 -> #REF! | AA75: =+C75+F75+I75+L75+O75+R75 -> #REF! | AB75: =+D75+G75+J75+M75+P75+S75 -> 0 | AC75: =+AA75-AB75 -> #REF! | AD75: =+AC75/AA75*100 -> #REF!
A76: Gastos de viaje | B76: 14400000 | C76: 1200000 | D76: 4473800 | E76: =+C76-D76 -> -3273800 | F76: =+'202501anual'!D152 -> 2000000 | G76: 1256880 | H76: =+F76-G76 -> 743120 | I76: =+'202501anual'!E152 -> 2000000 | J76: =+[6]EjecucionPptalPasiva!$Q$279 -> 2009690 | K76: =+I76-J76 -> -9690 | L76: =+'202501anual'!F152 -> 2000000 | M76: 0 | N76: =+L76-M76 -> 2000000 | O76: =+'202501anual'!G152 -> 2000000 | P76: 0 | Q76: =+O76-P76 -> 2000000 | R76: =+'202501anual'!H152 -> 2000000 | T76: =+R76-S76 -> 2000000 | AA76: =+C76+F76+I76+L76+O76+R76 -> 11200000 | AB76: =+D76+G76+J76+M76+P76+S76 -> 7740370 | AC76: =+AA76-AB76 -> 3459630 | AD76: =+AC76/AA76*100 -> 30.889554
A77: Otros gastos administrativos | B77: 7798000 | C77: 519000 | D77: 0 | E77: =+C77-D77 -> 519000 | F77: =+'202501anual'!#REF! -> #REF! | G77: 530000 | H77: =+F77-G77 -> #REF! | I77: =+'202501anual'!#REF! -> #REF! | J77: =+[6]EjecucionPptalPasiva!$Q$231 -> 1918811 | K77: =+I77-J77 -> #REF! | L77: =+'202501anual'!#REF! -> #REF! | M77: =+[5]EjecucionPptalPasiva!$O$231 -> 634434 | N77: =+L77-M77 -> #REF! | O77: =+'202501anual'!#REF! -> #REF! | P77: =1190185 -> 1190185 | Q77: =+O77-P77 -> #REF! | R77: =+'202501anual'!#REF! -> #REF! | T77: =+R77-S77 -> #REF! | AA77: =+C77+F77+I77+L77+O77+R77 -> #REF! | AB77: =+D77+G77+J77+M77+P77+S77 -> 4273430 | AC77: =+AA77-AB77 -> #REF! | AD77: =+AC77/AA77*100 -> #REF!
A78: Gravamen a los movimientos financieros | B78: 54736747 | C78: 5061458.5 | D78: 1210918 | E78: =+C78-D78 -> 3850540.5 | F78: =+'202501anual'!D153 -> 2750000 | G78: 3835014 | H78: =+F78-G78 -> -1085014 | I78: =+'202501anual'!E153 -> 2750000 | J78: 2178767 | K78: =+I78-J78 -> 571233 | L78: =+'202501anual'!F153 -> 2750000 | M78: =+[5]EjecucionPptalPasiva!$Q$298 -> 3478598 | N78: =+L78-M78 -> -728598 | O78: =+'202501anual'!G153 -> 2750000 | P78: 2819448 | Q78: =+O78-P78 -> -69448 | R78: =+'202501anual'!H153 -> 2750000 | T78: =+R78-S78 -> 2750000 | AA78: =+C78+F78+I78+L78+O78+R78 -> 18811459 | AB78: =+D78+G78+J78+M78+P78+S78 -> 13522745 | AC78: =+AA78-AB78 -> 5288713.5 | AD78: =+AC78/AA78*100 -> 28.114319
A79: Camp-de sensi-y concient PUEAA (inc-materiales) | B79: 36000000 | C79: 3000000 | D79: 0 | E79: =+C79-D79 -> 3000000 | F79: =+'202501anual'!D154 -> 0 | H79: =+F79-G79 -> 0 | I79: =+'202501anual'!E154 -> 0 | K79: =+I79-J79 -> 0 | L79: =+'202501anual'!F154 -> 0 | M79: 0 | N79: =+L79-M79 -> 0 | O79: =+'202501anual'!G154 -> 4000000 | P79: 0 | Q79: =+O79-P79 -> 4000000 | R79: =+'202501anual'!H154 -> 0 | T79: =+R79-S79 -> 0 | AA79: =+C79+F79+I79+L79+O79+R79 -> 7000000 | AB79: =+D79+G79+J79+M79+P79+S79 -> 0 | AC79: =+AA79-AB79 -> 7000000 | AD79: =+AC79/AA79*100 -> 100
A80: Implementacion gestión documental | B80: 15000000 | C80: 0 | D80: 0 | E80: =+C80-D80 -> 0 | F80: =+'202501anual'!D155 -> 1400000 | H80: =+F80-G80 -> 1400000 | I80: =+'202501anual'!E155 -> 1400000 | K80: =+I80-J80 -> 1400000 | L80: =+'202501anual'!F155 -> 1430000 | M80: 0 | N80: =+L80-M80 -> 1430000 | O80: =+'202501anual'!G155 -> 1400000 | P80: 0 | Q80: =+O80-P80 -> 1400000 | R80: =+'202501anual'!H155 -> 1400000 | T80: =+R80-S80 -> 1400000 | AA80: =+C80+F80+I80+L80+O80+R80 -> 7030000 | AB80: =+D80+G80+J80+M80+P80+S80 -> 0 | AC80: =+AA80-AB80 -> 7030000 | AD80: 0
A81: Señalética | B81: 12000000 | C81: 0 | D81: 0 | E81: =+C81-D81 -> 0 | F81: =+'202501anual'!D156 -> 0 | H81: =+F81-G81 -> 0 | I81: =+'202501anual'!E156 -> 0 | K81: =+I81-J81 -> 0 | L81: =+'202501anual'!F156 -> 0 | M81: 0 | N81: =+L81-M81 -> 0 | O81: =+'202501anual'!G156 -> 0 | P81: 0 | Q81: =+O81-P81 -> 0 | R81: =+'202501anual'!H156 -> 0 | T81: =+R81-S81 -> 0 | AA81: =+C81+F81+I81+L81+O81+R81 -> 0 | AB81: =+D81+G81+J81+M81+P81+S81 -> 0 | AC81: =+AA81-AB81 -> 0 | AD81: 0
A82: Otros gastos logísticos | E82: =+C82-D82 -> 0 | F82: =+'202501anual'!D157 -> 870000 | H82: =+F82-G82 -> 870000 | I82: =+'202501anual'!E157 -> 870000 | K82: =+I82-J82 -> 870000 | L82: =+'202501anual'!F157 -> 870000 | N82: =+L82-M82 -> 870000 | O82: =+'202501anual'!G157 -> 870000 | Q82: =+O82-P82 -> 870000 | R82: =+'202501anual'!H157 -> 870000 | T82: =+R82-S82 -> 870000 | AA82: =+C82+F82+I82+L82+O82+R82 -> 4350000 | AB82: =+D82+G82+J82+M82+P82+S82 -> 0 | AC82: =+AA82-AB82 -> 4350000 | AD82: =+AC82/AA82*100 -> 100
A83: Gastos de representacion | B83: 26000000 | C83: 2000000 | D83: 0 | E83: =+C83-D83 -> 2000000 | F83: =+'202501anual'!D158 -> 100000 | H83: =+F83-G83 -> 100000 | I83: =+'202501anual'!E158 -> 100000 | K83: =+I83-J83 -> 100000 | L83: =+'202501anual'!F158 -> 100000 | M83: 0 | N83: =+L83-M83 -> 100000 | O83: =+'202501anual'!G158 -> 100000 | P83: 0 | Q83: =+O83-P83 -> 100000 | R83: =+'202501anual'!H158 -> 100000 | T83: =+R83-S83 -> 100000 | AA83: =+C83+F83+I83+L83+O83+R83 -> 2500000 | AB83: =+D83+G83+J83+M83+P83+S83 -> 0 | AC83: =+AA83-AB83 -> 2500000 | AD83: =+AC83/AA83*100 -> 100
A84: Impuesto Industria y comercio 7X1000 Ingresos | E84: =+C84-D84 -> 0 | F84: =+'202501anual'!D159 -> 2500000 | H84: =+F84-G84 -> 2500000 | I84: =+'202501anual'!E159 -> 2500000 | K84: =+I84-J84 -> 2500000 | L84: =+'202501anual'!F159 -> 2500000 | N84: =+L84-M84 -> 2500000 | O84: =+'202501anual'!G159 -> 2500000 | Q84: =+O84-P84 -> 2500000 | R84: =+'202501anual'!H159 -> 2500000 | T84: =+R84-S84 -> 2500000 | AA84: =+C84+F84+I84+L84+O84+R84 -> 12500000 | AB84: =+D84+G84+J84+M84+P84+S84 -> 0 | AC84: =+AA84-AB84 -> 12500000 | AD84: =+AC84/AA84*100 -> 100
A85: Revisoria fiscal 2SMLMV | B85: 25200000 | C85: 2100000 | D85: 2320000 | E85: =+C85-D85 -> -220000 | F85: =+'202501anual'!D160 -> 2992500 | G85: 3230000 | H85: =+F85-G85 -> -237500 | I85: =+'202501anual'!E160 -> 2992500 | J85: 2320000 | K85: =+I85-J85 -> 672500 | L85: =+'202501anual'!F160 -> 2992500 | M85: 2320000 | N85: =+L85-M85 -> 672500 | O85: =+'202501anual'!G160 -> 2992500 | P85: 2320000 | Q85: =+O85-P85 -> 672500 | R85: =+'202501anual'!H160 -> 2992500 | T85: =+R85-S85 -> 2992500 | AA85: =+C85+F85+I85+L85+O85+R85 -> 17062500 | AB85: =+D85+G85+J85+M85+P85+S85 -> 12510000 | AC85: =+AA85-AB85 -> 4552500 | AD85: =+AC85/AA85*100 -> 26.681319
A86: Agente Especial | B86: 709140000 | C86: 59095000 | D86: 53576000 | E86: =+C86-D86 -> 5519000 | F86: =+'202501anual'!D161 -> 17248171 | G86: 53576000 | H86: =+F86-G86 -> -36327829 | I86: =+'202501anual'!E161 -> 17248171 | J86: 53576000 | K86: =+I86-J86 -> -36327829 | L86: =+'202501anual'!F161 -> 17248171 | M86: 53576000 | N86: =+L86-M86 -> -36327829 | O86: =+'202501anual'!G161 -> 17248171 | P86: 53576000 | Q86: =+O86-P86 -> -36327829 | R86: =+'202501anual'!H161 -> 17248171 | T86: =+R86-S86 -> 17248171 | AA86: =+C86+F86+I86+L86+O86+R86 -> 145335856 | AB86: =+D86+G86+J86+M86+P86+S86 -> 267880000 | AC86: =+AA86-AB86 -> -122544144 | AD86: =+AC86/AA86*100 -> -84.317902
A87: Total Gastos Comerciales y de Administracion | B87: =SUM(B35:B86) -> 2441516142 | C87: =SUM(C35:C86) -> 1.7978536e+08 | D87: =SUM(D35:D86) -> 131905273 | E87: =SUM(E35:E86) -> 47880087 | F87: =SUM(F35:F86) -> #REF! | G87: =SUM(G35:G86) -> 144410432 | H87: =SUM(H35:H86) -> #REF! | I87: =SUM(I35:I86) -> #REF! | ... AC87: =SUM(AC35:AC86) -> #REF! | AD87: =+AC87/AA87 -> #REF! | AE87: =+H87/F87 -> #REF!
A88: Total Costos de Funcionamiento AAA | B88: =+B87+B34+B24 -> 13708301636 | C88: =+C87+C34+C24 -> 1.2326366e+09 | D88: =+D87+D34+D24 -> 3.3471739e+08 | E88: =+E87+E34+E24 -> 8.9791916e+08 | F88: =+F87+F34+F24 -> #REF! | G88: =+G87+G34+G24 -> 5.0269258e+08 | H88: =+H87+H34+H24 -> #REF! | I88: =+I87+I34+I24 -> #REF! | ... AC88: =+AC87+AC34+AC24 -> #REF! | AD88: =+AC88/AA88 -> #REF! | AE88: =+H88/F88 -> #REF! | AF88: =+Q87/O87*100 -> #REF!
A89: Deficit | B89: =+B12-B88 -> -9.2742996e+09 | C89: =+C12-C88 -> -8.516442e+08 | D89: =+D12-D88 -> -2.9969899e+08 | E89: =+E12-E88 -> -5.5194521e+08 | F89: =+F12-F88 -> #REF! | G89: =+G12-G88 -> -4.6893078e+08 | H89: =+H12-H88 -> #REF! | I89: =+I12-I88 -> #REF! | ... AC89: =+AC12-AC88 -> #REF! | AD89: =+AC89/AA89 -> #REF! | AE89: =+H89/F89 -> #REF!
R90: =+'202501anual'!H164-9590000000 -> -9.0293553e+09
P91: =+P88/O88*100 -> #REF! | AB91: =+D89+G89+J89+M89+P89+S89 -> #REF! | AI91: =+#REF! -> #REF!
R92: =+C88+F88+I88+L88+O88+R88 -> #REF! | AB92: =+C88+F88+I88+L88+O88+R88 -> #REF! | AI92: =815000000*1.07 -> 872050000
AB93: =+E89+H89+K89+N89+Q89+S89 -> #REF! | AI93: -1173139539
AI94: -272818809 | AJ94: 371527244 | AK94: =+AJ94+AI94 -> 98708435
AI95: =-(2000000-1920114)*12 -> -958632
AI96: -49700000
AI97: =-AC33 -> #REF!
AI98: =-AC81 -> 0
AI99: =+AH23 -> 0
AI100: =SUM(AI91:AI99) -> #REF!
AI101: =+AI100-AC89 -> #REF!

Sheet 202501anual
A1: PROVIDENCE AND KETTLINA UTILITIES COMPANY SAS. NIT.901352888-1
A5: Concepto | B5: Año 2026 | C5: Enero | D5: Febrero | E5: Marzo | F5: Abril | G5: Mayo | H5: Junio | I5: Julio | J5: Agosto | K5: Sept | L5: Oct | M5: Noviembre | N5: Diciembre | O5: Presupuesto acumulado
A6: Cargo fijo acueducto | B6: =+[7]Ppto!$G$5 -> 805104720 | C6: 24907260 | D6: =+[8]Ppto!$J$5 -> 67092060 | E6: =+[8]Ppto!$J$5 -> 67092060 | F6: 24907260 | G6: =+F6 -> 24907260 | H6: 24907260 | I6: 24907260 | J6: 24907260 | K6: 24907260 | L6: 24907260 | M6: 24907260 | N6: 24907260 | O6: =SUM(C6:N6) -> 3.8325672e+08
A7: Cargo variable acueducto | B7: 0 | C7: 73174394 | D7: 0 | E7: 0 | F7: 73174394 | G7: =+F7 -> 73174394 | H7: 73174394 | I7: 73174394 | J7: 73174394 | K7: 73174394 | L7: 73174394 | M7: 73174394 | N7: 73174394 | O7: =SUM(C7:N7) -> 7.3174394e+08
A8: Ingresos por conexiones nuevas | B8: 0 | C8: 1590000 | D8: 0 | E8: 0 | F8: 1590000 | G8: =+F8 -> 1590000 | H8: 1590000 | I8: 1590000 | J8: 1590000 | K8: 1590000 | L8: 1590000 | M8: 1590000 | N8: 1590000 | O8: =SUM(C8:N8) -> 15900000
A9: Suspenciones y reconexiones | B9: 0 | C9: 1000000 | D9: 0 | E9: 0 | F9: 1000000 | G9: =+F9 -> 1000000 | H9: 1000000 | I9: 1000000 | J9: 1000000 | K9: 1000000 | L9: 1000000 | M9: 1000000 | N9: 1000000 | O9: =SUM(C9:N9) -> 10000000
A10: Aseo | B10: =+[7]Ppto!$G$6 -> 1445419200 | C10: 89250000 | D10: =+[8]Ppto!$J$6 -> 119170200 | E10: =+[8]Ppto!$J$6 -> 119170200 | F10: 89250000 | G10: =+F10 -> 89250000 | H10: 89250000 | I10: 89250000 | J10: 89250000 | K10: 89250000 | L10: 89250000 | M10: 89250000 | N10: 89250000 | O10: =SUM(C10:N10) -> 1130840400
A11: =+'[9]Planeación 2024 P&K Hoja de W'!$C$10 -> Cargo fijo alcantarillado | B11: 0 | C11: 300526.71 | D11: =+[8]Ppto!$J$7 -> 581250 | E11: =+[8]Ppto!$J$7 -> 581250 | F11: 300526.71 | G11: =+F11 -> 300526.71 | H11: 300526.71 | I11: 300526.71 | J11: 300526.71 | K11: 300526.71 | L11: 300526.71 | M11: 300526.71 | N11: 300526.71 | O11: =SUM(C11:N11) -> 4167767.1
A12: =+'[9]Planeación 2024 P&K Hoja de W'!$C$11 -> Cargo variable alcantarillado | B12: =+[7]Ppto!$G$7 -> 6975000 | C12: 509060.85 | D12: 0 | E12: 0 | F12: 509060.85 | G12: =+F12 -> 509060.85 | H12: 509060.85 | I12: 509060.85 | J12: 509060.85 | K12: 509060.85 | L12: 509060.85 | M12: 509060.85 | N12: 509060.85 | O12: =SUM(C12:N12) -> 5090608.5
A13: Recuperacion de cartera | B13: =+[7]Ppto!$G$8 -> 71800000 | C13: 2500000 | D13: =+[8]Ppto!$J$8 -> 3800000 | E13: =+[8]Ppto!$J$8 -> 3800000 | F13: 8000000 | G13: =+F13 -> 8000000 | H13: 8000000 | I13: 8000000 | J13: 8000000 | K13: 8000000 | L13: 8000000 | M13: 8000000 | N13: 8000000 | O13: =SUM(C13:N13) -> 82100000
A14: Contratos Mutuos - Fondo Empresarial | B14: =+[7]Ppto!$G$10 -> 4.3806657e+09 | E14: 0 | G14: =+F14 -> 0 | I14: 0 | J14: 1.9062791e+09 | K14: 0 | L14: 0 | M14: 0 | N14: 0 | O14: =SUM(C14:N14) -> 1.9062791e+09 | P14: =SUM(H6:N13) -> 1.3911187e+09
A15: Total Ingresos | B15: =SUM(B6:B14) -> 6.7099646e+09 | C15: =SUM(C6:C14) -> 1.9323124e+08 | D15: =SUM(D6:D14) -> 190643510 | E15: =SUM(E6:E14) -> 190643510 | F15: =SUM(F6:F14) -> 1.9873124e+08 | G15: =SUM(G6:G14) -> 1.9873124e+08 | H15: =SUM(H6:H14) -> 1.9873124e+08 | I15: =SUM(I6:I14) -> 1.9873124e+08 | ... O15: =SUM(O6:O14) -> 4.2693786e+09
A16: Personal Ac | B16: =+[7]Ppto!$H$53 -> 967711968 | C16: =+B16/12 -> 80642664 | D16: =+C16 -> 80642664 | E16: =+D16 -> 80642664 | F16: =+E16 -> 80642664 | G16: =+F16 -> 80642664 | H16: =+G16 -> 80642664 | I16: =+H16 -> 80642664 | J16: =+I16 -> 80642664 | K16: =+J16 -> 80642664 | ... N16: =+M16 -> 80642664 | O16: =SUM(C16:N16) -> 967711968 | U16: =+[10]Resultados!$H$9-[10]Resultados!$H$24 -> 79380196
A17: Potabilizacion Ac | B17: =SUM(B18:B26) -> 328400000 | C17: =SUM(C18:C26) -> 14700000 | D17: =SUM(D18:D26) -> 14700000 | E17: =SUM(E18:E26) -> 14700000 | F17: =SUM(F18:F26) -> 41500000 | G17: =SUM(G18:G26) -> 48776000 | H17: =SUM(H18:H26) -> 33776000 | I17: =SUM(I18:I26) -> 34700000 | J17: =SUM(J18:J25) -> 46000000 | K17: =SUM(K18:K25) -> 6000000 | L17: =SUM(L18:L25) -> 38500000 | M17: =SUM(M18:M25) -> 14500000 | N17: =SUM(N18:N39) -> 46000000 | O17: =SUM(O18:O26) -> 203852000 | P17: =SUM(P18:P26) -> 4311268 | Q17: =SUM(Q18:Q26) -> 15011958 | R17: =SUM(R18:R26) -> 6842675 | S17: =SUM(S18:S26) -> 11450400 | T17: =SUM(T18:T26) -> 14682730 | U17: =SUM(U18:U26) -> 33454796 | V17: =SUM(V18:V26) -> 15311168
A18: Alquiler maq amarilla | B18: 0 | I18: 0 | L18: 0 | O18: =SUM(C18:N18) -> 0
A19: Accesorios planta | B19: 0 | F19: 0 | G19: 0 | H19: =+[8]Ppto!N139 -> 15000000 | I19: =+[8]Ppto!O139 -> 0 | J19: 0 | K19: 0 | L19: =+'[11]Planeación 2025 P&K (def Mod1)'!$R$50 -> 5000000 | O19: =SUM(C19:N19)-15000000 -> 5000000 | U19: =+[12]EjecucionPptalPasiva!$Q$219 -> 7935000 | V19: 4907900
A20: Mantenimiento generador hipoclorito, energia | B20: =+[13]EjecucionPptalPasiva!D257+[13]EjecucionPptalPasiva!D279 -> 42000000 | C20: =+[7]Ppto!Y132 -> 0 | F20: =+'[11]Planeación 2025 P&K (def Mod1)'!L$17+'[11]Planeación 2025 P&K (def Mod1)'!L$18-6200000 -> 21300000 | G20: =+[8]Ppto!$M$134 -> 0 | J20: =+'[11]Planeación 2025 P&K (def Mod1)'!$P$17 -> 20000000 | L20: =+'[11]Planeación 2025 P&K (def Mod1)'!$R$18 -> 7500000 | M20: =+'[11]Planeación 2025 P&K (def Mod1)'!$S$19 -> 2500000 | N20: =+'[11]Planeación 2025 P&K (def Mod1)'!$T$17+'[11]Planeación 2025 P&K (def Mod1)'!$T$18 -> 20000000 | O20: =SUM(C20:N20)-25000000 -> 46300000
A21: Mantenimiento electromecanico | B21: 0 | E21: 0 | F21: =+'[11]Planeación 2025 P&K (def Mod1)'!L25 -> 3000000 | G21: =+[8]Ppto!M152+[8]Ppto!M153 -> 4076000 | H21: =+[8]Ppto!N152+[8]Ppto!N153 -> 4076000 | I21: 0 | M21: =+'[11]Planeación 2025 P&K (def Mod1)'!$S$25 -> 6000000 | O21: =SUM(C21:N21) -> 17152000 | Q21: 2175600 | R21: =2175600+330000 -> 2505600 | S21: 1450400 | T21: 1813000 | U21: =+[12]EjecucionPptalPasiva!$Q$233+[12]EjecucionPptalPasiva!$Q$246 -> 3626000 | V21: 1350950
A22: Filtros Generador Hipoclorito de Sodio | B22: 0 | F22: =+'[11]Planeación 2025 P&K (def Mod1)'!L19 -> 2500000 | G22: =+[8]Ppto!$M$134 -> 0 | I22: 0 | N22: =+'[11]Planeación 2025 P&K (def Mod1)'!$T$19 -> 0 | O22: =SUM(C22:N22) -> 2500000
A23: Insumos químicos y reactivos (sal, AHC, polímero) | B23: =+[13]EjecucionPptalPasiva!D256 -> 110000000 | C23: =+[7]Ppto!Y138 -> 0 | E23: 0 | F23: 0 | G23: =+[8]Ppto!M138 -> 30000000 | H23: =+[8]Ppto!N138 -> 0 | I23: =+[8]Ppto!O138 -> 20000000 | J23: =+'[11]Planeación 2025 P&K (def Mod1)'!P20 -> 20000000 | K23: =+'[11]Planeación 2025 P&K (def Mod1)'!Q20 -> 0 | L23: =+'[11]Planeación 2025 P&K (def Mod1)'!$R$20 -> 20000000 | M23: 0 | N23: =+'[11]Planeación 2025 P&K (def Mod1)'!$T$20 -> 20000000 | O23: =SUM(C23:N23)-12000000 -> 98000000 | Q23: 8400000 | T23: 5040000
A24: Conexión | B24: 0 | D24: 0 | I24: 0 | O24: =SUM(C24:N24)-12000000 -> -12000000
A25: Contrato laboratorio (AAA) corregir distribucion | B25: =+[13]EjecucionPptalPasiva!$D$280 -> 56400000 | C25: =+[7]Ppto!Y133 -> 4700000 | D25: =+[7]Ppto!Z133 -> 4700000 | E25: =+[7]Ppto!AA133 -> 4700000 | F25: =+[7]Ppto!AB133 -> 4700000 | G25: =+[7]Ppto!AC133 -> 4700000 | H25: =+[7]Ppto!AD133 -> 4700000 | I25: =+[7]Ppto!AE133 -> 4700000 | J25: =+'[11]Planeación 2025 P&K (def Mod1)'!P24 -> 6000000 | K25: =+'[11]Planeación 2025 P&K (def Mod1)'!Q24 -> 6000000 | L25: =+'[11]Planeación 2025 P&K (def Mod1)'!$R$24 -> 6000000 | M25: =+'[11]Planeación 2025 P&K (def Mod1)'!$S$24 -> 6000000 | N25: =+'[11]Planeación 2025 P&K (def Mod1)'!$S$24 -> 6000000 | O25: =SUM(C25:N25)-16000000 -> 46900000 | P25: 4311268 | Q25: 4436358 | R25: 4337075 | U25: =+[12]EjecucionPptalPasiva!$Q$247 -> 13172113
A26: Energia | B26: =+[13]EjecucionPptalPasiva!D278 -> 120000000 | C26: =+[7]Ppto!Y117 -> 10000000 | D26: =+[7]Ppto!Z117 -> 10000000 | E26: =+[7]Ppto!AA117 -> 10000000 | F26: =+[7]Ppto!AB117 -> 10000000 | G26: =+[7]Ppto!AC117 -> 10000000 | H26: =+[7]Ppto!AD117 -> 10000000 | I26: =+[8]Ppto!$O$117 -> 10000000 | S26: 10000000 | T26: 7829730 | U26: =+[12]EjecucionPptalPasiva!$Q$245 -> 8721683 | V26: 9052318
O27: =SUM(C27:N27) -> 0
A28: Distribuccion Ac | B28: =SUM(B29:B36) -> 55900000 | C28: =SUM(C29:C36) -> 0 | D28: =SUM(D29:D36) -> 2000000 | E28: =SUM(E29:E36) -> 7000000 | F28: =SUM(F29:F36) -> 9100000 | G28: =SUM(G29:G36) -> 9100000 | H28: =SUM(H29:H36) -> 8100000 | I28: =SUM(I29:I36) -> 4100000 | ... S28: =SUM(S29:S36) -> 0 | U28: =SUM(U29:U36) -> 0 | V28: =SUM(V29:V36) -> 3800000
A29: Arrendamiento compresor | B29: =+[13]EjecucionPptalPasiva!$D$281 -> 15000000 | E29: =+[8]Ppto!$K$140 -> 5000000 | F29: =+[8]Ppto!K140 -> 5000000 | G29: =+[8]Ppto!L140 -> 5000000 | H29: =+[8]Ppto!N140 -> 0
A30: Mantenimiento conectividad tanques | B30: 0 | C30: =+B30/12 -> 0 | D30: =+C30 -> 0 | E30: =+D30 -> 0 | F30: 0 | G30: 0 | H30: 0 | I30: =+H30 -> 0 | J30: =+I30 -> 0 | K30: =+J30 -> 0 | L30: =+K30 -> 0 | M30: =+L30 -> 0 | N30: =+M30 -> 0 | O30: =SUM(C30:N30)+11000000 -> 11000000
A31: Mantenimiento redes | B31: 0 | C31: =+B31/12 -> 0 | D31: =+C31 -> 0 | E31: =+D31 -> 0 | F31: 0 | G31: 0 | H31: 0 | I31: =+H31 -> 0 | J31: =+I31 -> 0 | K31: =+J31 -> 0 | L31: =+K31 -> 0 | M31: =+L31 -> 0 | N31: =+M31 -> 0 | O31: =SUM(C31:N31)-20520000 -> -20520000
A32: Equipos trabajo confinado (rescate, ventilador) | D32: 0 | E32: 0 | O32: =SUM(C32:N32)-30000000 -> -30000000
A33: Telemetria | B33: =+[13]EjecucionPptalPasiva!$D$282 -> 18900000 | C33: =+[7]Ppto!$Y$132 -> 0 | F33: =+[8]Ppto!$L$132 -> 2100000 | G33: =+[8]Ppto!L132 -> 2100000 | H33: =+[8]Ppto!N132 -> 2100000 | I33: =+[8]Ppto!O132 -> 2100000 | V33: 3800000
A34: Calibracion medidores | B34: =+[13]EjecucionPptalPasiva!$D$283 -> 18000000 | D34: =+[8]Ppto!$J$137 -> 2000000 | E34: =+[8]Ppto!$J$137 -> 2000000 | F34: =+[8]Ppto!J137 -> 2000000 | G34: =+[8]Ppto!K137 -> 2000000 | H34: =+[8]Ppto!N137 -> 2000000 | I34: =+[8]Ppto!O137 -> 2000000
A35: Tasa ut-aguas superficiales | B35: =+[13]EjecucionPptalPasiva!$D$284 -> 4000000 | H35: =+[8]Ppto!N162 -> 4000000 | I35: =+[8]Ppto!O162 -> 0
A36: Construcción de pequeños tramos de acueducto - Vecinales | B36: 0 | H36: 0 | J36: 0 | K36: 0 | L36: 0 | M36: 0 | N36: 0 | O36: =SUM(C36:N36)+398161000 -> 398161000
O37: =SUM(C37:N37) -> 0
A38: Captacion Ac | B38: =+B39 -> 0 | C38: =+C39 -> 0 | D38: =+D39 -> 0 | E38: =+E39 -> 0 | F38: =+F39 -> 0 | G38: =+G39 -> 0 | H38: =+H39 -> 0 | I38: =+I39 -> 0 | ... Q38: =+Q39 -> 0 | V38: =+V39 -> 0
A39: Estudios compuerta Embalse Fresh Water Bay | B39: 0 | H39: 0 | I39: 0 | O39: =SUM(C39:N39)-11000000 -> -11000000
O40: =SUM(C40:N40) -> 0
A41: Comercial Ac | D41: =+'2026Ej'!F22 -> 4528764.9 | E41: =+'2026Ej'!G22 -> 5074982 | F41: 0 | G41: 0 | O41: =SUM(C41:N41) -> 9603746.9
A42: Generales/Administracion Ac | B42: =SUM(B43:B57) -> 390119700 | C42: =SUM(C43:C57) -> 1887500 | D42: =SUM(D43:D57) -> 5089000 | E42: =SUM(E43:E57) -> 62450000 | F42: =SUM(F43:F57) -> 30089000 | G42: =SUM(G43:G58) -> 33150000 | H42: =SUM(H43:H58) -> 32089000 | I42: =SUM(I43:I58) -> 28150000 | J42: =SUM(J43:J54) -> 46481000 | K42: =SUM(K43:K54) -> 56481000 | L42: =SUM(L43:L54) -> 46481000 | M42: =SUM(M43:M54) -> 40481000 | N42: =SUM(N43:N54) -> 15481000 | O42: =SUM(C42:N42)-72500000 -> 325809500 | P42: =SUM(P43:P57) -> 3070680 | Q42: =SUM(Q43:Q57) -> 26236441 | R42: =SUM(R43:R57) -> 14632579 | S42: =SUM(S43:S57) -> 32982591 | T42: =SUM(T43:T57) -> 509915 | U42: =SUM(U43:U58) -> 18506057 | V42: =SUM(V43:V58) -> 6619070
A43: Mantenimiento veh, | B43: 0 | G43: =+[8]Ppto!M151 -> 7000000 | H43: =+[8]Ppto!N151 -> 7000000 | I43: =+[8]Ppto!O151 -> 7000000 | L43: 0 | O43: =SUM(C43:N43)+15000000 -> 36000000 | V43: 429000
A44: Permiso concesion de agua | B44: =+[13]EjecucionPptalPasiva!$D$274 -> 8000000
A45: Dotación de uniformes para el personal, elementos de proteccion y bioseguridad (pantalon , camisa, zapatos, impermeables, pantaneras, chalecos reflectivos) | B45: =+[13]EjecucionPptalPasiva!$D$255 -> 25000000 | R45: 608422 | U45: =+[12]EjecucionPptalPasiva!$Q$220 -> 6329954 | V45: 5047410
A46: Accesorios acueducto | B46: =+[13]EjecucionPptalPasiva!$D$87 -> 91234000 | E46: =+[8]Ppto!$K$139 -> 30000000 | F46: 0 | G46: 0 | H46: 0 | K46: =+'[11]Planeación 2025 P&K (def Mod1)'!$Q$22 -> 10000000 | L46: 0 | N46: =+'[11]Planeación 2025 P&K (def Mod1)'!$T$50 -> 0 | O46: =SUM(C46:N46)+20000000 -> 60000000
A47: Contrato obras civiles (2025) | B47: =+[13]EjecucionPptalPasiva!$D$249 -> 150000000 | C47: 0 | D47: =+C47 -> 0 | E47: =+[8]Ppto!$K$156 -> 30000000 | F47: =+[8]Ppto!L156 -> 20000000 | G47: =+[8]Ppto!M156 -> 20000000 | H47: =+[8]Ppto!N156 -> 20000000 | I47: =+[8]Ppto!O156 -> 20000000 | J47: =+'[11]Planeación 2025 P&K (def Mod1)'!$P$23 -> 25000000 | K47: =+J47 -> 25000000 | L47: =+'[11]Planeación 2025 P&K (def Mod1)'!$R$23 -> 25000000 | M47: =+'[11]Planeación 2025 P&K (def Mod1)'!$S$23 -> 25000000 | N47: 0 | O47: =SUM(C47:N47)-100000000 -> 110000000
A48: Mantenimiento Eléctrico y Mecánico para los sistemas de AAA | B48: =+[13]EjecucionPptalPasiva!$D$254+[13]EjecucionPptalPasiva!$D$273 -> 11896500 | C48: =+[7]Ppto!$Y$152*0.25+([7]Ppto!$Y$153*0.25) -> 687500 | D48: 0 | E48: 0 | F48: 0 | G48: 0 | H48: 0 | I48: =+H48 -> 0 | J48: =+'[11]Planeación 2025 P&K (def Mod1)'!$P$25 -> 6000000 | K48: =+J48 -> 6000000 | L48: =+'[11]Planeación 2025 P&K (def Mod1)'!$R$25 -> 6000000 | M48: 0 | N48: =+M48 -> 0 | O48: =SUM(C48:N48)-7500000 -> 11187500 | P48: 688950
A49: Servicio público | B49: =+[13]EjecucionPptalPasiva!$D$275+[13]EjecucionPptalPasiva!$D$276+[13]EjecucionPptalPasiva!$D$277 -> 9739200 | C49: =+[7]Ppto!Z116+[7]Ppto!Y116 -> 300000 | D49: =+[8]Ppto!$J$115+[8]Ppto!$J$116 -> 250000 | E49: =+[8]Ppto!$J$115+[8]Ppto!$J$116 -> 250000 | F49: =+[8]Ppto!$J$115+[8]Ppto!J116 -> 250000 | G49: =+[8]Ppto!J115+[8]Ppto!K116 -> 250000 | H49: =+[8]Ppto!N115+[8]Ppto!N116 -> 250000 | I49: =+[8]Ppto!O115+[8]Ppto!O116 -> 250000 | J49: =+'[11]Planeación 2025 P&K (def Mod1)'!$N$150+'[11]Planeación 2025 P&K (def Mod1)'!$N$151+'[11]Planeación 2025 P&K (def Mod1)'!$N$152 -> 13281000 | K49: =+'[11]Planeación 2025 P&K (def Mod1)'!$N$150+'[11]Planeación 2025 P&K (def Mod1)'!$N$151+'[11]Planeación 2025 P&K (def Mod1)'!$N$152 -> 13281000 | L49: =+'[11]Planeación 2025 P&K (def Mod1)'!$R$152+'[11]Planeación 2025 P&K (def Mod1)'!$R$151+'[11]Planeación 2025 P&K (def Mod1)'!$R$150 -> 13281000 | M49: =+'[11]Planeación 2025 P&K (def Mod1)'!$S$150+'[11]Planeación 2025 P&K (def Mod1)'!$S$151+'[11]Planeación 2025 P&K (def Mod1)'!$S$152 -> 13281000 | N49: =+M49 -> 13281000 | O49: =SUM(C49:N49) -> 68205000 | P49: 311871 | Q49: 311871 | R49: 5657383 | S49: 12545637
A50: Tte | B50: =+[13]EjecucionPptalPasiva!$D$271 -> 50800000 | O50: =SUM(C50:N50) -> 0 | Q50: 24058000 | S50: 18897000 | T50: 0 | U50: =+[12]EjecucionPptalPasiva!$Q$241 -> 7845000
A51: Tasa de vertimiento | B51: =+[13]EjecucionPptalPasiva!$D$306 -> 12000000
A52: Tarjeta temporal ocre | B52: =+[13]EjecucionPptalPasiva!$D$307 -> 7500000
A53: Adecuaciones Ptap | B53: 0 | F53: =+[8]Ppto!L157 -> 5000000 | G53: =+[8]Ppto!M157 -> 5000000 | H53: =+[8]Ppto!N157 -> 0 | I53: 0
A54: Mantenimiento PTAP | B54: =+[13]EjecucionPptalPasiva!$D$246 -> 10000000 | E54: 2200000 | F54: 0 | G54: 0 | H54: 0 | I54: 0 | J54: =+'[11]Planeación 2025 P&K (def Mod1)'!P21 -> 2200000 | K54: =+'[11]Planeación 2025 P&K (def Mod1)'!Q21 -> 2200000 | L54: =+'[11]Planeación 2025 P&K (def Mod1)'!$R$21 -> 2200000 | M54: =+'[11]Planeación 2025 P&K (def Mod1)'!$S$21 -> 2200000 | N54: =+'[11]Planeación 2025 P&K (def Mod1)'!$T$21 -> 2200000
A55: Materiales | Q55: 23900 | R55: 8039200
A56: Ferreteria | D56: =+[8]Ppto!J98*60.6% -> 3939000 | F56: =+[8]Ppto!L98*60.6% -> 3939000 | G56: =+[8]Ppto!M98*60.6% -> 0 | H56: =+[8]Ppto!N98*60.6% -> 3939000 | I56: =+[8]Ppto!O98*60.6% -> 0
A57: Combustibles | B57: =+[13]EjecucionPptalPasiva!$D$253 -> 13950000 | C57: =+[7]Ppto!Y97*0.15 -> 900000 | D57: =+[8]Ppto!J97*15/100 -> 900000 | F57: =+[8]Ppto!L97*15/100 -> 900000 | G57: =+[8]Ppto!M97*15/100 -> 900000 | H57: =+[8]Ppto!N97*15/100 -> 900000 | I57: =+[8]Ppto!O97*15/100 -> 900000 | P57: 2069859 | Q57: 1842670 | R57: 327574 | S57: 1539954 | T57: 509915 | U57: =+[12]EjecucionPptalPasiva!$Q$221 -> 4331103 | V57: 1142660
A59: Subtotal Acueducto | B59: =+B42+B28+B17+B16 -> 1742131668 | C59: =+C42+C28+C17+C16 -> 97230164 | D59: =+D42+D28+D17+D16 -> 102431664 | E59: =+E42+E28+E17+E16 -> 164792664 | F59: =+F42+F28+F17+F16 -> 161331664 | G59: =+G42+G28+G17+G16 -> 171668664 | H59: =+H42+H28+H17+H16 -> 154607664 | I59: =+I42+I28+I17+I16 -> 147592664 | ... V59: =+V42+V28+V17+V16 -> 25730238
A60: Personal Alc | B60: =+[7]Ppto!$H$64 -> 51015178 | C60: =+B60/12 -> 4251264.9 | D60: =+C60 -> 4251264.9 | E60: =+D60 -> 4251264.9 | F60: =+E60 -> 4251264.9 | G60: =+F60 -> 4251264.9 | H60: =+G60 -> 4251264.9 | I60: =+H60 -> 4251264.9 | J60: =+I60 -> 4251264.9 | K60: =+J60 -> 4251264.9 | ... O60: =+N60 -> 4251264.9 | U60: =+[10]Resultados!$H$27 -> 4262650
A61: Recoleccion y transporte Alc | B61: 41029300 | C61: =287500+([7]Ppto!$Y$97*5/100) -> 587500 | D61: =+'[14]Hoja de W esta'!K154+([8]Ppto!$J$97*0.5%)+([8]Ppto!$J$98*1.5%) -> 277500 | E61: =+'[14]Hoja de W esta'!L154+([8]Ppto!$J$97*0.5%)+([8]Ppto!$J$98*1.5%) -> 277500 | F61: =+'[14]Hoja de W esta'!M154+([8]Ppto!$J$97*0.5%)+([8]Ppto!$J$98*1.5%) -> 277500 | G61: =+'[14]Hoja de W esta'!N154+([8]Ppto!M97*0.5%)+([8]Ppto!M98*1.5%) -> 180000 | H61: =+'[14]Hoja de W esta'!O154+([8]Ppto!N97*0.5%)+([8]Ppto!N98*1.5%) -> 277500 | I61: =+'[14]Hoja de W esta'!P154+([8]Ppto!O97*0.5%)+([8]Ppto!O98*1.5%)+[8]Ppto!O121 -> 330000 | J61: =+'[11]Planeación 2025 P&K (def Mod1)'!P156 -> 150000 | K61: =+'[11]Planeación 2025 P&K (def Mod1)'!Q156 -> 150000 | L61: =+'[11]Planeación 2025 P&K (def Mod1)'!$R$156 -> 150000 | M61: =+'[11]Planeación 2025 P&K (def Mod1)'!$T$156 -> 150000 | N61: =+'[11]Planeación 2025 P&K (def Mod1)'!$T$156 -> 150000 | O61: =SUM(C61:N61)-18000000 -> -15042500 | R61: 101403 | U61: =+[12]EjecucionPptalPasiva!$Q$228+[12]EjecucionPptalPasiva!$Q$229 -> 1038312 | V61: =1485000+33050 -> 1518050
A62: Subtotal Alcantarillado | B62: =SUM(B60:B61) -> 92044478 | C62: =SUM(C60:C61) -> 4838764.9 | D62: =SUM(D60:D61) -> 4528764.9 | E62: =SUM(E60:E61) -> 4528764.9 | F62: =SUM(F60:F61) -> 4528764.9 | G62: =SUM(G60:G61) -> 4431264.9 | H62: =SUM(H60:H61) -> 4528764.9 | I62: =SUM(I60:I61) -> 4581264.9 | ... V62: =SUM(V60:V61) -> 1518050
A63: Costos de Funcionamiento Operativos AA | B63: =+B62+B59 -> 1.8341761e+09 | C63: =+C62+C59 -> 1.0206893e+08 | D63: =+D62+D59 -> 1.0696043e+08 | E63: =+E62+E59 -> 1.6932143e+08 | F63: =+F62+F59 -> 1.6586043e+08 | G63: =+G62+G59 -> 1.7609993e+08 | H63: =+H62+H59 -> 1.5913643e+08 | I63: =+I62+I59 -> 1.5217393e+08 | ... V63: =+V62+V59 -> 27248288
A64: Personal | B64: =+[7]Ppto!$H$77 -> 1451607000 | C64: =+B64/12 -> 120967250 | D64: =+C64 -> 120967250 | E64: =+D64 -> 120967250 | F64: =+E64 -> 120967250 | G64: =+F64 -> 120967250 | H64: =+G64 -> 120967250 | I64: =+H64 -> 120967250 | J64: =+I64 -> 120967250 | K64: =+J64 -> 120967250 | ... O64: =+N64 -> 120967250 | U64: =+[10]Resultados!$H$41-[10]Resultados!$H$59 -> 109832411
A65: Dotación de uniformes para el personal, elementos de proteccion y bioseguridad (pantalon , camisa, zapatos, impermeables, pantaneras, chalecos reflectivos) | B65: 0 | O65: =SUM(C65:N65) -> 0 | U65: =+[12]EjecucionPptalPasiva!$Q$231 -> 13520599 | V65: 11777290
A66: Barrido vias | B66: =+B67 -> 12000000 | C66: =+C67 -> 0 | D66: =+D67 -> 0 | E66: =+E67 -> 0 | F66: =+F67 -> 0 | G66: =+G67 -> 0 | H66: =+H67 -> 0 | I66: =+I67 -> 0 | ... V66: =+V67 -> 0
A67: Comprar bolsas plásticas de color negro y blanco para el servicio de aseo de acuerdo con especificaciones y requerimientos técnicos establecidos por P&K S.A.S E.S.P., para las actividades de barrido, limpieza de áreas públicas y limpieza de playas en el municipio de providencia y santa catalina islas. | B67: =+[13]EjecucionPptalPasiva!$D$268 -> 12000000 | C67: 0 | D67: 0 | E67: 0 | F67: 0 | G67: 0 | H67: 0 | I67: 0 | J67: 0 | K67: 0 | L67: =+'[11]Planeación 2025 P&K (def Mod1)'!$R$34 -> 6000000 | M67: 0 | N67: 0 | O67: =SUM(C67:N67)-18041424 -> -12041424
A69: Recolección y Transporte | B69: =SUM(B70:B72) -> 622200000 | C69: =SUM(C70:C72) -> 51850000 | D69: =SUM(D70:D72) -> 51850000 | E69: =SUM(E70:E72) -> 51850000 | F69: =SUM(F70:F72) -> 51850000 | G69: =SUM(G70:G72) -> 51850000 | H69: =SUM(H70:H72) -> 51850000 | I69: =SUM(I70:I72) -> 51850000 | ... N69: =SUM(N70:N72) -> 52200000 | O69: =SUM(O70:O72)-33162000 -> 575945224 | P69: =SUM(P70:P72) -> 50944000 | Q69: =SUM(Q70:Q72) -> 46820000 | R69: =SUM(R70:R72) -> 50930300 | S69: =SUM(S70:S72) -> 50630000 | T69: =SUM(T70:T72) -> 50590000 | U69: =SUM(U70:U72) -> 12450300 | V69: =SUM(V70:V72) -> 132640000
A70: Prestación de servicio de maquinaria amarilla para el desarrollo de las actividades requeridas para la disposición de los residuos sólidos de acuerdo con las especificaciones y requerimientos técnicos establecidos por P&K S.A.S E.S.P., en el sitio de disposición final blue Lizard – municipio de providencia y santa catalina islas. | B70: =+[13]EjecucionPptalPasiva!$D$301 -> 480000000 | C70: =+[7]Ppto!Y141 -> 40000000 | D70: =+[7]Ppto!Z141 -> 40000000 | E70: =+[7]Ppto!AA141 -> 40000000 | F70: =+[7]Ppto!AB141 -> 40000000 | G70: =+[7]Ppto!AC141 -> 40000000 | H70: =+[7]Ppto!AD141 -> 40000000 | I70: =+[7]Ppto!AE141 -> 40000000 | J70: =+'[11]Planeación 2025 P&K (def Mod1)'!P26 -> 40000000 | K70: =+'[11]Planeación 2025 P&K (def Mod1)'!Q26 -> 40000000 | L70: =+'[11]Planeación 2025 P&K (def Mod1)'!$R$26 -> 40000000 | M70: =+'[11]Planeación 2025 P&K (def Mod1)'!$S$26+'[11]Planeación 2025 P&K (def Mod1)'!$T$28 -> 52200000 | N70: =+'[11]Planeación 2025 P&K (def Mod1)'!$S$26+'[11]Planeación 2025 P&K (def Mod1)'!$T$28 -> 52200000 | O70: =SUM(C70:N70) -> 504400000 | P70: 50944000 | Q70: 46820000 | R70: 49820000 | S70: 50630000 | T70: 50590000 | V70: 59900000
A71: Polizas | R71: 1110300 | U71: =+[12]EjecucionPptalPasiva!$Q$272 -> 1110300
A72: Prestación de servicios para la recolección y transporte marítimo de residuos sólidos ordinarios generados en la isla de santa catalina y disposición en puerto en la isla de providencia de acuerdo con las especificaciones y requerimientos técnicos establecidos por P&K SAS ESP. | B72: =+[13]EjecucionPptalPasiva!$D$300 -> 142200000 | C72: =+[7]Ppto!Y144 -> 11850000 | D72: =+[7]Ppto!Z144 -> 11850000 | E72: =+[7]Ppto!AA144 -> 11850000 | F72: =+[7]Ppto!AB144 -> 11850000 | G72: =+[7]Ppto!AC144 -> 11850000 | H72: =+[7]Ppto!AD144 -> 11850000 | I72: =+[8]Ppto!O144 -> 11850000 | J72: =+'[11]Planeación 2025 P&K (def Mod1)'!$O$28 -> 12200000 | K72: =+'[11]Planeación 2025 P&K (def Mod1)'!$O$28+'[11]Planeación 2025 P&K (def Mod1)'!$Q$30 -> 13400000 | L72: =+'[11]Planeación 2025 P&K (def Mod1)'!$R$28 -> 12200000 | M72: 0 | N72: 0 | O72: =SUM(C72:N72)-16042776 -> 104707224 | U72: =+[12]EjecucionPptalPasiva!$Q$270 -> 11340000 | V72: 72740000
A74: Disposición final | B74: =SUM(B75:B87) -> 288200000 | C74: =SUM(C75:C87) -> 13400000 | D74: =SUM(D75:D87) -> 13400000 | E74: =SUM(E75:E87) -> 32400000 | F74: =SUM(F75:F87) -> 33400000 | G74: =SUM(G75:G87) -> 21400000 | H74: =SUM(H75:H87) -> 26400000 | I74: =SUM(I75:I87) -> 15876000 | ... V74: =SUM(V75:V87) -> 26382334
A75: Servicio de mantenimiento predictivo, preventivo y correctivo de los vehículos tipo recolector-compactador de residuos sólidos de acuerdo con las especificaciones y requerimientos técnicos establecidos por P&K SAS ESP – municipio de providencia y santa catalina islas. | B75: =+[13]EjecucionPptalPasiva!$D$267+[13]EjecucionPptalPasiva!$D$296 -> 115400000 | C75: =+'[14]Ppto2025 P&K Original'!$J$25 -> 0 | D75: 0 | E75: 6000000 | F75: =+[8]Ppto!L151 -> 7000000 | G75: 0 | H75: =+[8]Ppto!N147 -> 5000000 | I75: =+[8]Ppto!O147 -> 0 | J75: =+'[11]Planeación 2025 P&K (def Mod1)'!$O$30+'[11]Planeación 2025 P&K (def Mod1)'!O27 -> 7200000 | K75: =+'[11]Planeación 2025 P&K (def Mod1)'!$Q$27 -> 6000000 | L75: =+'[11]Planeación 2025 P&K (def Mod1)'!$R$27+'[11]Planeación 2025 P&K (def Mod1)'!$R$29+'[11]Planeación 2025 P&K (def Mod1)'!$R$30 -> 25200000 | M75: =+'[11]Planeación 2025 P&K (def Mod1)'!$T$27+'[11]Planeación 2025 P&K (def Mod1)'!$T$30 -> 7200000 | N75: 0 | O75: =SUM(C75:N75)-56900000 -> 6700000 | V75: =1415390+3643496 -> 5058886
A76: Polizas | B76: =+[13]EjecucionPptalPasiva!$D$299 -> 6000000 | C76: =+[7]Ppto!$Y$91 -> 2000000 | D76: =+[8]Ppto!J91 -> 2000000 | E76: =+[8]Ppto!K91 -> 0 | F76: =1000000-1000000 -> 0 | G76: =1000000-1000000 -> 0 | H76: 0 | I76: 0 | J76: 0 | K76: 0 | L76: =+K76 -> 0 | M76: =+L76 -> 0 | N76: =+'[11]Planeación 2025 P&K (def Mod1)'!$T$25+'[11]Planeación 2025 P&K (def Mod1)'!$T$27 -> 12000000 | O76: =SUM(C76:N76)-4700000 -> 11300000
A77: Material terreo | B77: =+[13]EjecucionPptalPasiva!$D$266 -> 20000000 | C77: 0 | E77: 0 | F77: =8000000-8000000 -> 0 | G77: =8000000-8000000 -> 0 | H77: 0 | I77: 0 | J77: =+'[11]Planeación 2025 P&K (def Mod1)'!$M$31 -> 25000000 | K77: 0 | L77: 0 | M77: 0 | N77: 0 | O77: =SUM(C77:N77)-22000000 -> 3000000
A78: Realizar la compra repuestos para mantenimientos preventivos del vehículo recolector-motocarro de acuerdo con las especificaciones y requerimientos técnicos establecidos por P&K SAS ESP – en el municipio de providencia | B78: 0 | C78: 0 | D78: 0 | E78: 0 | H78: 0 | I78: 0 | J78: 0 | K78: 0 | L78: 0 | M78: 0 | N78: 0 | O78: =SUM(C78:N78)-8000000 -> -8000000
A79: Realizar la compra de las llantas para el camión recolector-compactador de acuerdo con las especificaciones y requerimientos técnicos establecidos por P&K SAS ESP - el municipio de providencia | B79: 0 | C79: 0 | E79: =+[8]Ppto!$K$146 -> 15000000 | F79: =+[8]Ppto!K146 -> 15000000 | G79: =+[8]Ppto!M146 -> 0 | H79: =+[8]Ppto!N146 -> 10000000 | I79: =+[8]Ppto!$O$145+[8]Ppto!$O$152+[8]Ppto!$O$153 -> 4476000 | J79: 0 | K79: 0 | L79: 0 | M79: 0 | N79: 0 | O79: =SUM(C79:N79)-666664 -> 43809336 | V79: 397610
A80: Arrendamiento de espacio para ser utilizado como taller, para realizar mantenimiento de vehículos recolectores de acuerdo con las especificaciones y requerimientos técnicos establecidos por PYK SAS ESP - en el municipio de providencia y santa catalina islas (incluye área de bodegaje de materiales/equipos/herramientas). | B80: 0 | C80: 0 | E80: 0 | F80: 0 | G80: 0 | H80: 0 | I80: 0 | J80: 0 | K80: 0 | L80: 0 | M80: 0 | N80: 0 | O80: =SUM(C80:N80)-12000000 -> -12000000
A81: Compra de material térreo para la cobertura de residuos sólidos y el mantenimiento de la vía interna del sitio de disposición final, incluye el transporte y descargue en la zona designada de acuerdo con especificaciones y requerimientos técnicos establecidos por P&K S.A.S E.S.P. – municipio de providencia y santa catalina islas. | B81: 0 | C81: 0 | D81: 0 | E81: 0 | F81: 0 | G81: =+[8]Ppto!M148 -> 10000000 | H81: =+[8]Ppto!N148 -> 0 | I81: 0 | J81: 0 | K81: 0 | L81: 0 | M81: 0 | N81: 0 | O81: =SUM(C81:N81)-60000000 -> -50000000
A82: Compra de filtros para el camión compacto recolector – compactador según las especificaciones técnicas. | B82: 0 | C82: 0 | D82: 0 | E82: 0 | F82: 0 | G82: 0 | H82: 0 | I82: 0 | J82: 0 | K82: 0 | L82: 0 | M82: 0 | N82: 0 | O82: =SUM(C82:N82) -> 0
A83: Para la prestación del servicio de seguridad privada para la protección, el monitoreo y la seguridad de las instalaciones, infraestructura y bienes del sitio de disposición final “BLUE LIZARD” de acuerdo con las especificaciones técnicas dadas por P&K S.A.S E.S.P – municipio de providencia y santa catalina islas (no incluye arma). | B83: =+[13]EjecucionPptalPasiva!$D$298 -> 91200000 | C83: =+[7]Ppto!Y143 -> 7600000 | D83: =+[7]Ppto!Z143 -> 7600000 | E83: =+[7]Ppto!AA143 -> 7600000 | F83: =+[7]Ppto!AB143 -> 7600000 | G83: =+[7]Ppto!AC143 -> 7600000 | H83: =+[7]Ppto!AD143 -> 7600000 | I83: =+[7]Ppto!AE143 -> 7600000 | J83: 0 | K83: =+'[11]Planeación 2025 P&K (def Mod1)'!$Q$33 -> 6500000 | L83: =+'[11]Planeación 2025 P&K (def Mod1)'!$R$33 -> 6500000 | M83: =+'[11]Planeación 2025 P&K (def Mod1)'!$T$33 -> 6500000 | N83: =+'[11]Planeación 2025 P&K (def Mod1)'!$T$33 -> 6500000 | O83: =SUM(C83:N83)-13054960.9 -> 66145039 | P83: 7587919 | Q83: 7587919 | R83: 7587919 | T83: 15175838
A84: Contratar el servicio de instalación, reposición y/o mantenimiento de cámaras de seguridad dentro del sitio de disposición final blue Lizard mediante cámaras de seguridad fijas de cableado. | B84: 0 | F84: 0 | G84: 0 | I84: 0 | L84: 0 | O84: =SUM(C84:N84) -> 0 | V84: 15175838
A86: Prestación de servicios de fumigación para realizar el control de vectores y plagas dentro de las instalaciones del sitio de disposición final “BLUE LIZARD” de acuerdo con las especificaciones y requerimientos técnicos establecidos por P&K S.A.S E.S.P., en el municipio de providencia y santa catalina islas. | B86: =+[13]EjecucionPptalPasiva!$D$297 -> 45600000 | C86: =+[7]Ppto!Y142 -> 3800000 | D86: =+[7]Ppto!Z142 -> 3800000 | E86: =+[7]Ppto!AA142 -> 3800000 | F86: =+[7]Ppto!AB142 -> 3800000 | G86: =+[7]Ppto!AC142 -> 3800000 | H86: =+[7]Ppto!AD142 -> 3800000 | I86: =+[7]Ppto!AE142 -> 3800000 | J86: 0 | K86: 0 | L86: 0 | M86: =+J86 -> 0 | N86: =+K86 -> 0 | O86: =SUM(C86:N86)+3156500 -> 29756500 | Q86: 2875200 | S86: 2875000 | T86: 5750000 | V86: 5750000
A87: Honorarios | B87: =+[13]EjecucionPptalPasiva!$D$295 -> 10000000 | N87: 0 | O87: =SUM(C87:N87)-10000000 -> -10000000
A88: Generales/Administracion | B88: =SUM(B89:B97) -> 253720800 | C88: =SUM(C89:C97) -> 6775000 | D88: =SUM(D89:D97) -> 11389500 | E88: =SUM(E89:E98) -> 27889500 | F88: =SUM(F89:F98) -> 17889500 | G88: =SUM(G89:G97) -> 4850000 | H88: =SUM(H89:H97) -> 7313500 | I88: =SUM(I89:I97) -> 4850000 | J88: =SUM(J89:J97) -> 7111000 | K88: =SUM(K89:K97) -> 611000 | L88: =SUM(L89:L97) -> 611000 | M88: =SUM(M89:M97) -> 611000 | N88: =SUM(N89:N97) -> 26811000 | ... V88: =SUM(V89:V97) -> 1413126
A89: Tte materiales | B89: =+[13]EjecucionPptalPasiva!$D$294 -> 50800000 | N89: 0 | O89: =SUM(C89:N89) -> 0
A90: Dotación de uniformes para el personal, elementos de proteccion y bioseguridad (pantalon , camisa, zapatos, impermeables, pantaneras, chalecos reflectivos) | B90: =+[13]EjecucionPptalPasiva!$D$264 -> 68500000 | R90: 304210
A91: Combustibles | B91: =+[13]EjecucionPptalPasiva!$D$262 -> 65100000 | C91: =+[7]Ppto!Y97*0.7 -> 4200000 | D91: =+[8]Ppto!$J$97*70/100 -> 4200000 | E91: =+[8]Ppto!$J$97*70/100 -> 4200000 | F91: =+[8]Ppto!$J$97*70/100 -> 4200000 | G91: =+[8]Ppto!$J$97*70/100 -> 4200000 | H91: =+[8]Ppto!N97*70/100 -> 4200000 | I91: =+[8]Ppto!O97*70/100 -> 4200000 | N91: =+'[11]Planeación 2025 P&K (def Mod1)'!$T$23 -> 25000000 | O91: =SUM(C91:N91) -> 54400000 | P91: 3496580 | Q91: 5820722 | R91: 837742 | S91: 3098166 | T91: 4480184 | U91: =+[12]EjecucionPptalPasiva!$Q$234 -> 18879779
A92: Compa equipo de Vigilancia | B92: =+[13]EjecucionPptalPasiva!$D$250 -> 4000000 | D92: 0 | E92: 6500000 | F92: =+'[11]Planeación 2025 P&K (def Mod1)'!L33 -> 6500000 | G92: 0 | H92: 0 | I92: 0 | J92: =+'[11]Planeación 2025 P&K (def Mod1)'!$O$33 -> 6500000 | N92: 0 | O92: =SUM(C92:N92) -> 19500000
A93: Materiales | B93: =+[13]EjecucionPptalPasiva!$D$263 -> 19281000 | Q93: 1239600 | R93: 108000 | V93: 779000
A94: Mantenimiento Electrico y Mecanico Sistema AS | B94: =+[13]EjecucionPptalPasiva!$D$265+[13]EjecucionPptalPasiva!$D$289 -> 33310200 | C94: =+[7]Ppto!$Y$152*0.7+([7]Ppto!$Y$153*0.7) -> 1925000 | D94: =+[8]Ppto!$J$152+[8]Ppto!$J$153 -> 4076000 | E94: =+[8]Ppto!$J$152+[8]Ppto!$J$153 -> 4076000 | F94: =+[8]Ppto!J152+[8]Ppto!J153 -> 4076000 | G94: 0 | P94: 1607550 | Q94: =181300+480000 -> 661300 | R94: 1450400 | S94: 2175600 | T94: 1813000
A95: Mantenimiento, compra e instalación de reflectores y tendido eléctrico para mantener las condiciones de iluminación en el relleno sanitario blue Lizard, municipio de providencia y santa catalina islas (incluye instalación, de acuerdo con las especificaciones y requerimientos técnicos establecidos por P&K SAS ESP. | B95: 0 | D95: 0 | E95: 0 | H95: 0 | I95: 0 | N95: 1200000 | O95: =SUM(C95:N95)-2640000 -> -1440000
A96: Ferreteria | D96: =+[8]Ppto!$J$98*37.9% -> 2463500 | E96: =+[8]Ppto!$J$98*37.9% -> 2463500 | F96: =+[8]Ppto!J98*37.9% -> 2463500 | G96: =+[8]Ppto!K98*37.9% -> 0 | H96: =+[8]Ppto!L98*37.9% -> 2463500
A97: Servicio público de aseo | B97: =+[13]EjecucionPptalPasiva!$D$290+[13]EjecucionPptalPasiva!$D$291+[13]EjecucionPptalPasiva!$D$292+[13]EjecucionPptalPasiva!$D$293 -> 12729600 | C97: =+[7]Ppto!Y118+[7]Ppto!Y119+[7]Ppto!Y120 -> 650000 | D97: =+[7]Ppto!Z118+[7]Ppto!Z119+[7]Ppto!Z120 -> 650000 | E97: =+[7]Ppto!AA118+[7]Ppto!AA119+[7]Ppto!AA120 -> 650000 | F97: =+[7]Ppto!AB118+[7]Ppto!AB119+[7]Ppto!AB120 -> 650000 | G97: =+[7]Ppto!AC118+[7]Ppto!AC119+[7]Ppto!AC120 -> 650000 | H97: =+[7]Ppto!AD118+[7]Ppto!AD119+[7]Ppto!AD120 -> 650000 | I97: =+[8]Ppto!O118+[8]Ppto!O119+[8]Ppto!O120 -> 650000 | J97: =+'[11]Planeación 2025 P&K (def Mod1)'!$P$155+'[11]Planeación 2025 P&K (def Mod1)'!$P$154+'[11]Planeación 2025 P&K (def Mod1)'!$P$153 -> 611000 | K97: =+'[11]Planeación 2025 P&K (def Mod1)'!$P$155+'[11]Planeación 2025 P&K (def Mod1)'!$P$154+'[11]Planeación 2025 P&K (def Mod1)'!$P$153 -> 611000 | L97: =+'[11]Planeación 2025 P&K (def Mod1)'!$R$153+'[11]Planeación 2025 P&K (def Mod1)'!$R$154+'[11]Planeación 2025 P&K (def Mod1)'!$R$155 -> 611000 | M97: =+'[11]Planeación 2025 P&K (def Mod1)'!$T$153+'[11]Planeación 2025 P&K (def Mod1)'!$T$154+'[11]Planeación 2025 P&K (def Mod1)'!$T$155 -> 611000 | N97: =+M97 -> 611000 | O97: =SUM(C97:N97) -> 7605000 | P97: 212338 | Q97: 212338 | R97: 315408 | S97: 661643 | T97: 439692 | U97: =+[12]EjecucionPptalPasiva!$Q$262 -> 452320 | V97: 634126
A98: Topografia | E98: =+[8]Ppto!K149 -> 10000000 | F98: =+[8]Ppto!L149 -> 0 | G98: =+[8]Ppto!M149 -> 0
A99: Aseo y Limpieza | O99: =SUM(C99:N99) -> 0
A100: Costos de Funcionamiento Operativos Aseo | B100: =+B88+B74+B69+B66+B64 -> 2627727800 | C100: =+C88+C74+C69+C66+C64 -> 192992250 | D100: =+D88+D74+D69+D66+D64 -> 197606750 | E100: =+E88+E74+E69+E66+E64 -> 233106750 | F100: =+F88+F74+F69+F66+F64 -> 224106750 | G100: =+G88+G74+G69+G66+G64 -> 199067250 | H100: =+H88+H74+H69+H66+H64 -> 206530750 | I100: =+I88+I74+I69+I66+I64 -> 193543250 | ... V100: =+V88+V74+V69+V66+V64 -> 160435460
A101: Nomina Administracion | B101: 3.8824358e+08 | C101: 32353632 | D101: 34751494 | E101: 34751494 | F101: 34751494 | G101: 34751494 | H101: =+G101 -> 34751494 | I101: =+H101 -> 34751494 | J101: =+I101 -> 34751494 | K101: =+J101 -> 34751494 | L101: =+K101 -> 34751494 | M101: =+L101 -> 34751494 | N101: =+M101 -> 34751494 | O101: =SUM(C101:N101) -> 4.1462007e+08 | U101: 28369991 | X101: =+I101+I102 -> 55859198
A102: Nomina comercial | B102: 2.8609554e+08 | C102: 23841295 | D102: 21107704 | E102: 21107704 | F102: 21107704 | G102: 21107704 | H102: =+G102 -> 21107704 | I102: =+H102 -> 21107704 | J102: =+I102 -> 21107704 | K102: =+J102 -> 21107704 | L102: =+K102 -> 21107704 | M102: =+L102 -> 21107704 | N102: =+M102 -> 21107704 | O102: =SUM(C102:N102) -> 2.5602604e+08 | U102: =+[10]Resultados!$H$121*[12]EjecucionPptalPasiva!$Y$285/100 -> 20188800 | X102: =+I101/X101 -> 0.62212662 | Y102: =+I102/X101 -> 0.37787338
A103: Contribuciones CRA-SUPER | D103: =+[8]Ppto!J126+[8]Ppto!J128 -> 27000000 | E103: =+[8]Ppto!K126+[8]Ppto!K128 -> 0 | F103: 0 | G103: 0 | H103: 0 | I103: =+[15]Resumennna!U363 -> 0 | J103: =+'[11]Planeación 2025 P&K (def Mod1)'!P90 -> 16000000 | K103: =+'[11]Planeación 2025 P&K (def Mod1)'!Q90 -> 0 | L103: 0 | M103: =+[15]Resumennna!Y363 -> 0 | N103: =+[15]Resumennna!Z363 -> 0 | O103: =SUM(C103:N103)+1000000 -> 44000000 | Q103: 13658000
A104: Servicios software INTEGRIN | B104: 20000000 | C104: 0 | D104: =+[8]Ppto!J122 -> 1760000 | E104: =+[8]Ppto!K122 -> 1760000 | F104: =+[8]Ppto!L122 -> 1760000 | G104: =+[8]Ppto!M122 -> 1760000 | H104: =+[8]Ppto!N122 -> 1760000 | I104: =+[8]Ppto!O122 -> 1760000 | J104: =+'[11]Planeación 2025 P&K (def Mod1)'!$O$91 -> 1500000 | K104: =+'[11]Planeación 2025 P&K (def Mod1)'!$O$91 -> 1500000 | L104: =+'[11]Planeación 2025 P&K (def Mod1)'!$O$91 -> 1500000 | M104: =+'[11]Planeación 2025 P&K (def Mod1)'!$O$91 -> 1500000 | N104: =+'[11]Planeación 2025 P&K (def Mod1)'!$O$91 -> 1500000 | O104: =SUM(C104:N104)+1200000 -> 19260000 | Q104: 3728000 | R104: 1864000 | T104: 1864000 | U104: =+[12]EjecucionPptalPasiva!$Q$322 -> 1864000 | V104: 5479417
A105: Licenciamiento software | B105: 7200000 | D105: =+[8]Ppto!J92 -> 350000 | E105: =+[8]Ppto!K92 -> 350000 | F105: =+[8]Ppto!L92 -> 350000 | G105: =+[8]Ppto!M92 -> 350000 | H105: =+[8]Ppto!N92 -> 350000 | I105: =+[8]Ppto!O92 -> 350000 | J105: 600000 | K105: 600000 | L105: 600000 | M105: 600000 | N105: =+M105 -> 600000 | O105: =SUM(C105:N105)-5000000 -> 100000
A106: Pagina WEB-Dominio actualizacion software | B106: 450000 | C106: 0 | D106: 0 | E106: 0 | F106: 0 | G106: 0 | H106: =+[8]Ppto!N94 -> 600000 | I106: =+[8]Ppto!O94 -> 0 | O106: =SUM(C106:N106) -> 600000 | T106: 227980
A107: Arrendamiento oficina administrativa-vehiculos | B107: 145560000 | C107: 12130000 | D107: =+[8]Ppto!J86 -> 11500000 | E107: =+[8]Ppto!K86 -> 11500000 | F107: =+[8]Ppto!L86 -> 11500000 | G107: =+[8]Ppto!M86 -> 11500000 | H107: =+[8]Ppto!N86 -> 11500000 | I107: =+[8]Ppto!O86 -> 11500000 | J107: =+'[11]Planeación 2025 P&K (def Mod1)'!$O$55 -> 12130000 | K107: =+'[11]Planeación 2025 P&K (def Mod1)'!$O$55 -> 12130000 | L107: =+'[11]Planeación 2025 P&K (def Mod1)'!$O$55 -> 12130000 | M107: =+'[11]Planeación 2025 P&K (def Mod1)'!$O$55 -> 12130000 | N107: =+M107 -> 12130000 | O107: =+[8]Ppto!O86+[8]Ppto!$O$87 -> 12300000 | Q107: 22995296 | V107: 22995296
...

Sheet 2026Ej
A1: PROVIDENCE AND KETTLINA UTILITIES COMPANY SAS. NIT.901352888-1
A3: EJECUCION PRESUPUESTO DE FUNCIONAMIENTO AÑO 2026
C4: Ejecucion Enero | F4: Ejecucion Febrero | I4: Ejecucion Marzo | L4: Ejecucion Abril | O4: Ejecucion Mayo | R4: Ejecucion Junio | U4: Ejecucion Julio | X4: Ejecucion agosto | AA4: Ejecucion septiembre | AD4: Ejecucion octubre | AG4: Ejecucion noviembre | AJ4: Ejecucion diciembre | AM4: Acumulado
A5: Concepto | B5: Año 2026 | C5: Enero | D5: Ejecucion | E5: Variacion | F5: Febrero | G5: Ejecutado | H5: Variacion | I5: Marzo | J5: Ejecutado | K5: Variacion | L5: Abril | M5: Ejecutado | N5: Variacion | O5: Mayo | P5: Ejecutado | Q5: Variacion | R5: Junio | S5: Ejecutado | T5: Variacion | U5: Julio | V5: Ejecutado | W5: Variacion | X5: Agosto | Y5: Ejecutado | Z5: Variacion | AA5: Sept | AB5: Ejecutado | AC5: Variacion | AD5: Oct | AE5: Ejecutado | AF5: Variacion | AG5: Noviembre | AH5: Ejecutado | AI5: Variacion | AJ5: Diciembre | AK5: Ejecutado | AL5: Variacion | AM5: Presupuesto acumulado | AN5: Ejecucion acumulada | AO5: variacion acumulada | AP5: Participacion %
A6: Acueducto | B6: =+'202501anual'!B6-219272400 -> 585832320 | C6: 67092060 | D6: =+[20]Factrecaudocartera2025!$O$72+[20]Factrecaudocartera2025!$O$78 -> 63531867 | E6: =+C6-D6 -> 3560193.3 | F6: 67092060 | G6: =+[21]Factrecaudocartera2025!$O$72+[21]Factrecaudocartera2025!$O$78 -> 57405475 | H6: =+F6-G6 -> 9686584.7 | I6: 67092060 | J6: =+[22]Factrecaudocartera2026!D46 -> 58685928 | K6: =+I6-J6 -> 8406132.3 | L6: 46637213 | M6: 78112585 | N6: =+L6-M6 -> -31475372 | O6: 46637213 | P6: 71650501 | Q6: =+O6-P6 -> -25013288 | R6: =46637214 -> 46637214 | S6: 64745795 | T6: =+R6-S6 -> -18108581 | U6: =46637214+2281400 -> 48918614 | V6: 86709298 | W6: =+U6-V6 -> -37790684 | Z6: =+X6-Y6 -> 0 | AC6: =+AA6-AB6 -> 0 | AF6: =+AD6-AE6 -> 0 | AI6: =+AG6-AH6 -> 0 | AL6: =+AJ6-AK6 -> 0 | AM6: =+C6+F6+I6+L6+O6+R6+U6+X6+AA6+AD6+AG6+AJ6 -> 390106434 | AN6: =+D6+G6+J6+M6+P6+S6+V6+Y6+AB6+AE6+AH6+AK6 -> 4.8084145e+08 | AO6: =+AM6-AN6 -> -90735015 | AP6: =+AO6/AM6 -> -0.23259041
A7: Aseo | B7: =+'202501anual'!B10-557403600 -> 888015600 | C7: 120451600 | D7: =+[20]Factrecaudocartera2025!$Q$72+[20]Factrecaudocartera2025!$Q$78 -> 69201053 | E7: =+C7-D7 -> 51250547 | F7: 119170200 | G7: =+[21]Factrecaudocartera2025!$Q$72+[21]Factrecaudocartera2025!$Q$78 -> 62345942 | H7: =+F7-G7 -> 56824258 | I7: 119170200 | J7: =+[22]Factrecaudocartera2026!$D$48 -> 70283054 | K7: =+I7-J7 -> 48887146 | L7: 53047474 | M7: 88501328 | N7: =+L7-M7 -> -35453854 | O7: 53047474 | P7: =+[23]Factrecaudocartera2026!$Q$91 -> 76715751 | Q7: =+O7-P7 -> -23668277 | R7: =53047474 -> 53047474 | S7: 72386881 | T7: =+R7-S7 -> -19339407 | U7: =53047474+2281400 -> 55328874 | V7: 97720203 | W7: =+U7-V7 -> -42391329 | Z7: =+X7-Y7 -> 0 | AC7: =+AA7-AB7 -> 0 | AF7: =+AD7-AE7 -> 0 | AI7: =+AG7-AH7 -> 0 | AL7: =+AJ7-AK7 -> 0 | AM7: =+C7+F7+I7+L7+O7+R7+U7+X7+AA7+AD7+AG7+AJ7 -> 573263296 | AN7: =+D7+G7+J7+M7+P7+S7+V7+Y7+AB7+AE7+AH7+AK7 -> 5.3715421e+08 | AO7: =+AM7-AN7 -> 36109084 | AP7: =+AO7/AM7 -> 0.062988654
A8: Alcantarillado | B8: =+'202501anual'!B12-2539200 -> 4435800 | C8: 581250 | D8: =+[20]Factrecaudocartera2025!$P$72+[20]Factrecaudocartera2025!$P$78 -> 435361.75 | E8: =+C8-D8 -> 145888.25 | F8: 581250 | G8: =+[21]Factrecaudocartera2025!$P$72 -> 702948.28 | H8: =+F8-G8 -> -121698.28 | I8: 581250 | J8: =+[22]Factrecaudocartera2026!D47 -> 255536.31 | K8: =+I8-J8 -> 325713.69 | L8: 579356 | M8: 399077.56 | N8: =+L8-M8 -> 180278.44 | O8: 579356 | P8: =+[23]Factrecaudocartera2026!$P$91 -> 331984.41 | Q8: =+O8-P8 -> 247371.59 | R8: =579356 -> 579356 | S8: 230362.43 | T8: =+R8-S8 -> 348993.57 | U8: =579356 -> 579356 | V8: 490511.13 | W8: =+U8-V8 -> 88844.87 | Z8: =+X8-Y8 -> 0 | AC8: =+AA8-AB8 -> 0 | AF8: =+AD8-AE8 -> 0 | AI8: =+AG8-AH8 -> 0 | AL8: =+AJ8-AK8 -> 0 | AM8: =+C8+F8+I8+L8+O8+R8+U8+X8+AA8+AD8+AG8+AJ8 -> 4061174 | AN8: =+D8+G8+J8+M8+P8+S8+V8+Y8+AB8+AE8+AH8+AK8 -> 2845781.9 | AO8: =+AM8-AN8 -> 1215392.1 | AP8: =+AO8/AM8 -> 0.29927113
A9: Subsidios | B9: =219272400+557403600+2539200 -> 779215200 | C9: 0 | D9: =+[20]Factrecaudocartera2025!$B$50 -> 61061046 | E9: =+C9-D9 -> -61061046 | G9: =+[21]Factrecaudocartera2025!$V$94 -> 123205449 | H9: =+F9-G9 -> -123205449 | K9: =+I9-J9 -> 0 | L9: 86579467 | M9: 0 | N9: =+L9-M9 -> 86579467 | O9: 86579467 | P9: 1.2868528e+08 | Q9: =+O9-P9 -> -42105817 | R9: 86579467 | S9: 1.38447e+08 | T9: =+R9-S9 -> -51867531 | U9: 86579467 | V9: 71979986 | W9: =+U9-V9 -> 14599481 | Z9: =+X9-Y9 -> 0 | AC9: =+AA9-AB9 -> 0 | AF9: =+AD9-AE9 -> 0 | AI9: =+AG9-AH9 -> 0 | AL9: =+AJ9-AK9 -> 0 | AM9: =+C9+F9+I9+L9+O9+R9+U9+X9+AA9+AD9+AG9+AJ9 -> 3.4631787e+08 | AN9: =+D9+G9+J9+M9+P9+S9+V9+Y9+AB9+AE9+AH9+AK9 -> 5.2337876e+08 | AO9: =+AM9-AN9 -> -1.770609e+08 | AP9: =+AO9/AM9 -> -0.511267
A10: Recuperacion de cartera | B10: =+'202501anual'!B13 -> 71800000 | C10: =+B10/12 -> 5983333.3 | D10: 5165969.1 | E10: =+C10-D10 -> 817364.18 | F10: 335266.67 | G10: =+[21]Factrecaudocartera2025!$C$52 -> 4244661.7 | H10: =+F10-G10 -> -3909395 | I10: 3800000 | J10: 0 | K10: =+I10-J10 -> 3800000 | L10: 3800000 | M10: 3653020.9 | N10: =+L10-M10 -> 146979.15 | O10: 3800000 | P10: 3502637.2 | Q10: =+O10-P10 -> 297362.79 | R10: =3800000 -> 3800000 | S10: 4295267.1 | T10: =+R10-S10 -> -495267.07 | U10: =3800000 -> 3800000 | V10: 3601563.2 | W10: =+U10-V10 -> 198436.78 | Z10: =+X10-Y10 -> 0 | AC10: =+AA10-AB10 -> 0 | AF10: =+AD10-AE10 -> 0 | AI10: =+AG10-AH10 -> 0 | AL10: =+AJ10-AK10 -> 0 | AM10: =+C10+F10+I10+L10+O10+R10+U10+X10+AA10+AD10+AG10+AJ10 -> 25318600 | AN10: =+D10+G10+J10+M10+P10+S10+V10+Y10+AB10+AE10+AH10+AK10 -> 24463119 | AO10: =+AM10-AN10 -> 855480.83 | AP10: =+AO10/AM10 -> 0.033788631 | AT10: Ppto | AU10: Ejec | AV10: Dif
A11: Contratos Mutuos - Fondo Empresarial | B11: =+'202501anual'!B14+0.804 -> 4.3806657e+09 | C11: 0 | D11: 0 | E11: =+C11-D11 -> 0 | H11: =+F11-G11 -> 0 | K11: =+I11-J11 -> 0 | L11: 3191658190 | M11: 3191658190 | N11: =+L11-M11 -> 0 | Q11: =+O11-P11 -> 0 | W11: =+U11-V11 -> 0 | Z11: =+X11-Y11 -> 0 | AC11: =+AA11-AB11 -> 0 | AF11: =+AD11-AE11 -> 0 | AL11: =+AJ11-AK11 -> 0 | AM11: =+C11+F11+I11+L11+O11+R11+U11+X11+AA11+AD11+AG11+AJ11 -> 3191658190 | AN11: =+D11+G11+J11+M11+P11+S11+V11+Y11+AB11+AE11+AH11+AK11 -> 3191658190 | AO11: =+AM11-AN11 -> 0 | AP11: =+AO11/AM11 -> 0 | AS11: Mtto electromecanico | AT11: 6000000 | AU11: 1725000 | AV11: =+AT11-AU11 -> 4275000
A12: Total Ingresos | B12: =SUM(B6:B11) -> 6.7099646e+09 | C12: =SUM(C6:C11) -> 1.9410824e+08 | D12: =SUM(D6:D11) -> 1.993953e+08 | E12: =SUM(E6:E11) -> -5287053.5 | F12: =SUM(F6:F11) -> 1.8717878e+08 | G12: =SUM(G6:G11) -> 2.4790448e+08 | H12: =SUM(H6:H11) -> -60725699 | I12: =SUM(I6:I11) -> 190643510 | ... AO12: =SUM(AO6:AO11) -> -2.2961595e+08 | AP12: =+AO12/AM12 -> -0.050679731 | AR12: =W12/U12*100 -> -33.449355 | AS12: Mtto generador de hipoclorito | AT12: 2500000 | AU12: 0 | AV12: =+AT12-AU12 -> 2500000 | AZ12: =+AM12-AN12-AO12 -> 0
A13: Personal Ac | B13: =+'202501anual'!B16 -> 967711968 | C13: =+B13/12 -> 80642664 | D13: =+[24]Resultados!$C$9 -> 73266237 | E13: =+C13-D13 -> 7376427 | F13: =+'202501anual'!D16 -> 80642664 | G13: =+[25]Resultados!D9-[25]Resultados!D26+4322891 -> 79340981 | H13: =+F13-G13 -> 1301683 | I13: =+'202501anual'!E16 -> 80642664 | J13: =+[26]Resultados!$E$9 -> 78746500 | K13: =+I13-J13 -> 1896164 | L13: =+'202501anual'!F16 -> 80642664 | M13: 82455744 | N13: =+L13-M13 -> -1813080 | O13: =+'202501anual'!G16 -> 80642664 | P13: 80276080 | Q13: =+O13-P13 -> 366584 | R13: =+'202501anual'!H16 -> 80642664 | S13: 79380196 | T13: =+R13-S13 -> 1262468 | U13: =+'202501anual'!I16 -> 80642664 | V13: =+[30]Resultados!$I$9 -> 77880919 | W13: =+U13-V13 -> 2761745 | Z13: =+X13-Y13 -> 0 | AC13: =+AA13-AB13 -> 0 | AF13: =+AD13-AE13 -> 0 | AI13: =+AG13-AH13 -> 0 | AM13: =+C13+F13+I13+L13+O13+R13+U13+X13+AA13+AD13+AG13+AJ13 -> 564498648 | AN13: =+D13+G13+J13+M13+P13+S13+V13+Y13+AB13+AE13+AH13+AK13 -> 551346657 | AO13: =+AM13-AN13 -> 13151991 | AP13: =+AO13/AM13 -> 0.023298534 | AS13: Laboratorio | AT13: 6000000 | AU13: 0 | AV13: =+AT13-AU13 -> 6000000 | AZ13: =+AM13-AN13-AO13 -> 0
A14: Potabilizacion Ac | B14: =+'202501anual'!B17 -> 328400000 | C14: =+'202501anual'!C17 -> 14700000 | D14: =+'202501anual'!P17 -> 4311268 | E14: =+C14-D14 -> 10388732 | F14: =+'202501anual'!D17 -> 14700000 | G14: =+'202501anual'!Q17 -> 15011958 | H14: =+F14-G14 -> -311958 | I14: =+'202501anual'!E17 -> 14700000 | J14: =+'202501anual'!R17 -> 6842675 | K14: =+I14-J14 -> 7857325 | L14: =+'202501anual'!F17 -> 41500000 | M14: =+'202501anual'!S17 -> 11450400 | N14: =+L14-M14 -> 30049600 | O14: =+'202501anual'!G17 -> 48776000 | P14: =+'202501anual'!T17 -> 14682730 | Q14: =+O14-P14 -> 34093270 | R14: =+'202501anual'!H17 -> 33776000 | S14: 33454796 | T14: =+R14-S14 -> 321204 | U14: =+'202501anual'!I17 -> 34700000 | V14: =+'202501anual'!V17 -> 15311168 | W14: =+U14-V14 -> 19388832 | Z14: =+X14-Y14 -> 0 | AC14: =+AA14-AB14 -> 0 | AF14: =+AD14-AE14 -> 0 | AI14: =+AG14-AH14 -> 0 | AM14: =+C14+F14+I14+L14+O14+R14+U14+X14+AA14+AD14+AG14+AJ14 -> 202852000 | AN14: =+D14+G14+J14+M14+P14+S14+V14+Y14+AB14+AE14+AH14+AK14 -> 101064995 | AO14: =+AM14-AN14 -> 101787005 | AP14: =+AO14/AM14 -> 0.50177965 | AT14: =SUM(AT11:AT13) -> 14500000 | AU14: =SUM(AU11:AU13) -> 1725000 | AV14: =SUM(AV11:AV13) -> 12775000 | AZ14: =+AM14-AN14-AO14 -> 0
A15: Distribuccion Ac | B15: =+'202501anual'!B28 -> 55900000 | C15: =+'202501anual'!C28 -> 0 | D15: =+'202501anual'!P28 -> 0 | E15: =+C15-D15 -> 0 | F15: =+'202501anual'!D34 -> 2000000 | G15: =+'202501anual'!Q28 -> 0 | H15: =+F15-G15 -> 2000000 | I15: =+'202501anual'!E28 -> 7000000 | J15: =+'202501anual'!R28 -> 0 | K15: =+I15-J15 -> 7000000 | L15: =+'202501anual'!F28 -> 9100000 | M15: =+'202501anual'!S28 -> 0 | N15: =+L15-M15 -> 9100000 | O15: =+'202501anual'!G28 -> 9100000 | P15: =+'202501anual'!T28 -> 0 | Q15: =+O15-P15 -> 9100000 | R15: =+'202501anual'!H28 -> 8100000 | S15: 0 | T15: =+R15-S15 -> 8100000 | U15: =+'202501anual'!I28 -> 4100000 | V15: =+'202501anual'!V28 -> 3800000 | W15: =+U15-V15 -> 300000 | Z15: =+X15-Y15 -> 0 | AC15: =+AA15-AB15 -> 0 | AF15: =+AD15-AE15 -> 0 | AI15: =+AG15-AH15 -> 0 | AM15: =+C15+F15+I15+L15+O15+R15+U15+X15+AA15+AD15+AG15+AJ15 -> 39400000 | AN15: =+D15+G15+J15+M15+P15+S15+V15+Y15+AB15+AE15+AH15+AK15 -> 3800000 | AO15: =+AM15-AN15 -> 35600000 | AP15: =+AO15/AM15 -> 0.9035533 | AS15: PP pequeños tramos | AT15: 0 | AU15: 0 | AV15: =+AT15-AU15 -> 0 | AZ15: =+AM15-AN15-AO15 -> 0
A16: Captacion Ac | B16: 0 | C16: 0 | D16: =+'202501anual'!P38 -> 0 | E16: =+C16-D16 -> 0 | H16: =+F16-G16 -> 0 | K16: =+I16-J16 -> 0 | N16: =+L16-M16 -> 0 | Q16: =+O16-P16 -> 0 | T16: =+R16-S16 -> 0 | W16: =+U16-V16 -> 0 | Z16: =+X16-Y16 -> 0 | AC16: =+AA16-AB16 -> 0 | AF16: =+AD16-AE16 -> 0 | AI16: =+AG16-AH16 -> 0 | AM16: =+C16+F16+I16+L16+O16+R16+U16+X16+AA16+AD16+AG16+AJ16 -> 0 | AN16: =+D16+G16+J16+M16+P16+S16+V16+Y16+AB16+AE16+AH16+AK16 -> 0 | AO16: =+AM16-AN16 -> 0 | AP16: =+AO16/AM16 -> #DIV/0! | AS16: Compra Maq | AT16: 0 | AU16: 13762550 | AV16: =+AT16-AU16 -> -13762550 | AZ16: =+AM16-AN16-AO16 -> 0
A17: Comercial Ac | B17: 0 | C17: 0 | D17: 0 | E17: =+C17-D17 -> 0 | H17: =+F17-G17 -> 0 | K17: =+I17-J17 -> 0 | N17: =+L17-M17 -> 0 | Q17: =+O17-P17 -> 0 | T17: =+R17-S17 -> 0 | W17: =+U17-V17 -> 0 | Z17: =+X17-Y17 -> 0 | AC17: =+AA17-AB17 -> 0 | AF17: =+AD17-AE17 -> 0 | AI17: =+AG17-AH17 -> 0 | AM17: =+C17+F17+I17+L17+O17+R17+U17+X17+AA17+AD17+AG17+AJ17 -> 0 | AN17: =+D17+G17+J17+M17+P17+S17+V17+Y17+AB17+AE17+AH17+AK17 -> 0 | AO17: =+AM17-AN17 -> 0 | AP17: =+AO17/AM17 -> #DIV/0! | AS17: Articulos proteccion | AT17: 0 | AU17: =34914910+27160573 -> 62075483 | AV17: =+AT17-AU17 -> -62075483 | AZ17: =+AM17-AN17-AO17 -> 0
A18: Generales/Administracion Ac | B18: =+'202501anual'!B42 -> 390119700 | C18: =+'202501anual'!C42 -> 1887500 | D18: =+'202501anual'!P42 -> 3070680 | E18: =+C18-D18 -> -1183180 | F18: =+'202501anual'!D42 -> 5089000 | G18: =+'202501anual'!Q42 -> 26236441 | H18: =+F18-G18 -> -21147441 | I18: =+'202501anual'!E42 -> 62450000 | J18: =+'202501anual'!R42 -> 14632579 | K18: =+I18-J18 -> 47817421 | L18: =+'202501anual'!F42 -> 30089000 | M18: =+'202501anual'!S42 -> 32982591 | N18: =+L18-M18 -> -2893591 | O18: =+'202501anual'!G42 -> 33150000 | P18: =+'202501anual'!T42 -> 509915 | Q18: =+O18-P18 -> 32640085 | R18: =+'202501anual'!H42 -> 32089000 | S18: 18506057 | T18: =+R18-S18 -> 13582943 | U18: =+'202501anual'!I42 -> 28150000 | V18: =+'202501anual'!V42 -> 6619070 | W18: =+U18-V18 -> 21530930 | Z18: =+X18-Y18 -> 0 | AC18: =+AA18-AB18 -> 0 | AF18: =+AD18-AE18 -> 0 | AI18: =+AG18-AH18 -> 0 | AM18: =+C18+F18+I18+L18+O18+R18+U18+X18+AA18+AD18+AG18+AJ18 -> 192904500 | AN18: =+D18+G18+J18+M18+P18+S18+V18+Y18+AB18+AE18+AH18+AK18 -> 102557333 | AO18: =+AM18-AN18 -> 90347167 | AP18: =+AO18/AM18 -> 0.46835179 | AS18: Obra civil | AT18: 25000000 | AU18: 22832625 | AV18: =+AT18-AU18 -> 2167375 | AZ18: =+AM18-AN18-AO18 -> 0
A19: Subtotal Acueducto | B19: =SUM(B13:B18) -> 1742131668 | C19: =SUM(C13:C18) -> 97230164 | D19: =SUM(D13:D18) -> 80648185 | E19: =SUM(E13:E18) -> 16581979 | F19: =SUM(F13:F18) -> 102431664 | G19: =SUM(G13:G18) -> 120589380 | H19: =SUM(H13:H18) -> -18157716 | I19: =SUM(I13:I18) -> 164792664 | ... AO19: =SUM(AO13:AO18) -> 240886163 | AP19: =+AO19/AM19 -> 0.24096926 | AR19: =W19/U19*100 -> 29.79925 | AS19: Servcios publicos | AT19: 13281000 | AU19: 212338 | AV19: =+AT19-AU19 -> 13068662 | AZ19: =+AM19-AN19-AO19 -> 0
A20: Personal Alc | B20: =+'202501anual'!B60 -> 51015178 | C20: =+B20/12 -> 4251264.9 | D20: =+[24]Resultados!$C$27 -> 2843992 | E20: =+C20-D20 -> 1407272.9 | F20: =+C20 -> 4251264.9 | G20: =+[25]Resultados!$D$27 -> 3805882 | H20: =+F20-G20 -> 445382.87 | I20: =+F20 -> 4251264.9 | J20: =+[26]Resultados!$E$27 -> 4222127 | K20: =+I20-J20 -> 29137.87 | L20: =+'202501anual'!F60 -> 4251264.9 | M20: =+[27]Resultados!$F$27 -> 4303071 | N20: =+L20-M20 -> -51806.13 | O20: =+'202501anual'!G60 -> 4251264.9 | P20: 4316579 | Q20: =+O20-P20 -> -65314.13 | R20: =+'202501anual'!H60 -> 4251264.9 | S20: 4262650 | T20: =+R20-S20 -> -11385.13 | U20: =+'202501anual'!I60 -> 4251264.9 | V20: =+[30]Resultados!$I$27 -> 4337446 | W20: =+U20-V20 -> -86181.13 | Z20: =+X20-Y20 -> 0 | AC20: =+AA20-AB20 -> 0 | AF20: =+AD20-AE20 -> 0 | AI20: =+AG20-AH20 -> 0 | AL20: =+AJ20-AK20 -> 0 | AM20: =+C20+F20+I20+L20+O20+R20+U20+X20+AA20+AD20+AG20+AJ20 -> 29758854 | AN20: =+D20+G20+J20+M20+P20+S20+V20+Y20+AB20+AE20+AH20+AK20 -> 28091747 | AO20: =+AM20-AN20 -> 1667107.1 | AP20: =+AO20/AM20 -> 0.05602054 | AS20: Telemetria | AT20: 2200000 | AU20: 3931865 | AV20: =+AT20-AU20 -> -1731865 | AZ20: =+AM20-AN20-AO20 -> 0
A21: Recoleccion y transporte Alc | B21: =+[13]EjecucionPptalPasiva!$D$258+[13]EjecucionPptalPasiva!$D$259+[13]EjecucionPptalPasiva!$D$260+[13]EjecucionPptalPasiva!$D$261+[13]EjecucionPptalPasiva!$D$285+[13]EjecucionPptalPasiva!$D$286+[13]EjecucionPptalPasiva!$D$287 -> 41029300 | C21: =+[7]Ppto!Y121+([7]Ppto!$Y$152*5/100)+([7]Ppto!$Y$153*5/100) -> 287500 | D21: 0 | E21: =+C21-D21 -> 287500 | F21: =+[8]Ppto!J121+([8]Ppto!$J$97*0.5%)+([8]Ppto!J98*1.5%) -> 277500 | G21: 1269100 | H21: =+F21-G21 -> -991600 | I21: =+'202501anual'!E61+'202501anual'!E144 -> 19310500 | J21: =+'202501anual'!R61 -> 101403 | K21: =+I21-J21 -> 19209097 | L21: =+'202501anual'!F61 -> 277500 | M21: 0 | N21: =+L21-M21 -> 277500 | O21: =+'202501anual'!G61 -> 180000 | P21: 0 | Q21: =+O21-P21 -> 180000 | R21: =+'202501anual'!H61 -> 277500 | S21: 1038312 | T21: =+R21-S21 -> -760812 | U21: =+'202501anual'!I61 -> 330000 | V21: =+'202501anual'!V61 -> 1518050 | W21: =+U21-V21 -> -1188050 | Z21: =+X21-Y21 -> 0 | AC21: =+AA21-AB21 -> 0 | AF21: =+AD21-AE21 -> 0 | AI21: =+AG21-AH21 -> 0 | AL21: =+AJ21-AK21 -> 0 | AM21: =+C21+F21+I21+L21+O21+R21+U21+X21+AA21+AD21+AG21+AJ21 -> 20940500 | AN21: =+D21+G21+J21+M21+P21+S21+V21+Y21+AB21+AE21+AH21+AK21 -> 3926865 | AO21: =+AM21-AN21 -> 17013635 | AP21: =+AO21/AM21 -> 0.81247511 | AT21: =SUM(AT15:AT20) -> 40481000 | AU21: =SUM(AU18:AU20) -> 26976828 | AV21: =SUM(AV18:AV20) -> 13504172 | AZ21: =+AM21-AN21-AO21 -> 0
A22: Subtotal Alcantarillado | B22: =SUM(B20:B21) -> 92044478 | C22: =SUM(C20:C21) -> 4538764.9 | D22: =SUM(D20:D21) -> 2843992 | E22: =SUM(E20:E21) -> 1694772.9 | F22: =SUM(F20:F21) -> 4528764.9 | G22: =SUM(G20:G21) -> 5074982 | H22: =SUM(H20:H21) -> -546217.13 | I22: =SUM(I20:I21) -> 23561765 | ... P22: =SUM(P20:P21) -> 4316579 | Q22: =+O22-P22 -> 114685.87 | R22: =SUM(R20:R21) -> 4528764.9 | S22: =SUM(S20:S21) -> 5300962 | T22: =SUM(T20:T21) -> -772197.13 | U22: =SUM(U20:U21) -> 4581264.9 | V22: =SUM(V20:V21) -> 5855496 | W22: =SUM(W20:W21) -> -1274231.1 | X22: =SUM(X20:X21) -> 0 | Y22: =SUM(Y20:Y21) -> 0 | ... AO22: =SUM(AO20:AO21) -> 18680742 | AP22: =+AO22/AM22 -> 0.36846115 | AR22: =W22/U22*100 -> -27.813959 | AZ22: =+AM22-AN22-AO22 -> 0
A23: Costos de Funcionamiento Operativos AA | B23: =+B22+B19 -> 1.8341761e+09 | C23: =+C22+C19 -> 1.0176893e+08 | D23: =+D22+D19 -> 83492177 | E23: =+E22+E19 -> 18276752 | F23: =+F22+F19 -> 1.0696043e+08 | G23: =+G22+G19 -> 125664362 | H23: =+H22+H19 -> -18703933 | I23: =+I22+I19 -> 1.8835443e+08 | ... AO23: =+AO22+AO19 -> 2.5956691e+08 | AP23: =+AO23/AM23 -> 0.24712314 | AR23: =W23/U23*100 -> 28.064778 | AZ23: =+AM23-AN23-AO23 -> 0
A24: Personal | B24: =+'202501anual'!B64 -> 1451607000 | C24: =+B24/12 -> 120967250 | D24: =+[24]Resultados!$C$41 -> 1.105345e+08 | E24: =+C24-D24 -> 10432751 | F24: =+'202501anual'!D64 -> 120967250 | G24: =+[25]Resultados!$D$41-[25]Resultados!$D$59 -> 114058122 | H24: =+F24-G24 -> 6909128 | I24: =+'202501anual'!E64 -> 120967250 | J24: =+[26]Resultados!$E$41 -> 116362938 | K24: =+I24-J24 -> 4604312 | L24: =+'202501anual'!F64 -> 120967250 | M24: 109322446 | N24: =+L24-M24 -> 11644804 | O24: =+'202501anual'!G64 -> 120967250 | P24: 108537735 | Q24: =+O24-P24 -> 12429515 | R24: =+'202501anual'!H64 -> 120967250 | S24: 109832411 | T24: =+R24-S24 -> 11134839 | U24: =+'202501anual'!I64 -> 120967250 | V24: =+[30]Resultados!$I$41 -> 112145629 | W24: =+U24-V24 -> 8821621 | Z24: =+X24-Y24 -> 0 | AC24: =+AA24-AB24 -> 0 | AF24: =+AD24-AE24 -> 0 | AI24: =+AG24-AH24 -> 0 | AL24: =+AJ24-AK24 -> 0 | AM24: =+C24+F24+I24+L24+O24+R24+U24+X24+AA24+AD24+AG24+AJ24 -> 846770750 | AN24: =+D24+G24+J24+M24+P24+S24+V24+Y24+AB24+AE24+AH24+AK24 -> 7.8079378e+08 | AO24: =+AM24-AN24 -> 65976970 | AP24: =+AO24/AM24*100 -> 7.7915976 | AZ24: =+AM24-AN24-AO24 -> 0
A25: Dotación de uniformes para el personal, elementos de proteccion y bioseguridad (pantalon , camisa, zapatos, impermeables, pantaneras, chalecos reflectivos) | B25: 0 | C25: 0 | D25: 0 | E25: =+C25-D25 -> 0 | H25: =+F25-G25 -> 0 | K25: =+I25-J25 -> 0 | N25: =+L25-M25 -> 0 | Q25: =+O25-P25 -> 0 | T25: =+R25-S25 -> 0 | W25: =+U25-V25 -> 0 | Z25: =+X25-Y25 -> 0 | AC25: =+AA25-AB25 -> 0 | AF25: =+AD25-AE25 -> 0 | AI25: =+AG25-AH25 -> 0 | AL25: =+AJ25-AK25 -> 0 | AM25: =+C25+F25+I25+L25+O25+R25+U25+X25+AA25+AD25+AG25+AJ25 -> 0 | AN25: =+D25+G25+J25+M25+P25+S25+V25+Y25+AB25+AE25+AH25+AK25 -> 0 | AO25: =+AM25-AN25 -> 0 | AP25: =+AO25/AM25*100 -> #DIV/0! | AZ25: =+AM25-AN25-AO25 -> 0
A26: Barrido vias | B26: =+'202501anual'!B66 -> 12000000 | C26: =+'202501anual'!C66 -> 0 | E26: =+C26-D26 -> 0 | F26: =+'202501anual'!D66 -> 0 | H26: =+F26-G26 -> 0 | I26: =+'202501anual'!E66 -> 0 | J26: 0 | K26: =+I26-J26 -> 0 | L26: =+'202501anual'!F66 -> 0 | N26: =+L26-M26 -> 0 | Q26: =+O26-P26 -> 0 | T26: =+R26-S26 -> 0 | W26: =+U26-V26 -> 0 | Z26: =+X26-Y26 -> 0 | AC26: =+AA26-AB26 -> 0 | AF26: =+AD26-AE26 -> 0 | AI26: =+AG26-AH26 -> 0 | AL26: =+AJ26-AK26 -> 0 | AM26: =+C26+F26+I26+L26+O26+R26+U26+X26+AA26+AD26+AG26+AJ26 -> 0 | AN26: =+D26+G26+J26+M26+P26+S26+V26+Y26+AB26+AE26+AH26+AK26 -> 0 | AO26: =+AM26-AN26 -> 0 | AP26: =+AO26/AM26*100 -> #DIV/0! | AZ26: =+AM26-AN26-AO26 -> 0
A27: Recolección y Transporte | B27: =+'202501anual'!B69 -> 622200000 | C27: =+'202501anual'!C69 -> 51850000 | D27: 23350000 | E27: =+C27-D27 -> 28500000 | F27: =+'202501anual'!D69 -> 51850000 | G27: =+'202501anual'!Q69 -> 46820000 | H27: =+F27-G27 -> 5030000 | I27: =+'202501anual'!E69 -> 51850000 | J27: =+'202501anual'!R69 -> 50930300 | K27: =+I27-J27 -> 919700 | L27: =+'202501anual'!F69 -> 51850000 | M27: =+'202501anual'!S69 -> 50630000 | N27: =+L27-M27 -> 1220000 | O27: =+'202501anual'!G69 -> 51850000 | P27: =+'202501anual'!T69 -> 50590000 | Q27: =+O27-P27 -> 1260000 | R27: =+'202501anual'!H69 -> 51850000 | S27: 12450300 | T27: =+R27-S27 -> 39399700 | U27: =+'202501anual'!I69 -> 51850000 | V27: =+'202501anual'!V69 -> 132640000 | W27: =+U27-V27 -> -80790000 | Z27: =+X27-Y27 -> 0 | AC27: =+AA27-AB27 -> 0 | AF27: =+AD27-AE27 -> 0 | AI27: =+AG27-AH27 -> 0 | AL27: =+AJ27-AK27 -> 0 | AM27: =+C27+F27+I27+L27+O27+R27+U27+X27+AA27+AD27+AG27+AJ27 -> 362950000 | AN27: =+D27+G27+J27+M27+P27+S27+V27+Y27+AB27+AE27+AH27+AK27 -> 367410600 | AO27: =+AM27-AN27 -> -4460600 | AP27: =+AO27/AM27*100 -> -1.2289847 | AZ27: =+AM27-AN27-AO27 -> 0
A28: Disposición final | B28: =+'202501anual'!B74 -> 288200000 | C28: =+'202501anual'!C74 -> 13400000 | E28: =+C28-D28 -> 13400000 | F28: =+'202501anual'!D74 -> 13400000 | G28: =+'202501anual'!Q74 -> 10463119 | H28: =+F28-G28 -> 2936881 | I28: =+'202501anual'!E74 -> 32400000 | J28: =+'202501anual'!R74 -> 7587919 | K28: =+I28-J28 -> 24812081 | L28: =+'202501anual'!F74 -> 33400000 | M28: =+'202501anual'!S74 -> 2875000 | N28: =+L28-M28 -> 30525000 | O28: =+'202501anual'!G74 -> 21400000 | P28: =+'202501anual'!T74 -> 20925838 | Q28: =+O28-P28 -> 474162 | R28: =+'202501anual'!H74 -> 26400000 | S28: 0 | T28: =+R28-S28 -> 26400000 | U28: =+'202501anual'!I74 -> 15876000 | V28: =+'202501anual'!V74 -> 26382334 | W28: =+U28-V28 -> -10506334 | Z28: =+X28-Y28 -> 0 | AC28: =+AA28-AB28 -> 0 | AF28: =+AD28-AE28 -> 0 | AI28: =+AG28-AH28 -> 0 | AL28: =+AJ28-AK28 -> 0 | AM28: =+C28+F28+I28+L28+O28+R28+U28+X28+AA28+AD28+AG28+AJ28 -> 156276000 | AN28: =+D28+G28+J28+M28+P28+S28+V28+Y28+AB28+AE28+AH28+AK28 -> 68234210 | AO28: =+AM28-AN28 -> 88041790 | AP28: =+AO28/AM28*100 -> 56.337371 | AZ28: =+AM28-AN28-AO28 -> 0
A29: Generales/Administracion | B29: =+'202501anual'!B88 -> 253720800 | C29: =+'202501anual'!C88 -> 6775000 | D29: 5803614 | E29: =+C29-D29 -> 971386 | F29: =+'202501anual'!D88 -> 11389500 | G29: =+'202501anual'!Q88 -> 7933960 | H29: =+F29-G29 -> 3455540 | I29: =+'202501anual'!E88 -> 27889500 | J29: =+'202501anual'!R88 -> 3015760 | K29: =+I29-J29 -> 24873740 | L29: =+'202501anual'!F88 -> 17889500 | M29: =+'202501anual'!S88 -> 5935409 | N29: =+L29-M29 -> 11954091 | O29: =+'202501anual'!G88 -> 4850000 | P29: =+'202501anual'!T88 -> 6732876 | Q29: =+O29-P29 -> -1882876 | R29: =+'202501anual'!H88 -> 7313500 | S29: 19332099 | T29: =+R29-S29 -> -12018599 | U29: =+'202501anual'!I88 -> 4850000 | V29: =+'202501anual'!V88+'202501anual'!V65 -> 13190416 | W29: =+U29-V29 -> -8340416 | Z29: =+X29-Y29 -> 0 | AC29: =+AA29-AB29 -> 0 | AF29: =+AD29-AE29 -> 0 | AI29: =+AG29-AH29 -> 0 | AL29: =+AJ29-AK29 -> 0 | AM29: =+C29+F29+I29+L29+O29+R29+U29+X29+AA29+AD29+AG29+AJ29 -> 80957000 | AN29: =+D29+G29+J29+M29+P29+S29+V29+Y29+AB29+AE29+AH29+AK29 -> 61944134 | AO29: =+AM29-AN29 -> 19012866 | AP29: =+AO29/AM29*100 -> 23.485141 | AZ29: =+AM29-AN29-AO29 -> 0
A30: Aseo y Limpieza | B30: 0 | C30: 0 | K30: =+I30-J30 -> 0 | L30: =+'202501anual'!F99 -> 0 | M30: 0 | N30: =+L30-M30 -> 0 | O30: =+'202501anual'!G99 -> 0 | P30: 0 | Q30: =+O30-P30 -> 0 | R30: =+'202501anual'!H99 -> 0 | S30: 0 | T30: =+R30-S30 -> 0 | U30: =+'202501anual'!K99 -> 0 | V30: 0 | W30: =+U30-V30 -> 0 | X30: =+'202501anual'!J99 -> 0 | Y30: 0 | Z30: =+X30-Y30 -> 0 | AA30: =+'202501anual'!K99 -> 0 | AC30: =+AA30-AB30 -> 0 | AF30: =+AD30-AE30 -> 0 | AI30: =+AG30-AH30 -> 0 | AJ30: =+'202501anual'!N99 -> 0 | AL30: =+AJ30-AK30 -> 0 | AM30: =+C30+F30+I30+L30+O30+R30+U30+X30+AA30+AD30+AG30+AJ30 -> 0 | AN30: =+D30+G30+J30+M30+P30+S30+V30+Y30+AB30+AE30+AH30+AK30 -> 0 | AO30: =+AM30-AN30 -> 0 | AP30: =+AO30/AM30*100 -> #DIV/0! | AZ30: =+AM30-AN30-AO30 -> 0
A31: Costos de Funcionamiento Operativos Aseo | B31: =SUM(B24:B30) -> 2627727800 | C31: =SUM(C24:C30) -> 192992250 | D31: =SUM(D24:D30) -> 1.3968811e+08 | E31: =SUM(E24:E30) -> 53304137 | F31: =SUM(F24:F30) -> 197606750 | G31: =SUM(G24:G30) -> 179275201 | H31: =SUM(H24:H30) -> 18331549 | I31: =SUM(I24:I30) -> 233106750 | ... AO31: =SUM(AO24:AO30) -> 1.6857103e+08 | AP31: =+AO31/AM31 -> 0.11650063 | AR31: =W31/U31*100 -> -46.922395 | AZ31: =+AM31-AN31-AO31 -> 0
A32: Nomina comercial | B32: =+[13]EjecucionPptalPasiva!$D$317 -> 246419894 | C32: 14235150 | D32: =+[24]Resultados!$C$119*0.416 -> 18184994 | E32: =+C32-D32 -> -3949844.5 | F32: =+'202501anual'!D102 -> 21107704 | G32: =23471002+4258221.53 -> 27729224 | H32: =+F32-G32 -> -6621519.6 | I32: =+'202501anual'!E102 -> 21107704 | J32: 20246081 | K32: =+I32-J32 -> 861622.85 | L32: =+'202501anual'!F102 -> 21107704 | M32: 18314417 | N32: =+L32-M32 -> 2793286.9 | O32: =+'202501anual'!G102 -> 21107704 | P32: 18277702 | Q32: =+O32-P32 -> 2830001.9 | R32: =+'202501anual'!H102 -> 21107704 | S32: 20188800 | T32: =+R32-S32 -> 918903.56 | U32: =+'202501anual'!I102 -> 21107704 | V32: 20008700 | W32: =+U32-V32 -> 1099003.9 | Z32: =+X32-Y32 -> 0 | AC32: =+AA32-AB32 -> 0 | AF32: =+AD32-AE32 -> 0 | AI32: =+AG32-AH32 -> 0 | AL32: =+AJ32-AK32 -> 0 | AM32: =+C32+F32+I32+L32+O32+R32+U32+X32+AA32+AD32+AG32+AJ32 -> 1.4088137e+08 | AN32: =+D32+G32+J32+M32+P32+S32+V32+Y32+AB32+AE32+AH32+AK32 -> 1.4294992e+08 | AO32: =+AM32-AN32 -> -2068545.1 | AP32: =+AO32/AM32*100 -> -1.4682885 | AZ32: =+AM32-AN32-AO32 -> 0
A33: =+'202501anual'!A103 -> Contribuciones CRA-SUPER | B33: =+[13]EjecucionPptalPasiva!$D$312 -> 39000000 | C33: 0 | E33: =+C33-D33 -> 0 | F33: =+'202501anual'!D103 -> 27000000 | G33: =+'202501anual'!Q103 -> 13658000 | H33: =+F33-G33 -> 13342000 | I33: =+'202501anual'!E103 -> 0 | J33: 0 | K33: =+I33-J33 -> 0 | L33: =+'202501anual'!F103 -> 0 | M33: 0 | N33: =+L33-M33 -> 0 | O33: =+'202501anual'!G103 -> 0 | P33: 0 | Q33: =+O33-P33 -> 0 | R33: =+'202501anual'!H3 -> 0 | S33: 0 | T33: =+R33-S33 -> 0 | U33: =+'202501anual'!I3 -> 0 | W33: =+U33-V33 -> 0 | Z33: =+X33-Y33 -> 0 | AC33: =+AA33-AB33 -> 0 | AF33: =+AD33-AE33 -> 0 | AI33: =+AG33-AH33 -> 0 | AL33: =+AJ33-AK33 -> 0 | AM33: =+C33+F33+I33+L33+O33+R33+U33+X33+AA33+AD33+AG33+AJ33 -> 27000000 | AN33: =+D33+G33+J33+M33+P33+S33+V33+Y33+AB33+AE33+AH33+AK33 -> 13658000 | AO33: =+AM33-AN33 -> 13342000 | AP33: =+AO33/AM33*100 -> 49.414815 | AZ33: =+AM33-AN33-AO33 -> 0
A34: =+'202501anual'!A104 -> Servicios software INTEGRIN | B34: =+[13]EjecucionPptalPasiva!$D$351 -> 21120000 | C34: =+[7]Ppto!$Y$122 -> 1760000 | D34: 0 | E34: =+C34-D34 -> 1760000 | F34: =+'202501anual'!D104 -> 1760000 | G34: =+'202501anual'!Q104 -> 3728000 | H34: =+F34-G34 -> -1968000 | I34: =+'202501anual'!E104 -> 1760000 | J34: 1864000 | K34: =+I34-J34 -> -104000 | L34: =+'202501anual'!F104 -> 1760000 | M34: 0 | N34: =+L34-M34 -> 1760000 | O34: =+'202501anual'!G104 -> 1760000 | P34: =+'202501anual'!T104 -> 1864000 | Q34: =+O34-P34 -> -104000 | R34: =+'202501anual'!H104 -> 1760000 | S34: 1864000 | T34: =+R34-S34 -> -104000 | U34: =+'202501anual'!I104 -> 1760000 | V34: =+'202501anual'!V104 -> 5479417 | W34: =+U34-V34 -> -3719417 | Z34: =+X34-Y34 -> 0 | AC34: =+AA34-AB34 -> 0 | AF34: =+AD34-AE34 -> 0 | AI34: =+AG34-AH34 -> 0 | AL34: =+AJ34-AK34 -> 0 | AM34: =+C34+F34+I34+L34+O34+R34+U34+X34+AA34+AD34+AG34+AJ34 -> 12320000 | AN34: =+D34+G34+J34+M34+P34+S34+V34+Y34+AB34+AE34+AH34+AK34 -> 14799417 | AO34: =+AM34-AN34 -> -2479417 | AP34: =+AO34/AM34*100 -> -20.125138 | AZ34: =+AM34-AN34-AO34 -> 0
A35: =+'202501anual'!A112 -> Dotación de papelería y facturación | B35: =+[13]EjecucionPptalPasiva!$D$344+[13]EjecucionPptalPasiva!$D$96 -> 10600000 | C35: 0 | D35: 12100 | E35: =+C35-D35 -> -12100 | F35: =+'202501anual'!D112 -> 0 | H35: =+F35-G35 -> 0 | I35: =+'202501anual'!E112 -> 0 | K35: =+I35-J35 -> 0 | L35: =+'202501anual'!F112 -> 780000 | M35: 0 | N35: =+L35-M35 -> 780000 | O35: =+'202501anual'!G112 -> 780000 | P35: =+'202501anual'!T112 -> 6114200 | Q35: =+O35-P35 -> -5334200 | R35: =+'202501anual'!H112 -> 780000 | S35: 0 | T35: =+R35-S35 -> 780000 | U35: =+'202501anual'!I112 -> 3530000 | V35: =+'202501anual'!V112 -> 12900 | W35: =+U35-V35 -> 3517100 | Z35: =+X35-Y35 -> 0 | AC35: =+AA35-AB35 -> 0 | AF35: =+AD35-AE35 -> 0 | AI35: =+AG35-AH35 -> 0 | AL35: =+AJ35-AK35 -> 0 | AM35: =+C35+F35+I35+L35+O35+R35+U35+X35+AA35+AD35+AG35+AJ35 -> 5870000 | AN35: =+D35+G35+J35+M35+P35+S35+V35+Y35+AB35+AE35+AH35+AK35 -> 6139200 | AO35: =+AM35-AN35 -> -269200 | AP35: =+AO35/AM35*100 -> -4.5860307 | AZ35: =+AM35-AN35-AO35 -> 0
A36: =+'202501anual'!A106 -> Pagina WEB-Dominio actualizacion software | B36: =+[13]EjecucionPptalPasiva!$D$350 -> 600000 | C36: 0 | D36: 0 | E36: =+C36-D36 -> 0 | F36: =+'202501anual'!D106 -> 0 | G36: =+'202501anual'!Q106 -> 0 | H36: =+F36-G36 -> 0 | I36: =+'202501anual'!E106 -> 0 | K36: =+I36-J36 -> 0 | L36: =+'202501anual'!F106 -> 0 | M36: 0 | N36: =+L36-M36 -> 0 | O36: =+'202501anual'!G106 -> 0 | Q36: =+O36-P36 -> 0 | R36: =+'202501anual'!H106 -> 600000 | T36: =+R36-S36 -> 600000 | U36: =+'202501anual'!I106 -> 0 | W36: =+U36-V36 -> 0 | Z36: =+X36-Y36 -> 0 | AC36: =+AA36-AB36 -> 0 | AF36: =+AD36-AE36 -> 0 | AI36: =+AG36-AH36 -> 0 | AL36: =+AJ36-AK36 -> 0 | AM36: =+C36+F36+I36+L36+O36+R36+U36+X36+AA36+AD36+AG36+AJ36 -> 600000 | AN36: =+D36+G36+J36+M36+P36+S36+V36+Y36+AB36+AE36+AH36+AK36 -> 0 | AO36: =+AM36-AN36 -> 600000 | AP36: =+AO36/AM36*100 -> 100 | AZ36: =+AM36-AN36-AO36 -> 0
A37: Gestion cartera | B37: =+[13]EjecucionPptalPasiva!$D$355 -> 24000000 | C37: =+[7]Ppto!Y124 -> 2000000 | D37: 0 | E37: =+C37-D37 -> 2000000 | F37: =+'202501anual'!D142 -> 2000000 | G37: =+'202501anual'!Q142 -> 0 | H37: =+F37-G37 -> 2000000 | I37: =+'[31]202501anual'!E142 -> 2000000 | J37: 0 | K37: =+I37-J37 -> 2000000 | L37: =+'202501anual'!F142 -> 2000000 | M37: 10000000 | N37: =+L37-M37 -> -8000000 | O37: =+'202501anual'!G142 -> 2000000 | P37: 0 | Q37: =+O37-P37 -> 2000000 | R37: =+'202501anual'!H142 -> 2000000 | S37: 0 | T37: =+R37-S37 -> 2000000 | U37: =+'202501anual'!I142 -> 2000000 | V37: 0 | W37: =+U37-V37 -> 2000000 | Z37: =+X37-Y37 -> 0 | AC37: =+AA37-AB37 -> 0 | AF37: =+AD37-AE37 -> 0 | AI37: =+AG37-AH37 -> 0 | AL37: =+AJ37-AK37 -> 0 | AM37: =+C37+F37+I37+L37+O37+R37+U37+X37+AA37+AD37+AG37+AJ37 -> 14000000 | AN37: =+D37+G37+J37+M37+P37+S37+V37+Y37+AB37+AE37+AH37+AK37 -> 10000000 | AO37: =+AM37-AN37 -> 4000000 | AP37: =+AO37/AM37*100 -> 28.571429 | AZ37: =+AM37-AN37-AO37 -> 0
A38: Arrendamiento oficina | B38: =+[13]EjecucionPptalPasiva!$D$354 -> 16706880 | C38: 0 | D38: 0 | E38: =+C38-D38 -> 0 | F38: 0 | G38: 0 | H38: =+F38-G38 -> 0 | I38: 0 | K38: =+I38-J38 -> 0 | L38: 0 | N38: =+L38-M38 -> 0 | O38: 0 | Q38: =+O38-P38 -> 0 | R38: 0 | T38: =+R38-S38 -> 0 | U38: 0 | W38: =+U38-V38 -> 0 | Z38: =+X38-Y38 -> 0 | AC38: =+AA38-AB38 -> 0 | AF38: =+AD38-AE38 -> 0 | AI38: =+AG38-AH38 -> 0 | AL38: =+AJ38-AK38 -> 0 | AM38: =+C38+F38+I38+L38+O38+R38+U38+X38+AA38+AD38+AG38+AJ38 -> 0 | AN38: =+D38+G38+J38+M38+P38+S38+V38+Y38+AB38+AE38+AH38+AK38 -> 0 | AO38: =+AM38-AN38 -> 0 | AP38: =+AO38/AM38*100 -> #DIV/0! | AZ38: =+AM38-AN38-AO38 -> 0
A39: =+'202501anual'!A123 -> Plan de medios | B39: =+[13]EjecucionPptalPasiva!$D$342+[13]EjecucionPptalPasiva!$D$349 -> 31445300 | C39: =+[7]Ppto!$Y$17 -> 1855000 | D39: 1837648 | E39: =+C39-D39 -> 17352 | F39: =+'202501anual'!D123 -> 2417300 | G39: =+'202501anual'!Q123 -> 2417300 | H39: =+F39-G39 -> 0 | I39: =+'202501anual'!E123 -> 2417300 | J39: =+'202501anual'!R123 -> 2417300 | K39: =+I39-J39 -> 0 | L39: =+'202501anual'!F123 -> 5417300 | M39: 2417300 | N39: =+L39-M39 -> 3000000 | O39: =+'202501anual'!G123 -> 2417300 | P39: =+'202501anual'!T123 -> 2417300 | Q39: =+O39-P39 -> 0 | R39: =+'202501anual'!H123 -> 2417300 | S39: 0 | T39: =+R39-S39 -> 2417300 | U39: =+'202501anual'!I123 -> 2417300 | V39: =+'202501anual'!V123 -> 5217300 | W39: =+U39-V39 -> -2800000 | Z39: =+X39-Y39 -> 0 | AC39: =+AA39-AB39 -> 0 | AF39: =+AD39-AE39 -> 0 | AI39: =+AG39-AH39 -> 0 | AL39: =+AJ39-AK39 -> 0 | AM39: =+C39+F39+I39+L39+O39+R39+U39+X39+AA39+AD39+AG39+AJ39 -> 19358800 | AN39: =+D39+G39+J39+M39+P39+S39+V39+Y39+AB39+AE39+AH39+AK39 -> 16724148 | AO39: =+AM39-AN39 -> 2634652 | AP39: =+AO39/AM39*100 -> 13.609583 | AZ39: =+AM39-AN39-AO39 -> 0
A40: =+'202501anual'!A133 -> Recaudos | B40: =+[13]EjecucionPptalPasiva!$D$353 -> 55200000 | C40: =+[7]Ppto!$Y$123 -> 4600000 | D40: 1100360 | E40: =+C40-D40 -> 3499640 | F40: =+'202501anual'!D133 -> 4600000 | G40: =+'202501anual'!Q133 -> 1059060 | H40: =+F40-G40 -> 3540940 | I40: =+'202501anual'!E133 -> 4600000 | J40: =+'202501anual'!R133 -> 1103290 | K40: =+I40-J40 -> 3496710 | L40: =+'202501anual'!F133 -> 4600000 | M40: 1136532 | N40: =+L40-M40 -> 3463468 | O40: =+'202501anual'!G133 -> 4600000 | P40: =+'202501anual'!T133 -> 1231937 | Q40: =+O40-P40 -> 3368063 | R40: =+'202501anual'!H133 -> 4600000 | S40: 10400 | T40: =+R40-S40 -> 4589600 | U40: =+'202501anual'!I133 -> 4600000 | V40: =+'202501anual'!V133 -> 2528458 | W40: =+U40-V40 -> 2071542 | Z40: =+X40-Y40 -> 0 | AC40: =+AA40-AB40 -> 0 | AF40: =+AD40-AE40 -> 0 | AI40: =+AG40-AH40 -> 0 | AL40: =+AJ40-AK40 -> 0 | AM40: =+C40+F40+I40+L40+O40+R40+U40+X40+AA40+AD40+AG40+AJ40 -> 32200000 | AN40: =+D40+G40+J40+M40+P40+S40+V40+Y40+AB40+AE40+AH40+AK40 -> 8170037 | AO40: =+AM40-AN40 -> 24029963 | AP40: =+AO40/AM40*100 -> 74.627214 | AZ40: =+AM40-AN40-AO40 -> 0
A41: =+'202501anual'!A139 -> Alquiler de mulas y vehículos de transporte | B41: =+[13]EjecucionPptalPasiva!$D$108 -> 8000000 | C41: 0 | E41: =+C41-D41 -> 0 | F41: =+'202501anual'!D139 -> 0 | H41: =+F41-G41 -> 0 | I41: =+'202501anual'!E139 -> 800000 | J41: 0 | K41: =+I41-J41 -> 800000 | L41: =+'202501anual'!F139 -> 800000 | M41: 0 | N41: =+L41-M41 -> 800000 | O41: =+'202501anual'!G139 -> 800000 | P41: =+'202501anual'!T139 -> 3200000 | Q41: =+O41-P41 -> -2400000 | R41: =+'202501anual'!H139 -> 800000 | S41: 0 | T41: =+R41-S41 -> 800000 | U41: =+'202501anual'!I139 -> 800000 | V41: =+'202501anual'!V139 -> 0 | W41: =+U41-V41 -> 800000 | Z41: =+X41-Y41 -> 0 | AC41: =+AA41-AB41 -> 0 | AF41: =+AD41-AE41 -> 0 | AI41: =+AG41-AH41 -> 0 | AL41: =+AJ41-AK41 -> 0 | AM41: =+C41+F41+I41+L41+O41+R41+U41+X41+AA41+AD41+AG41+AJ41 -> 4000000 | AN41: =+D41+G41+J41+M41+P41+S41+V41+Y41+AB41+AE41+AH41+AK41 -> 3200000 | AO41: =+AM41-AN41 -> 800000 | AP41: =+AO41/AM41*100 -> 20 | AZ41: =+AM41-AN41-AO41 -> 0
A42: =+'202501anual'!A151 -> Asesoria y argue sui | B42: 0 | C42: 0 | E42: =+C42-D42 -> 0 | H42: =+F42-G42 -> 0 | K42: =+I42-J42 -> 0 | N42: =+L42-M42 -> 0 | Q42: =+O42-P42 -> 0 | T42: =+R42-S42 -> 0 | W42: =+U42-V42 -> 0 | Z42: =+X42-Y42 -> 0 | AC42: =+AA42-AB42 -> 0 | AF42: =+AD42-AE42 -> 0 | AI42: =+AG42-AH42 -> 0 | AL42: =+AJ42-AK42 -> 0 | AM42: =+C42+F42+I42+L42+O42+R42+U42+X42+AA42+AD42+AG42+AJ42 -> 0 | AN42: =+D42+G42+J42+M42+P42+S42+V42+Y42+AB42+AE42+AH42+AK42 -> 0 | AO42: =+AM42-AN42 -> 0 | AP42: =+AO42/AM42*100 -> #DIV/0! | AZ42: =+AM42-AN42-AO42 -> 0
A43: =+'202501anual'!A137 -> Transporte Agua potable | B43: =+[13]EjecucionPptalPasiva!$D$348 -> 18000000 | C43: 0 | D43: 0 | E43: =+C43-D43 -> 0 | F43: =+'202501anual'!D137 -> 2000000 | G43: =+'202501anual'!Q137 -> 0 | H43: =+F43-G43 -> 2000000 | I43: =+'202501anual'!E137 -> 2000000 | J43: 0 | K43: =+I43-J43 -> 2000000 | L43: =+'202501anual'!F137 -> 2000000 | M43: 0 | N43: =+L43-M43 -> 2000000 | O43: =+'202501anual'!G137 -> 2000000 | P43: 0 | Q43: =+O43-P43 -> 2000000 | R43: =+'202501anual'!H137 -> 2000000 | S43: 0 | T43: =+R43-S43 -> 2000000 | U43: =+'202501anual'!I137 -> 2000000 | V43: 0 | W43: =+U43-V43 -> 2000000 | Z43: =+X43-Y43 -> 0 | AC43: =+AA43-AB43 -> 0 | AF43: =+AD43-AE43 -> 0 | AI43: =+AG43-AH43 -> 0 | AL43: =+AJ43-AK43 -> 0 | AM43: =+C43+F43+I43+L43+O43+R43+U43+X43+AA43+AD43+AG43+AJ43 -> 12000000 | AN43: =+D43+G43+J43+M43+P43+S43+V43+Y43+AB43+AE43+AH43+AK43 -> 0 | AO43: =+AM43-AN43 -> 12000000 | AP43: =+AO43/AM43*100 -> 100 | AZ43: =+AM43-AN43-AO43 -> 0
A44: =+'202501anual'!A154 -> Camp-de sensi-y concient PUEAA (inc-materiales) | B44: =+[13]EjecucionPptalPasiva!$D$352 -> 8000000 | C44: =+'202501anual'!C154 -> 0 | E44: =+C44-D44 -> 0 | H44: =+F44-G44 -> 0 | J44: 0 | K44: =+I44-J44 -> 0 | N44: =+L44-M44 -> 0 | Q44: =+O44-P44 -> 0 | T44: =+R44-S44 -> 0 | W44: =+U44-V44 -> 0 | Z44: =+X44-Y44 -> 0 | AC44: =+AA44-AB44 -> 0 | AF44: =+AD44-AE44 -> 0 | AI44: =+AG44-AH44 -> 0 | AL44: =+AJ44-AK44 -> 0 | AM44: =+C44+F44+I44+L44+O44+R44+U44+X44+AA44+AD44+AG44+AJ44 -> 0 | AN44: =+D44+G44+J44+M44+P44+S44+V44+Y44+AB44+AE44+AH44+AK44 -> 0 | AO44: =+AM44-AN44 -> 0 | AP44: =+AO44/AM44*100 -> #DIV/0! | AZ44: =+AM44-AN44-AO44 -> 0
A45: Gastos comerciales | B45: =SUM(B32:B44) -> 479092074 | C45: =SUM(C32:C44) -> 24450150 | D45: =SUM(D32:D44) -> 21135102 | E45: =SUM(E32:E44) -> 3315047.5 | F45: =SUM(F32:F44) -> 60885004 | G45: =SUM(G32:G44) -> 48591584 | H45: =SUM(H32:H44) -> 12293420 | I45: =SUM(I32:I44) -> 34685004 | ... AO45: =SUM(AO32:AO44) -> 52589453 | AP45: =+AO45/AM45 -> 0.19606091 | AR45: =W45/U45*100 -> 13.000728 | AZ45: =+AM45-AN45-AO45 -> 0
A46: Nomina Administracion | B46: =+[13]EjecucionPptalPasiva!$D$13 -> 417017933 | C46: =+B46/12 -> 34751494 | D46: =+[24]Resultados!$C$119-18184994 -> 25528935 | E46: =+C46-D46 -> 9222559.4 | F46: =+'202501anual'!D101 -> 34751494 | G46: 23206981 | H46: =+F46-G46 -> 11544513 | I46: =+'202501anual'!E101 -> 34751494 | J46: 33033080 | K46: =+I46-J46 -> 1718414.8 | L46: =+'202501anual'!F101 -> 34751494 | M46: =48195834-18314417 -> 29881417 | N46: =+L46-M46 -> 4870077.4 | O46: =+'202501anual'!G101 -> 34751494 | P46: 29543119 | Q46: =+O46-P46 -> 5208375.4 | R46: =+'202501anual'!H101 -> 34751494 | S46: 28369991 | T46: =+R46-S46 -> 6381503.7 | U46: =+'202501anual'!I101 -> 34751494 | V46: 27382615 | W46: =+U46-V46 -> 7368879.4 | AC46: =+AA46-AB46 -> 0 | AF46: =+AD46-AE46 -> 0 | AI46: =+AG46-AH46 -> 0 | AL46: =+AJ46-AK46 -> 0 | AM46: =+C46+F46+I46+L46+O46+R46+U46+X46+AA46+AD46+AG46+AJ46 -> 2.4326046e+08 | AN46: =+D46+G46+J46+M46+P46+S46+V46+Y46+AB46+AE46+AH46+AK46 -> 1.9694614e+08 | AO46: =+AM46-AN46 -> 46314323 | AP46: =+AO46/AM46*100 -> 19.038985 | AZ46: =+AM46-AN46-AO46 -> 0
A47: Licenciamiento software /Pagina web | B47: =+[13]EjecucionPptalPasiva!$D$103 -> 4200000 | C47: =+[7]Ppto!$Y$92-19999.99 -> 330000.01 | D47: 3817349 | E47: =+C47-D47 -> -3487349 | F47: =+'202501anual'!D105 -> 350000 | G47: =+'202501anual'!Q105 -> 0 | H47: =+F47-G47 -> 350000 | I47: =+'202501anual'!E105 -> 350000 | J47: 0 | K47: =+I47-J47 -> 350000 | L47: =+'202501anual'!F105 -> 350000 | N47: =+L47-M47 -> 350000 | O47: =+'202501anual'!G105 -> 350000 | P47: =+'202501anual'!T106 -> 227980 | Q47: =+O47-P47 -> 122020 | R47: =+'202501anual'!H105 -> 350000 | S47: 0 | T47: =+R47-S47 -> 350000 | U47: =+'202501anual'!I105 -> 350000 | V47: =+'202501anual'!V106 -> 0 | W47: =+U47-V47 -> 350000 | AC47: =+AA47-AB47 -> 0 | AF47: =+AD47-AE47 -> 0 | AI47: =+AG47-AH47 -> 0 | AL47: =+AJ47-AK47 -> 0 | AM47: =+C47+F47+I47+L47+O47+R47+U47+X47+AA47+AD47+AG47+AJ47 -> 2430000 | AN47: =+D47+G47+J47+M47+P47+S47+V47+Y47+AB47+AE47+AH47+AK47 -> 4045329 | AO47: =+AM47-AN47 -> -1615329 | AP47: =+AO47/AM47*100 -> -66.474444 | AZ47: =+AM47-AN47-AO47 -> 0
A48: Arrendamiento oficina administrativa | B48: =+[13]EjecucionPptalPasiva!$D$111 -> 121293120 | C48: =+[7]Ppto!$Y$86 -> 11500000 | D48: 0 | E48: =+C48-D48 -> 11500000 | F48: =+'202501anual'!D107 -> 11500000 | G48: =+'202501anual'!Q107 -> 22995296 | H48: =+F48-G48 -> -11495296 | I48: =+'202501anual'!E107 -> 11500000 | J48: 0 | K48: =+I48-J48 -> 11500000 | L48: =+'202501anual'!F107 -> 11500000 | M48: 22995296 | N48: =+L48-M48 -> -11495296 | O48: =+'202501anual'!G107 -> 11500000 | P48: 0 | Q48: =+O48-P48 -> 11500000 | R48: =+'202501anual'!H107 -> 11500000 | S48: 0 | T48: =+R48-S48 -> 11500000 | U48: =+'202501anual'!I107 -> 11500000 | V48: =+'202501anual'!V107 -> 22995296 | W48: =+U48-V48 -> -11495296 | AC48: =+AA48-AB48 -> 0 | AF48: =+AD48-AE48 -> 0 | AI48: =+AG48-AH48 -> 0 | AL48: =+AJ48-AK48 -> 0 | AM48: =+C48+F48+I48+L48+O48+R48+U48+X48+AA48+AD48+AG48+AJ48 -> 80500000 | AN48: =+D48+G48+J48+M48+P48+S48+V48+Y48+AB48+AE48+AH48+AK48 -> 68985888 | AO48: =+AM48-AN48 -> 11514112 | AP48: =+AO48/AM48*100 -> 14.303245 | AZ48: =+AM48-AN48-AO48 -> 0
A49: Compra activos Equipo de computo (hardwaare, software), mobiliario oficina | B49: =+[13]EjecucionPptalPasiva!$D$78 -> 43800000 | C49: 0 | D49: 0 | E49: =+C49-D49 -> 0 | H49: =+F49-G49 -> 0 | I49: =+'202501anual'!E149 -> 2400000 | J49: 0 | K49: =+I49-J49 -> 2400000 | L49: =+'202501anual'!F149 -> 0 | N49: =+L49-M49 -> 0 | O49: =+'202501anual'!G149+'202501anual'!G116+'202501anual'!G108 -> 8500000 | P49: 0 | Q49: =+O49-P49 -> 8500000 | R49: =+'202501anual'!H149+'202501anual'!H116+'202501anual'!H108 -> 6500000 | S49: 0 | T49: =+R49-S49 -> 6500000 | U49: =+'202501anual'!I149+'202501anual'!I116+'202501anual'!I108 -> 5500000 | V49: 0 | W49: =+U49-V49 -> 5500000 | AC49: =+AA49-AB49 -> 0 | AF49: =+AD49-AE49 -> 0 | AI49: =+AG49-AH49 -> 0 | AL49: =+AJ49-AK49 -> 0 | AM49: =+C49+F49+I49+L49+O49+R49+U49+X49+AA49+AD49+AG49+AJ49 -> 22900000 | AN49: =+D49+G49+J49+M49+P49+S49+V49+Y49+AB49+AE49+AH49+AK49 -> 0 | AO49: =+AM49-AN49 -> 22900000 | AP49: =+AO49/AM49*100 -> 100 | AZ49: =+AM49-AN49-AO49 -> 0
A50: Servicios publicos (energia, telefono, aseo) | B50: =+[13]EjecucionPptalPasiva!$D$105+[13]EjecucionPptalPasiva!$D$106+[13]EjecucionPptalPasiva!$D$107 -> 45091200 | C50: =+[7]Ppto!$Y$110+[7]Ppto!$Y$111+[7]Ppto!$Y$112+[7]Ppto!$Y$113+[7]Ppto!$Y$114 -> 4730000 | D50: 871959 | E50: =+C50-D50 -> 3858041 | F50: =+'202501anual'!D109 -> 4730000 | G50: =+'202501anual'!Q109 -> 2338446 | H50: =+F50-G50 -> 2391554 | I50: =+'202501anual'!E109 -> 4730000 | J50: =+[28]EjecucionPptalPasiva!$Q$75 -> 4029807 | K50: =+I50-J50 -> 700193 | L50: =+'202501anual'!F109 -> 4730000 | M50: 4707736 | N50: =+L50-M50 -> 22264 | O50: =+'202501anual'!G109 -> 4730000 | P50: =+'202501anual'!T109 -> 3837351 | Q50: =+O50-P50 -> 892649 | R50: =+'202501anual'!H109 -> 4730000 | S50: 4811742 | T50: =+R50-S50 -> -81742 | U50: =+'202501anual'!I109 -> 4730000 | V50: =+'202501anual'!V109 -> 5549850 | W50: =+U50-V50 -> -819850 | AC50: =+AA50-AB50 -> 0 | AF50: =+AD50-AE50 -> 0 | AI50: =+AG50-AH50 -> 0 | AL50: =+AJ50-AK50 -> 0 | AM50: =+C50+F50+I50+L50+O50+R50+U50+X50+AA50+AD50+AG50+AJ50 -> 33110000 | AN50: =+D50+G50+J50+M50+P50+S50+V50+Y50+AB50+AE50+AH50+AK50 -> 26146891 | AO50: =+AM50-AN50 -> 6963109 | AP50: =+AO50/AM50*100 -> 21.03023 | AZ50: =+AM50-AN50-AO50 -> 0
A51: Dotación de uniformes para el personal, elementos de proteccion y bioseguridad (pantalon , camisa, zapatos, impermeables, pantaneras, chalecos reflectivos) | B51: =+[13]EjecucionPptalPasiva!$D$343+[13]EjecucionPptalPasiva!$D$95 -> 5000000 | C51: 0 | D51: 0 | E51: =+C51-D51 -> 0 | H51: =+F51-G51 -> 0 | J51: 0 | K51: =+I51-J51 -> 0 | L51: 50000000 | M51: 0 | N51: =+L51-M51 -> 50000000 | O51: 0 | P51: 0 | Q51: =+O51-P51 -> 0 | R51: 0 | S51: 0 | T51: =+R51-S51 -> 0 | U51: 0 | V51: 0 | W51: =+U51-V51 -> 0 | AC51: =+AA51-AB51 -> 0 | AF51: =+AD51-AE51 -> 0 | AI51: =+AG51-AH51 -> 0 | AL51: =+AJ51-AK51 -> 0 | AM51: =+C51+F51+I51+L51+O51+R51+U51+X51+AA51+AD51+AG51+AJ51 -> 50000000 | AN51: =+D51+G51+J51+M51+P51+S51+V51+Y51+AB51+AE51+AH51+AK51 -> 0 | AO51: =+AM51-AN51 -> 50000000 | AP51: =+AO51/AM51*100 -> 100 | AZ51: =+AM51-AN51-AO51 -> 0
A52: Dotación de cafetería, agua en botellon, hielo | B52: =+[13]EjecucionPptalPasiva!$D$94 -> 7326000 | C52: 0 | D52: 0 | E52: =+C52-D52 -> 0 | F52: =+'202501anual'!D113 -> 0 | G52: =+'202501anual'!Q113 -> 0 | H52: =+F52-G52 -> 0 | I52: =+'202501anual'!E113 -> 780000 | J52: 0 | K52: =+I52-J52 -> 780000 | L52: =+'202501anual'!F113 -> 1994000 | M52: 0 | N52: =+L52-M52 -> 1994000 | O52: =+'202501anual'!G113 -> 1994000 | P52: 0 | Q52: =+O52-P52 -> 1994000 | R52: =+'202501anual'!H113 -> 1994000 | S52: 0 | T52: =+R52-S52 -> 1994000 | U52: =+'202501anual'!I113 -> 1994000 | V52: 0 | W52: =+U52-V52 -> 1994000 | AC52: =+AA52-AB52 -> 0 | AF52: =+AD52-AE52 -> 0 | AI52: =+AG52-AH52 -> 0 | AL52: =+AJ52-AK52 -> 0 | AM52: =+C52+F52+I52+L52+O52+R52+U52+X52+AA52+AD52+AG52+AJ52 -> 8756000 | AN52: =+D52+G52+J52+M52+P52+S52+V52+Y52+AB52+AE52+AH52+AK52 -> 0 | AO52: =+AM52-AN52 -> 8756000 | AP52: =+AO52/AM52*100 -> 100 | AZ52: =+AM52-AN52-AO52 -> 0
A53: Gastos bancarios | B53: =+[13]EjecucionPptalPasiva!$D$109 -> 9600000 | C53: =+[7]Ppto!$Y$131 -> 800000 | D53: 1219643 | E53: =+C53-D53 -> -419643 | F53: =+'202501anual'!D114 -> 800000 | G53: =+'202501anual'!Q114 -> 1195304 | H53: =+F53-G53 -> -395304.02 | I53: =+'202501anual'!E114 -> 800000 | J53: =+[28]EjecucionPptalPasiva!$Q$69 -> 1087307 | K53: =+I53-J53 -> -287307 | L53: =+'202501anual'!F114 -> 800000 | M53: 890053 | N53: =+L53-M53 -> -90053 | O53: =+'202501anual'!G114 -> 800000 | P53: =+'202501anual'!T114 -> 1127344 | Q53: =+O53-P53 -> -327344 | R53: =+'202501anual'!H114 -> 800000 | S53: 1465236 | T53: =+R53-S53 -> -665236 | U53: =+'202501anual'!I114 -> 800000 | V53: =+'202501anual'!V114 -> 994714 | W53: =+U53-V53 -> -194714 | AC53: =+AA53-AB53 -> 0 | AF53: =+AD53-AE53 -> 0 | AI53: =+AG53-AH53 -> 0 | AL53: =+AJ53-AK53 -> 0 | AM53: =+C53+F53+I53+L53+O53+R53+U53+X53+AA53+AD53+AG53+AJ53 -> 5600000 | AN53: =+D53+G53+J53+M53+P53+S53+V53+Y53+AB53+AE53+AH53+AK53 -> 7979601 | AO53: =+AM53-AN53 -> -2379601 | AP53: =+AO53/AM53*100 -> -42.492875 | AZ53: =+AM53-AN53-AO53 -> 0
A54: Fletes Marítimos y Terrestres | B54: =+[13]EjecucionPptalPasiva!$D$119 -> 25400000 | C54: 0 | D54: 0 | E54: =+C54-D54 -> 0 | F54: =+'202501anual'!D115 -> 25000000 | G54: =+'202501anual'!Q115 -> 0 | H54: =+F54-G54 -> 25000000 | I54: =+'202501anual'!E115 -> 12000000 | K54: =+I54-J54 -> 12000000 | L54: 0 | M54: 0 | N54: =+L54-M54 -> 0 | O54: =+'202501anual'!G115 -> 10000000 | P54: 0 | Q54: =+O54-P54 -> 10000000 | R54: =+'202501anual'!H115 -> 10000000 | S54: 19230655 | T54: =+R54-S54 -> -9230655 | U54: =+'202501anual'!I115 -> 10000000 | V54: =+'202501anual'!V115 -> 32919750 | W54: =+U54-V54 -> -22919750 | AC54: =+AA54-AB54 -> 0 | AF54: =+AD54-AE54 -> 0 | AI54: =+AG54-AH54 -> 0 | AL54: =+AJ54-AK54 -> 0 | AM54: =+C54+F54+I54+L54+O54+R54+U54+X54+AA54+AD54+AG54+AJ54 -> 67000000 | AN54: =+D54+G54+J54+M54+P54+S54+V54+Y54+AB54+AE54+AH54+AK54 -> 52150405 | AO54: =+AM54-AN54 -> 14849595 | AP54: =+AO54/AM54*100 -> 22.163575 | AZ54: =+AM54-AN54-AO54 -> 0
A55: Adquisición y /o reposición de equipos de seguridad y vigilancia (suministro, instalación, servicios) | B55: 0 | C55: 0 | D55: 0 | E55: =+C55-D55 -> 0 | H55: =+F55-G55 -> 0 | J55: 0 | K55: =+I55-J55 -> 0 | N55: =+L55-M55 -> 0 | Q55: =+O55-P55 -> 0 | T55: =+R55-S55 -> 0 | W55: =+U55-V55 -> 0 | AC55: =+AA55-AB55 -> 0 | AF55: =+AD55-AE55 -> 0 | AI55: =+AG55-AH55 -> 0 | AL55: =+AJ55-AK55 -> 0 | AM55: =+C55+F55+I55+L55+O55+R55+U55+X55+AA55+AD55+AG55+AJ55 -> 0 | AN55: =+D55+G55+J55+M55+P55+S55+V55+Y55+AB55+AE55+AH55+AK55 -> 0 | AO55: =+AM55-AN55 -> 0 | AP55: =+AO55/AM55*100 -> #DIV/0! | AZ55: =+AM55-AN55-AO55 -> 0
A56: Servicios personales de outsourcing - asesoría contable y tributaria | B56: =+[13]EjecucionPptalPasiva!$D$116 -> 98054800 | C56: =+[7]Ppto!$Y$12+[7]Ppto!$Y$13 -> 5710000 | D56: 3747627 | E56: =+C56-D56 -> 1962373 | F56: =+'202501anual'!D117 -> 7930400 | G56: =+'202501anual'!Q117 -> 9622400 | H56: =+F56-G56 -> -1692000 | I56: =+'202501anual'!E117 -> 7930400 | J56: =+[28]EjecucionPptalPasiva!$Q$76 -> 7930400 | K56: =+I56-J56 -> 0 | L56: =+'202501anual'!F117 -> 7930400 | M56: 7930400 | N56: =+L56-M56 -> 0 | O56: =+'202501anual'!G117 -> 13040800 | P56: =+'202501anual'!T117 -> 7930400 | Q56: =+O56-P56 -> 5110400 | R56: =+'202501anual'!H117 -> 7930400 | S56: 7930400 | T56: =+R56-S56 -> 0 | U56: =+'202501anual'!I117 -> 7930400 | V56: =+'202501anual'!V117 -> 7930400 | W56: =+U56-V56 -> 0 | AC56: =+AA56-AB56 -> 0 | AF56: =+AD56-AE56 -> 0 | AI56: =+AG56-AH56 -> 0 | AL56: =+AJ56-AK56 -> 0 | AM56: =+C56+F56+I56+L56+O56+R56+U56+X56+AA56+AD56+AG56+AJ56 -> 58402800 | AN56: =+D56+G56+J56+M56+P56+S56+V56+Y56+AB56+AE56+AH56+AK56 -> 53022027 | AO56: =+AM56-AN56 -> 5380773 | AP56: =+AO56/AM56*100 -> 9.2132107 | AZ56: =+AM56-AN56-AO56 -> 0
A57: Servicios Seguridad y salud en el trabajo-juridico | B57: =+[13]EjecucionPptalPasiva!$D$93+[13]EjecucionPptalPasiva!$D$121+[13]EjecucionPptalPasiva!$D$124 -> 98995000 | C57: =+[7]Ppto!$Y$15+[7]Ppto!$Y$81 -> 4759000 | D57: 2485200 | E57: =+C57-D57 -> 2273800 | F57: =+'202501anual'!D119 -> 4142000 | G57: =+'202501anual'!Q119 -> 4142000 | H57: =+F57-G57 -> 0 | I57: =+'202501anual'!E119 -> 4142000 | J57: 4142000 | K57: =+I57-J57 -> 0 | L57: =+'202501anual'!F119 -> 4542000 | M57: =4800000+4142000 -> 8942000 | N57: =+L57-M57 -> -4400000 | O57: =+'202501anual'!G119 -> 4142000 | P57: =+'202501anual'!T119 -> 5335100 | Q57: =+O57-P57 -> -1193100 | R57: =+'202501anual'!H119 -> 4142000 | S57: 4142000 | T57: =+R57-S57 -> 0 | U57: =+'202501anual'!I119 -> 6142000 | V57: =+'202501anual'!V119 -> 4817200 | W57: =+U57-V57 -> 1324800 | AC57: =+AA57-AB57 -> 0 | AF57: =+AD57-AE57 -> 0 | AI57: =+AG57-AH57 -> 0 | AL57: =+AJ57-AK57 -> 0 | AM57: =+C57+F57+I57+L57+O57+R57+U57+X57+AA57+AD57+AG57+AJ57 -> 32011000 | AN57: =+D57+G57+J57+M57+P57+S57+V57+Y57+AB57+AE57+AH57+AK57 -> 34005500 | AO57: =+AM57-AN57 -> -1994500 | AP57: =+AO57/AM57*100 -> -6.2306707 | AZ57: =+AM57-AN57-AO57 -> 0
A58: Audiltor Interno | B58: =+[13]EjecucionPptalPasiva!$D$122 -> 48535000 | C58: =+[7]Ppto!$Y$16 -> 3215000 | D58: 0 | E58: =+C58-D58 -> 3215000 | F58: =+'202501anual'!D121 -> 4120000 | G58: =+'202501anual'!Q121 -> 0 | H58: =+F58-G58 -> 4120000 | I58: =+'202501anual'!E121 -> 4120000 | J58: 11591227 | K58: =+I58-J58 -> -7471227 | L58: =+'202501anual'!F121 -> 4120000 | M58: 4189600 | N58: =+L58-M58 -> -69600 | O58: =+'202501anual'!G121 -> 4120000 | P58: =+'202501anual'!T121 -> 4189600 | Q58: =+O58-P58 -> -69600 | R58: =+'202501anual'!H121 -> 4120000 | S58: 4189200 | T58: =+R58-S58 -> -69200 | U58: =+'202501anual'!I121 -> 4120000 | V58: =+'202501anual'!V121 -> 4189200 | W58: =+U58-V58 -> -69200 | AC58: =+AA58-AB58 -> 0 | AF58: =+AD58-AE58 -> 0 | AI58: =+AG58-AH58 -> 0 | AL58: =+AJ58-AK58 -> 0 | AM58: =+C58+F58+I58+L58+O58+R58+U58+X58+AA58+AD58+AG58+AJ58 -> 27935000 | AN58: =+D58+G58+J58+M58+P58+S58+V58+Y58+AB58+AE58+AH58+AK58 -> 28348827 | AO58: =+AM58-AN58 -> -413827 | AP58: =+AO58/AM58*100 -> -1.4813925 | AZ58: =+AM58-AN58-AO58 -> 0
A59: Suscripción y afiliaciones | B59: 0 | C59: 0 | D59: 0 | E59: =+C59-D59 -> 0 | H59: =+F59-G59 -> 0 | K59: =+I59-J59 -> 0 | N59: =+L59-M59 -> 0 | Q59: =+O59-P59 -> 0 | T59: =+R59-S59 -> 0 | W59: =+U59-V59 -> 0 | AC59: =+AA59-AB59 -> 0 | AF59: =+AD59-AE59 -> 0 | AI59: =+AG59-AH59 -> 0 | AL59: =+AJ59-AK59 -> 0 | AM59: =+C59+F59+I59+L59+O59+R59+U59+X59+AA59+AD59+AG59+AJ59 -> 0 | AN59: =+D59+G59+J59+M59+P59+S59+V59+Y59+AB59+AE59+AH59+AK59 -> 0 | AO59: =+AM59-AN59 -> 0 | AP59: =+AO59/AM59*100 -> #DIV/0! | AZ59: =+AM59-AN59-AO59 -> 0
A60: Seguros y pólizas | B60: 0 | C60: 0 | D60: 0 | E60: =+C60-D60 -> 0 | F60: =+'202501anual'!D125 -> 0 | G60: =+'202501anual'!Q125 -> 0 | H60: =+F60-G60 -> 0 | I60: =+'202501anual'!E125 -> 0 | K60: =+I60-J60 -> 0 | L60: =+'202501anual'!F125 -> 0 | N60: =+L60-M60 -> 0 | O60: =+'202501anual'!G125 -> 0 | Q60: =+O60-P60 -> 0 | R60: =+'202501anual'!H125 -> 0 | T60: =+R60-S60 -> 0 | U60: =+'202501anual'!I125 -> 0 | W60: =+U60-V60 -> 0 | AC60: =+AA60-AB60 -> 0 | AF60: =+AD60-AE60 -> 0 | AI60: =+AG60-AH60 -> 0 | AL60: =+AJ60-AK60 -> 0 | AM60: =+C60+F60+I60+L60+O60+R60+U60+X60+AA60+AD60+AG60+AJ60 -> 0 | AN60: =+D60+G60+J60+M60+P60+S60+V60+Y60+AB60+AE60+AH60+AK60 -> 0 | AO60: =+AM60-AN60 -> 0 | AP60: =+AO60/AM60*100 -> #DIV/0! | AZ60: =+AM60-AN60-AO60 -> 0
A61: Asesoria en contratacion | B61: 0 | C61: 0 | D61: 0 | E61: =+C61-D61 -> 0 | H61: =+F61-G61 -> 0 | K61: =+I61-J61 -> 0 | N61: =+L61-M61 -> 0 | Q61: =+O61-P61 -> 0 | T61: =+R61-S61 -> 0 | W61: =+U61-V61 -> 0 | AC61: =+AA61-AB61 -> 0 | AF61: =+AD61-AE61 -> 0 | AI61: =+AG61-AH61 -> 0 | AL61: =+AJ61-AK61 -> 0 | AM61: =+C61+F61+I61+L61+O61+R61+U61+X61+AA61+AD61+AG61+AJ61 -> 0 | AN61: =+D61+G61+J61+M61+P61+S61+V61+Y61+AB61+AE61+AH61+AK61 -> 0 | AO61: =+AM61-AN61 -> 0 | AP61: =+AO61/AM61*100 -> #DIV/0! | AZ61: =+AM61-AN61-AO61 -> 0
A62: Almacenamiento virtual (nube) | B62: =+[13]EjecucionPptalPasiva!$D$112 -> 10000000 | C62: 0 | D62: 0 | E62: =+C62-D62 -> 0 | F62: =+'202501anual'!D127 -> 0 | G62: =+'202501anual'!Q127 -> 0 | H62: =+F62-G62 -> 0 | I62: =+'202501anual'!E127 -> 0 | J62: 0 | K62: =+I62-J62 -> 0 | L62: =+'202501anual'!F127 -> 0 | N62: =+L62-M62 -> 0 | O62: =+'202501anual'!G127 -> 0 | Q62: =+O62-P62 -> 0 | R62: =+'202501anual'!H127 -> 0 | T62: =+R62-S62 -> 0 | U62: =+'202501anual'!I127 -> 0 | W62: =+U62-V62 -> 0 | AC62: =+AA62-AB62 -> 0 | AF62: =+AD62-AE62 -> 0 | AI62: =+AG62-AH62 -> 0 | AL62: =+AJ62-AK62 -> 0 | AM62: =+C62+F62+I62+L62+O62+R62+U62+X62+AA62+AD62+AG62+AJ62 -> 0 | AN62: =+D62+G62+J62+M62+P62+S62+V62+Y62+AB62+AE62+AH62+AK62 -> 0 | AO62: =+AM62-AN62 -> 0 | AP62: =+AO62/AM62*100 -> #DIV/0! | AZ62: =+AM62-AN62-AO62 -> 0
A63: Capacitacion y bienestar social, botiquin | B63: =+[13]EjecucionPptalPasiva!$D$123 -> 16200000 | C63: =+[7]Ppto!$Y$79 -> 800000 | D63: 630000 | E63: =+C63-D63 -> 170000 | F63: =+'202501anual'!D129 -> 2134000 | G63: =+'202501anual'!Q129 -> 0 | H63: =+F63-G63 -> 2134000 | I63: =+'202501anual'!E129 -> 2134000 | J63: 0 | K63: =+I63-J63 -> 2134000 | L63: =+'202501anual'!F129 -> 2134000 | M63: 0 | N63: =+L63-M63 -> 2134000 | O63: =+'202501anual'!G129 -> 4534000 | P63: =+'202501anual'!T129 -> 2076800 | Q63: =+O63-P63 -> 2457200 | R63: =+'202501anual'!H129 -> 2134000 | S63: 0 | T63: =+R63-S63 -> 2134000 | U63: =+'202501anual'!I129 -> 2134000 | V63: =+'202501anual'!V129 -> 8307200 | W63: =+U63-V63 -> -6173200 | AC63: =+AA63-AB63 -> 0 | AF63: =+AD63-AE63 -> 0 | AI63: =+AG63-AH63 -> 0 | AL63: =+AJ63-AK63 -> 0 | AM63: =+C63+F63+I63+L63+O63+R63+U63+X63+AA63+AD63+AG63+AJ63 -> 16004000 | AN63: =+D63+G63+J63+M63+P63+S63+V63+Y63+AB63+AE63+AH63+AK63 -> 11014000 | AO63: =+AM63-AN63 -> 4990000 | AP63: =+AO63/AM63*100 -> 31.179705 | AZ63: =+AM63-AN63-AO63 -> 0
A64: Mantenimiento | B64: =+[13]EjecucionPptalPasiva!$D$91+[13]EjecucionPptalPasiva!$D$110+[13]EjecucionPptalPasiva!$D$120 -> 6250000 | C64: 0 | E64: =+C64-D64 -> 0 | F64: =+'202501anual'!D130 -> 0 | G64: =+'202501anual'!Q130 -> 42000 | H64: =+F64-G64 -> -42000 | I64: =+'202501anual'!E130 -> 1200000 | J64: 0 | K64: =+I64-J64 -> 1200000 | L64: =+'202501anual'!F130 -> 950000 | M64: 0 | N64: =+L64-M64 -> 950000 | O64: =+'202501anual'!G130 -> 0 | P64: 0 | Q64: =+O64-P64 -> 0 | R64: =+'202501anual'!H130 -> 0 | S64: 2499500 | T64: =+R64-S64 -> -2499500 | U64: =+'202501anual'!I130 -> 0 | V64: 0 | W64: =+U64-V64 -> 0 | AC64: =+AA64-AB64 -> 0 | AF64: =+AD64-AE64 -> 0 | AI64: =+AG64-AH64 -> 0 | AL64: =+AJ64-AK64 -> 0 | AM64: =+C64+F64+I64+L64+O64+R64+U64+X64+AA64+AD64+AG64+AJ64 -> 2150000 | AN64: =+D64+G64+J64+M64+P64+S64+V64+Y64+AB64+AE64+AH64+AK64 -> 2541500 | AO64: =+AM64-AN64 -> -391500 | AP64: =+AO64/AM64*100 -> -18.209302 | AZ64: =+AM64-AN64-AO64 -> 0
A65: Psicologo-Bateria riesgo psicosocial | B65: 0 | C65: 0 | D65: 0 | E65: =+C65-D65 -> 0 | H65: =+F65-G65 -> 0 | K65: =+I65-J65 -> 0 | N65: =+L65-M65 -> 0 | O65: =+'202501anual'!G131 -> 8000000 | P65: =+'202501anual'!T131 -> 4384000 | Q65: =+O65-P65 -> 3616000 | R65: =+'202501anual'!H131 -> 6500000 | S65: 423171 | T65: =+R65-S65 -> 6076829 | U65: =+'202501anual'!I131 -> 1400000 | V65: =+'202501anual'!V131 -> 0 | W65: =+U65-V65 -> 1400000 | AC65: =+AA65-AB65 -> 0 | AF65: =+AD65-AE65 -> 0 | AI65: =+AG65-AH65 -> 0 | AL65: =+AJ65-AK65 -> 0 | AM65: =+C65+F65+I65+L65+O65+R65+U65+X65+AA65+AD65+AG65+AJ65 -> 15900000 | AN65: =+D65+G65+J65+M65+P65+S65+V65+Y65+AB65+AE65+AH65+AK65 -> 4807171 | AO65: =+AM65-AN65 -> 11092829 | AP65: =+AO65/AM65*100 -> 69.76622 | AZ65: =+AM65-AN65-AO65 -> 0
A66: Gastos legales: Cámara de comercio, notariales | B66: =+[13]EjecucionPptalPasiva!$D$104 -> 1200000 | C66: =+[7]Ppto!$Y$90 -> 100000 | D66: 0 | E66: =+C66-D66 -> 100000 | F66: =+'202501anual'!D134 -> 100000 | G66: =+'202501anual'!Q134 -> 0 | H66: =+F66-G66 -> 100000 | I66: =+'202501anual'!E134+'202501anual'!E133 -> 4700000 | J66: =+[28]EjecucionPptalPasiva!$Q$64 -> 4983700 | K66: =+I66-J66 -> -283700 | L66: =+'202501anual'!F134+'202501anual'!F133 -> 4700000 | M66: 0 | N66: =+L66-M66 -> 4700000 | O66: =+'202501anual'!G134 -> 100000 | P66: =+'202501anual'!T134 -> 46000 | Q66: =+O66-P66 -> 54000 | R66: =+'202501anual'!H134 -> 100000 | S66: 12100 | T66: =+R66-S66 -> 87900 | U66: =+'202501anual'!I134 -> 100000 | V66: =+'202501anual'!V134 -> 12900 | W66: =+U66-V66 -> 87100 | AC66: =+AA66-AB66 -> 0 | AF66: =+AD66-AE66 -> 0 | AI66: =+AG66-AH66 -> 0 | AL66: =+AJ66-AK66 -> 0 | AM66: =+C66+F66+I66+L66+O66+R66+U66+X66+AA66+AD66+AG66+AJ66 -> 9900000 | AN66: =+D66+G66+J66+M66+P66+S66+V66+Y66+AB66+AE66+AH66+AK66 -> 5054700 | AO66: =+AM66-AN66 -> 4845300 | AP66: =+AO66/AM66*100 -> 48.942424 | AZ66: =+AM66-AN66-AO66 -> 0
A67: Elementos y artículos de ferretería, tornillería y jardinería Acu (60,6%) Alc (1,5%) Aseo (37,9%), | B67: 0 | C67: 0 | D67: 0 | E67: =+C67-D67 -> 0 | H67: =+F67-G67 -> 0 | K67: =+I67-J67 -> 0 | N67: =+L67-M67 -> 0 | Q67: =+O67-P67 -> 0 | T67: =+R67-S67 -> 0 | W67: =+U67-V67 -> 0 | AC67: =+AA67-AB67 -> 0 | AF67: =+AD67-AE67 -> 0 | AI67: =+AG67-AH67 -> 0 | AL67: =+AJ67-AK67 -> 0 | AM67: =+C67+F67+I67+L67+O67+R67+U67+X67+AA67+AD67+AG67+AJ67 -> 0 | AN67: =+D67+G67+J67+M67+P67+S67+V67+Y67+AB67+AE67+AH67+AK67 -> 0 | AO67: =+AM67-AN67 -> 0 | AP67: =+AO67/AM67*100 -> #DIV/0! | AZ67: =+AM67-AN67-AO67 -> 0
A68: Implemento, herramientas y equipos de trabajo para la operación de acu, Alc y aseo (70%) Acue (25%) Alc (5%) | B68: 0 | C68: 0 | D68: 0 | E68: =+C68-D68 -> 0 | H68: =+F68-G68 -> 0 | K68: =+I68-J68 -> 0 | N68: =+L68-M68 -> 0 | Q68: =+O68-P68 -> 0 | T68: =+R68-S68 -> 0 | W68: =+U68-V68 -> 0 | AC68: =+AA68-AB68 -> 0 | AF68: =+AD68-AE68 -> 0 | AI68: =+AG68-AH68 -> 0 | AL68: =+AJ68-AK68 -> 0 | AM68: =+C68+F68+I68+L68+O68+R68+U68+X68+AA68+AD68+AG68+AJ68 -> 0 | AN68: =+D68+G68+J68+M68+P68+S68+V68+Y68+AB68+AE68+AH68+AK68 -> 0 | AO68: =+AM68-AN68 -> 0 | AP68: =+AO68/AM68*100 -> #DIV/0! | AZ68: =+AM68-AN68-AO68 -> 0
A69: Contraloria, Ocre | B69: =+[13]EjecucionPptalPasiva!$D$130+[13]EjecucionPptalPasiva!$D$133 -> 10500000 | C69: 0 | D69: 0 | E69: =+C69-D69 -> 0 | H69: =+F69-G69 -> 0 | I69: =+'202501anual'!E138-1100000 -> 3900000 | J69: 0 | K69: =+I69-J69 -> 3900000 | L69: =+'202501anual'!F138 -> 3000000 | M69: 0 | N69: =+L69-M69 -> 3000000 | O69: =+'202501anual'!G138 -> 0 | P69: 0 | Q69: =+O69-P69 -> 0 | R69: =+'202501anual'!H138 -> 5000000 | S69: 0 | T69: =+R69-S69 -> 5000000 | U69: =+'202501anual'!I138 -> 0 | V69: 0 | W69: =+U69-V69 -> 0 | AC69: =+AA69-AB69 -> 0 | AF69: =+AD69-AE69 -> 0 | AI69: =+AG69-AH69 -> 0 | AL69: =+AJ69-AK69 -> 0 | AM69: =+C69+F69+I69+L69+O69+R69+U69+X69+AA69+AD69+AG69+AJ69 -> 11900000 | AN69: =+D69+G69+J69+M69+P69+S69+V69+Y69+AB69+AE69+AH69+AK69 -> 0 | AO69: =+AM69-AN69 -> 11900000 | AP69: =+AO69/AM69*100 -> 100 | AZ69: =+AM69-AN69-AO69 -> 0
A70: Suministros de alimentación, refrigerios e hidratación | B70: =+[13]EjecucionPptalPasiva!$D$100 -> 11800000 | C70: 0 | D70: 0 | E70: =+C70-D70 -> 0 | H70: =+F70-G70 -> 0 | J70: 0 | K70: =+I70-J70 -> 0 | N70: =+L70-M70 -> 0 | Q70: =+O70-P70 -> 0 | T70: =+R70-S70 -> 0 | W70: =+U70-V70 -> 0 | AC70: =+AA70-AB70 -> 0 | AF70: =+AD70-AE70 -> 0 | AI70: =+AG70-AH70 -> 0 | AL70: =+AJ70-AK70 -> 0 | AM70: =+C70+F70+I70+L70+O70+R70+U70+X70+AA70+AD70+AG70+AJ70 -> 0 | AN70: =+D70+G70+J70+M70+P70+S70+V70+Y70+AB70+AE70+AH70+AK70 -> 0 | AO70: =+AM70-AN70 -> 0 | AP70: =+AO70/AM70*100 -> #DIV/0! | AZ70: =+AM70-AN70-AO70 -> 0
A71: Gastos de viaje | B71: =+[13]EjecucionPptalPasiva!$D$101 -> 24000000 | C71: =+[7]Ppto!$Y$89 -> 2000000 | D71: 2663472 | E71: =+C71-D71 -> -663472 | F71: =+'202501anual'!D152 -> 2000000 | G71: =+'202501anual'!Q152 -> 0 | H71: =+F71-G71 -> 2000000 | I71: =+'202501anual'!E152 -> 2000000 | J71: =+[28]EjecucionPptalPasiva!$Q$61 -> 270000 | K71: =+I71-J71 -> 1730000 | L71: =+'202501anual'!F152 -> 2000000 | M71: 1539269 | N71: =+L71-M71 -> 460731 | O71: =+'202501anual'!G152 -> 2000000 | P71: =+'202501anual'!T152 -> 4565827 | Q71: =+O71-P71 -> -2565827 | R71: =+'202501anual'!H152 -> 2000000 | S71: 5959767 | T71: =+R71-S71 -> -3959767 | U71: =+'202501anual'!I152 -> 2000000 | V71: =+'202501anual'!V152 -> 7875187 | W71: =+U71-V71 -> -5875187 | AC71: =+AA71-AB71 -> 0 | AF71: =+AD71-AE71 -> 0 | AI71: =+AG71-AH71 -> 0 | AL71: =+AJ71-AK71 -> 0 | AM71: =+C71+F71+I71+L71+O71+R71+U71+X71+AA71+AD71+AG71+AJ71 -> 14000000 | AN71: =+D71+G71+J71+M71+P71+S71+V71+Y71+AB71+AE71+AH71+AK71 -> 22873522 | AO71: =+AM71-AN71 -> -8873522 | AP71: =+AO71/AM71*100 -> -63.3823 | AZ71: =+AM71-AN71-AO71 -> 0
A72: Gravamen a los movimientos financieros | B72: =+[13]EjecucionPptalPasiva!$D$127 -> 33000000 | C72: =+[7]Ppto!$Y$129 -> 2750000 | D72: 1880570 | E72: =+C72-D72 -> 869430 | F72: =+'202501anual'!D153 -> 2750000 | G72: =+'202501anual'!Q153 -> 2071066 | H72: =+F72-G72 -> 678934 | I72: =+'202501anual'!E153 -> 2750000 | J72: 1948456 | K72: =+I72-J72 -> 801544 | L72: =+'202501anual'!F153 -> 2750000 | M72: 0 | N72: =+L72-M72 -> 2750000 | O72: =+'202501anual'!G153 -> 2750000 | P72: =+'202501anual'!T153 -> 1480856 | Q72: =+O72-P72 -> 1269144 | R72: =+'202501anual'!H153 -> 2750000 | S72: 2033151 | T72: =+R72-S72 -> 716849 | U72: =+'202501anual'!I153 -> 2750000 | V72: =+'202501anual'!V153 -> 1855713 | W72: =+U72-V72 -> 894287 | AC72: =+AA72-AB72 -> 0 | AF72: =+AD72-AE72 -> 0 | AI72: =+AG72-AH72 -> 0 | AL72: =+AJ72-AK72 -> 0 | AM72: =+C72+F72+I72+L72+O72+R72+U72+X72+AA72+AD72+AG72+AJ72 -> 19250000 | AN72: =+D72+G72+J72+M72+P72+S72+V72+Y72+AB72+AE72+AH72+AK72 -> 11269812 | AO72: =+AM72-AN72 -> 7980188 | AP72: =+AO72/AM72*100 -> 41.455522 | AZ72: =+AM72-AN72-AO72 -> 0
A73: Gestión documental | B73: =+[13]EjecucionPptalPasiva!$D$92+[13]EjecucionPptalPasiva!$D$118 -> 16830000 | C73: =+[7]Ppto!$Y$84 -> 1400000 | D73: 0 | E73: =+C73-D73 -> 1400000 | F73: =+'202501anual'!D155 -> 1400000 | G73: =+'202501anual'!Q155 -> 0 | H73: =+F73-G73 -> 1400000 | I73: =+'202501anual'!E155 -> 1400000 | J73: 0 | K73: =+I73-J73 -> 1400000 | L73: =+'202501anual'!F155 -> 1430000 | M73: 0 | N73: =+L73-M73 -> 1430000 | O73: =+'202501anual'!G155+'202501anual'!G154 -> 5400000 | P73: 0 | Q73: =+O73-P73 -> 5400000 | R73: =+'202501anual'!H155+'202501anual'!H154 -> 1400000 | S73: 0 | T73: =+R73-S73 -> 1400000 | U73: =+'202501anual'!I155+'202501anual'!I154 -> 1400000 | V73: 0 | W73: =+U73-V73 -> 1400000 | AC73: =+AA73-AB73 -> 0 | AF73: =+AD73-AE73 -> 0 | AI73: =+AG73-AH73 -> 0 | AL73: =+AJ73-AK73 -> 0 | AM73: =+C73+F73+I73+L73+O73+R73+U73+X73+AA73+AD73+AG73+AJ73 -> 13830000 | AN73: =+D73+G73+J73+M73+P73+S73+V73+Y73+AB73+AE73+AH73+AK73 -> 0 | AO73: =+AM73-AN73 -> 13830000 | AP73: =+AO73/AM73*100 -> 100 | AZ73: =+AM73-AN73-AO73 -> 0
A74: Combustibles y lubricantes | B74: =+[13]EjecucionPptalPasiva!$D$346+[13]EjecucionPptalPasiva!$D$97 -> 13485000 | C74: =+[7]Ppto!$Y$97*14.5/100 -> 870000 | D74: 2041763 | E74: =+C74-D74 -> -1171763 | F74: =+'202501anual'!D157 -> 870000 | G74: =+'202501anual'!Q157 -> 1962130 | H74: =+F74-G74 -> -1092130 | I74: =+'202501anual'!E157 -> 870000 | J74: =+[28]EjecucionPptalPasiva!$Q$57 -> 295495 | K74: =+I74-J74 -> 574505 | L74: =+'202501anual'!F157 -> 870000 | M74: =646190+510000 -> 1156190 | N74: =+L74-M74 -> -286190 | O74: =+'202501anual'!G157 -> 870000 | P74: =+'202501anual'!T157 -> 940476 | Q74: =+O74-P74 -> -70476 | R74: =+'202501anual'!H157 -> 870000 | S74: 1411050 | T74: =+R74-S74 -> -541050 | U74: =+'202501anual'!I157 -> 870000 | V74: =+'202501anual'!V157 -> 267183 | W74: =+U74-V74 -> 602817 | AC74: =+AA74-AB74 -> 0 | AF74: =+AD74-AE74 -> 0 | AI74: =+AG74-AH74 -> 0 | AL74: =+AJ74-AK74 -> 0 | AM74: =+C74+F74+I74+L74+O74+R74+U74+X74+AA74+AD74+AG74+AJ74 -> 6090000 | AN74: =+D74+G74+J74+M74+P74+S74+V74+Y74+AB74+AE74+AH74+AK74 -> 8074287 | AO74: =+AM74-AN74 -> -1984287 | AP74: =+AO74/AM74*100 -> -32.582709 | AZ74: =+AM74-AN74-AO74 -> 0
A75: Gastos de representacion | B75: =+[13]EjecucionPptalPasiva!$D$102 -> 1200000 | C75: =+[7]Ppto!$Y$88 -> 100000 | D75: 0 | E75: =+C75-D75 -> 100000 | F75: =+'202501anual'!D158 -> 100000 | G75: =+'202501anual'!Q158 -> 0 | H75: =+F75-G75 -> 100000 | I75: =+'202501anual'!E158 -> 100000 | J75: 0 | K75: =+I75-J75 -> 100000 | L75: =+'202501anual'!F158 -> 100000 | M75: 0 | N75: =+L75-M75 -> 100000 | O75: =+'202501anual'!G158 -> 100000 | P75: 0 | Q75: =+O75-P75 -> 100000 | R75: =+'202501anual'!H158 -> 100000 | S75: 350000 | T75: =+R75-S75 -> -250000 | U75: =+'202501anual'!I158 -> 100000 | V75: 0 | W75: =+U75-V75 -> 100000 | AC75: =+AA75-AB75 -> 0 | AF75: =+AD75-AE75 -> 0 | AI75: =+AG75-AH75 -> 0 | AL75: =+AJ75-AK75 -> 0 | AM75: =+C75+F75+I75+L75+O75+R75+U75+X75+AA75+AD75+AG75+AJ75 -> 700000 | AN75: =+D75+G75+J75+M75+P75+S75+V75+Y75+AB75+AE75+AH75+AK75 -> 350000 | AO75: =+AM75-AN75 -> 350000 | AP75: =+AO75/AM75*100 -> 50 | AZ75: =+AM75-AN75-AO75 -> 0
A76: Impuesto Industria y comercio 7X1000 Ingresos | B76: =+[13]EjecucionPptalPasiva!$D$304 -> 30000000 | C76: =+[7]Ppto!$Y$130 -> 2500000 | D76: 0 | E76: =+C76-D76 -> 2500000 | F76: =+'202501anual'!D159 -> 2500000 | G76: =+'202501anual'!Q159 -> 0 | H76: =+F76-G76 -> 2500000 | I76: =+'202501anual'!E159 -> 2500000 | J76: 22794000 | K76: =+I76-J76 -> -20294000 | L76: =+'202501anual'!F159 -> 2500000 | N76: =+L76-M76 -> 2500000 | O76: =+'202501anual'!G159 -> 2500000 | P76: 0 | Q76: =+O76-P76 -> 2500000 | R76: =+'202501anual'!H159 -> 2500000 | S76: 0 | T76: =+R76-S76 -> 2500000 | U76: =+'202501anual'!I159 -> 2500000 | V76: 0 | W76: =+U76-V76 -> 2500000 | AC76: =+AA76-AB76 -> 0 | AF76: =+AD76-AE76 -> 0 | AI76: =+AG76-AH76 -> 0 | AL76: =+AJ76-AK76 -> 0 | AM76: =+C76+F76+I76+L76+O76+R76+U76+X76+AA76+AD76+AG76+AJ76 -> 17500000 | AN76: =+D76+G76+J76+M76+P76+S76+V76+Y76+AB76+AE76+AH76+AK76 -> 22794000 | AO76: =+AM76-AN76 -> -5294000 | AP76: =+AO76/AM76*100 -> -30.251429 | AZ76: =+AM76-AN76-AO76 -> 0
A77: Revisoria fiscal 2SMLMV | B77: =+[13]EjecucionPptalPasiva!$D$117 -> 35212500 | C77: =+[7]Ppto!$Y$11 -> 2295000 | D77: 1695750 | E77: =+C77-D77 -> 599250 | F77: =+'202501anual'!D160 -> 2992500 | G77: =+'202501anual'!Q160 -> 2992500 | H77: =+F77-G77 -> 0 | I77: =+'202501anual'!E160 -> 2992500 | J77: =+[28]EjecucionPptalPasiva!$Q$77 -> 2992500 | K77: =+I77-J77 -> 0 | L77: =+'202501anual'!F160 -> 2992500 | M77: 2992500 | N77: =+L77-M77 -> 0 | O77: =+'202501anual'!G160 -> 2992500 | P77: =+'202501anual'!T160 -> 2992500 | Q77: =+O77-P77 -> 0 | R77: =+'202501anual'!H160 -> 2992500 | S77: 2992500 | T77: =+R77-S77 -> 0 | U77: =+'202501anual'!I160 -> 2992500 | V77: =+'202501anual'!V160 -> 2992500 | W77: =+U77-V77 -> 0 | AC77: =+AA77-AB77 -> 0 | AF77: =+AD77-AE77 -> 0 | AI77: =+AG77-AH77 -> 0 | AL77: =+AJ77-AK77 -> 0 | AM77: =+C77+F77+I77+L77+O77+R77+U77+X77+AA77+AD77+AG77+AJ77 -> 20250000 | AN77: =+D77+G77+J77+M77+P77+S77+V77+Y77+AB77+AE77+AH77+AK77 -> 19650750 | AO77: =+AM77-AN77 -> 599250 | AP77: =+AO77/AM77*100 -> 2.9592593 | AZ77: =+AM77-AN77-AO77 -> 0
A78: Asesoria tarifaria | B78: =+[13]EjecucionPptalPasiva!$D$113 -> 30000000 | C78: =+[7]Ppto!$Y$14 -> 2500000 | D78: 0 | E78: =+C78-D78 -> 2500000 | F78: =+'202501anual'!D118 -> 2500000 | H78: =+F78-G78 -> 2500000 | I78: =+'202501anual'!E118 -> 2500000 | J78: 0 | K78: =+I78-J78 -> 2500000 | L78: =+'202501anual'!F118 -> 2500000 | M78: 0 | N78: =+L78-M78 -> 2500000 | O78: =+'202501anual'!G118 -> 2500000 | P78: 0 | Q78: =+O78-P78 -> 2500000 | R78: =+'202501anual'!H118 -> 2500000 | S78: 0 | T78: =+R78-S78 -> 2500000 | U78: =+'202501anual'!I118 -> 2500000 | V78: 0 | W78: =+U78-V78 -> 2500000 | AM78: =+C78+F78+I78+L78+O78+R78+U78+X78+AA78+AD78+AG78+AJ78 -> 17500000 | AN78: =+D78+G78+J78+M78+P78+S78+V78+Y78+AB78+AE78+AH78+AK78 -> 0 | AO78: =+AM78-AN78 -> 17500000 | AP78: =+AO78/AM78*100 -> 100 | AZ78: =+AM78-AN78-AO78 -> 0
A79: Agente Especial | B79: =+[13]EjecucionPptalPasiva!$D$114 -> 206978054 | C79: =+[7]Ppto!$Y$18 -> 17248171 | D79: 17248171 | E79: =+C79-D79 -> 0.2 | F79: =+'202501anual'!D161 -> 17248171 | G79: =+'202501anual'!Q161 -> 17248171 | H79: =+F79-G79 -> 0.2 | I79: =+'202501anual'!E161 -> 17248171 | J79: =+[28]EjecucionPptalPasiva!$Q$74 -> 17248171 | K79: =+I79-J79 -> 0.2 | L79: =+'202501anual'!F161 -> 17248171 | M79: 17248171 | N79: =+L79-M79 -> 0.2 | O79: =+'202501anual'!G161 -> 17248171 | P79: =+'202501anual'!T161 -> 17248171 | Q79: =+O79-P79 -> 0.2 | R79: =+'202501anual'!H161 -> 17248171 | S79: 17248171 | T79: =+R79-S79 -> 0.2 | U79: =+'202501anual'!I161 -> 17248171 | V79: =+'202501anual'!V161 -> 17248171 | W79: =+U79-V79 -> 0.2 | AC79: =+AA79-AB79 -> 0 | AF79: =+AD79-AE79 -> 0 | AI79: =+AG79-AH79 -> 0 | AL79: =+AJ79-AK79 -> 0 | AM79: =+C79+F79+I79+L79+O79+R79+U79+X79+AA79+AD79+AG79+AJ79 -> 1.207372e+08 | AN79: =+D79+G79+J79+M79+P79+S79+V79+Y79+AB79+AE79+AH79+AK79 -> 120737197 | AO79: =+AM79-AN79 -> 1.4 | AP79: =+AO79/AM79*100 -> 1.1595432e-06 | AZ79: =+AM79-AN79-AO79 -> 0
A80: Gastos de Administracion | B80: =SUM(B46:B79) -> 1370968607 | C80: =SUM(C46:C79) -> 98358666 | D80: =SUM(D46:D79) -> 63830439 | E80: =SUM(E46:E79) -> 34528227 | F80: =SUM(F46:F79) -> 1.2791857e+08 | G80: =SUM(G46:G79) -> 87816294 | H80: =SUM(H46:H79) -> 40102271 | I80: =SUM(I46:I79) -> 1.2779857e+08 | ... AO80: =SUM(AO46:AO79) -> 2.1681891e+08 | AP80: =+AO80/AM80 -> 0.2362849 | AR80: =W80/U80*100 -> -17.385403 | AZ80: =+AM80-AN80-AO80 -> 0
A81: =+'202501anual'!A143 -> Limpieza de cuencas | B81: 8000000 | C81: 0 | D81: 0 | E81: =+C81-D81 -> 0 | F81: 0 | G81: 0 | H81: =+F81-G81 -> 0 | I81: 0 | J81: 0 | K81: =+I81-J81 -> 0 | L81: 0 | N81: =+L81-M81 -> 0 | O81: 0 | P81: 0 | Q81: =+O81-P81 -> 0 | R81: =+'202501anual'!H143 -> 0 | S81: 0 | T81: =+R81-S81 -> 0 | U81: 0 | V81: 0 | W81: =+U81-V81 -> 0 | X81: =+U81 -> 0 | Z81: =+X81-Y81 -> 0 | AA81: 0 | AC81: =+AA81-AB81 -> 0 | AF81: =+AD81-AE81 -> 0 | AI81: =+AG81-AH81 -> 0 | AJ81: 0 | AL81: =+AJ81-AK81 -> 0 | AM81: =+C81+F81+I81+L81+O81+R81+U81+X81+AA81+AD81+AG81+AJ81 -> 0 | AN81: =+D81+G81+J81+M81+P81+S81+V81+Y81+AB81+AE81+AH81+AK81 -> 0 | AO81: =+AM81-AN81 -> 0 | AP81: =+AO81/AM81*100 -> #DIV/0! | AZ81: =+AM81-AN81-AO81 -> 0
A82: =+'202501anual'!A144 -> Permiso de vertimiento (alcantarillado) | B82: 0 | C82: 0 | D82: 0 | E82: =+C82-D82 -> 0 | F82: 0 | G82: 0 | H82: =+F82-G82 -> 0 | I82: 0 | J82: 0 | K82: =+I82-J82 -> 0 | L82: 0 | N82: =+L82-M82 -> 0 | O82: 0 | Q82: =+O82-P82 -> 0 | R82: =+'202501anual'!H144 -> 0 | S82: 0 | T82: =+R82-S82 -> 0 | V82: 0 | W82: =+U82-V82 -> 0 | X82: 0 | Y82: 0 | Z82: =+X82-Y82 -> 0 | AC82: =+AA82-AB82 -> 0 | AF82: =+AD82-AE82 -> 0 | AI82: =+AG82-AH82 -> 0 | AJ82: 0 | AK82: 0 | AL82: =+AJ82-AK82 -> 0 | AM82: =+C82+F82+I82+L82+O82+R82+U82+X82+AA82+AD82+AG82+AJ82 -> 0 | AN82: =+D82+G82+J82+M82+P82+S82+V82+Y82+AB82+AE82+AH82+AK82 -> 0 | AO82: =+AM82-AN82 -> 0 | AP82: =+AO82/AM82*100 -> #DIV/0! | AZ82: =+AM82-AN82-AO82 -> 0
A83: =+'202501anual'!A145 -> Permiso de concesión de agua | B83: 0 | C83: 0 | D83: 0 | E83: =+C83-D83 -> 0 | F83: 0 | G83: 0 | H83: =+F83-G83 -> 0 | I83: 0 | J83: 0 | K83: =+I83-J83 -> 0 | L83: 0 | N83: =+L83-M83 -> 0 | O83: =+'202501anual'!G145 -> 8000000 | P83: =+'202501anual'!T145 -> 1054000 | Q83: =+O83-P83 -> 6946000 | R83: =+'202501anual'!H145 -> 0 | S83: =+'202501anual'!U145 -> 0 | T83: =+R83-S83 -> 0 | U83: =+'202501anual'!I145 -> 0 | V83: =+'202501anual'!V145 -> 0 | W83: =+U83-V83 -> 0 | X83: =+U83 -> 0 | Y83: 0 | Z83: =+X83-Y83 -> 0 | AC83: =+AA83-AB83 -> 0 | AF83: =+AD83-AE83 -> 0 | AI83: =+AG83-AH83 -> 0 | AJ83: 0 | AK83: 0 | AL83: =+AJ83-AK83 -> 0 | AM83: =+C83+F83+I83+L83+O83+R83+U83+X83+AA83+AD83+AG83+AJ83 -> 8000000 | AN83: =+D83+G83+J83+M83+P83+S83+V83+Y83+AB83+AE83+AH83+AK83 -> 1054000 | AO83: =+AM83-AN83 -> 6946000 | AP83: =+AO83/AM83*100 -> 86.825 | AZ83: =+AM83-AN83-AO83 -> 0
A84: =+'202501anual'!A146 -> Vertimiento Acueducto, Tasa Retributiva | B84: 0 | C84: 0 | D84: 0 | E84: =+C84-D84 -> 0 | F84: 0 | G84: 0 | H84: =+F84-G84 -> 0 | I84: 0 | J84: 0 | K84: =+I84-J84 -> 0 | L84: 0 | N84: =+L84-M84 -> 0 | O84: 0 | P84: 0 | Q84: =+O84-P84 -> 0 | R84: 0 | S84: 0 | T84: =+R84-S84 -> 0 | U84: =+'202501anual'!I146 -> 0 | V84: 0 | W84: =+U84-V84 -> 0 | X84: =+U84 -> 0 | Y84: 0 | Z84: =+X84-Y84 -> 0 | AC84: =+AA84-AB84 -> 0 | AF84: =+AD84-AE84 -> 0 | AI84: =+AG84-AH84 -> 0 | AJ84: 0 | AK84: 0 | AL84: =+AJ84-AK84 -> 0 | AM84: =+C84+F84+I84+L84+O84+R84+U84+X84+AA84+AD84+AG84+AJ84 -> 0 | AN84: =+D84+G84+J84+M84+P84+S84+V84+Y84+AB84+AE84+AH84+AK84 -> 0 | AO84: =+AM84-AN84 -> 0 | AP84: =+AO84/AM84*100 -> #DIV/0! | AZ84: =+AM84-AN84-AO84 -> 0
A85: =+'202501anual'!A147 -> Vertimientos Alcantarillado, Tasa retributivas | B85: 0 | C85: 0 | D85: 0 | E85: =+C85-D85 -> 0 | F85: 0 | G85: 0 | H85: =+F85-G85 -> 0 | I85: 0 | J85: 0 | K85: =+I85-J85 -> 0 | L85: 0 | M85: 0 | N85: =+L85-M85 -> 0 | O85: 0 | P85: 0 | Q85: =+O85-P85 -> 0 | R85: 0 | S85: 0 | T85: =+R85-S85 -> 0 | V85: 0 | W85: =+U85-V85 -> 0 | X85: =+U85 -> 0 | Z85: =+X85-Y85 -> 0 | AC85: =+AA85-AB85 -> 0 | AF85: =+AD85-AE85 -> 0 | AI85: =+AG85-AH85 -> 0 | AK85: 0 | AL85: =+AJ85-AK85 -> 0 | AM85: =+C85+F85+I85+L85+O85+R85+U85+X85+AA85+AD85+AG85+AJ85 -> 0 | AN85: =+D85+G85+J85+M85+P85+S85+V85+Y85+AB85+AE85+AH85+AK85 -> 0 | AO85: =+AM85-AN85 -> 0 | AP85: =+AO85/AM85*100 -> #DIV/0! | AZ85: =+AM85-AN85-AO85 -> 0
A86: Sanción Coralina ( Vertimiento Santa Catalina) y ( Relleno Sanitario)/PMU | B86: 390000000 | C86: =+[7]Ppto!$Y$108 -> 20000000 | D86: 0 | E86: =+C86-D86 -> 20000000 | F86: =+'202501anual'!D162 -> 20000000 | G86: 0 | H86: =+F86-G86 -> 20000000 | I86: =+'202501anual'!E162 -> 20000000 | J86: 0 | K86: =+I86-J86 -> 20000000 | L86: =+'202501anual'!F162+'202501anual'!F148 -> 170000000 | M86: 0 | N86: =+L86-M86 -> 170000000 | O86: =+'202501anual'!G162+'202501anual'!G148 -> 20000000 | P86: 0 | Q86: =+O86-P86 -> 20000000 | R86: =+'202501anual'!H162+'202501anual'!H148+'202501anual'!H146 -> 26000000 | S86: =+'202501anual'!U162+'202501anual'!U148 -> 0 | T86: =+R86-S86 -> 26000000 | U86: =+'202501anual'!I162+'202501anual'!I148+'202501anual'!I146 -> 20000000 | V86: 0 | W86: =+U86-V86 -> 20000000 | Z86: 0 | AC86: =+AA86-AB86 -> 0 | AD86: =+'202501anual'!L148 -> 0 | AF86: =+AD86-AE86 -> 0 | AH86: =+'202501anual'!R148 -> 0 | AI86: =+AG86-AH86 -> 0 | AJ86: =+'202501anual'!N148 -> 0 | AK86: 0 | AL86: =+AJ86-AK86 -> 0 | AM86: =+C86+F86+I86+L86+O86+R86+U86+X86+AA86+AD86+AG86+AJ86 -> 296000000 | AN86: =+D86+G86+J86+M86+P86+S86+V86+Y86+AB86+AE86+AH86+AK86 -> 0 | AO86: =+AM86-AN86 -> 296000000 | AP86: =+AO86/AM86*100 -> 100 | AZ86: =+AM86-AN86-AO86 -> 0
A87: Provisiones | B87: 0 | C87: 0 | D87: 0 | E87: =+C87-D87 -> 0 | F87: 0 | G87: 0 | H87: =+F87-G87 -> 0 | I87: 0 | J87: 0 | K87: =+I87-J87 -> 0 | L87: 0 | N87: =+L87-M87 -> 0 | P87: 0 | Q87: =+O87-P87 -> 0 | S87: 0 | T87: =+R87-S87 -> 0 | V87: 0 | W87: =+U87-V87 -> 0 | X87: =+U87 -> 0 | Y87: 0 | Z87: =+X87-Y87 -> 0 | AC87: =+AA87-AB87 -> 0 | AD87: =+'202501anual'!L149 -> 0 | AF87: =+AD87-AE87 -> 0 | AI87: =+AG87-AH87 -> 0 | AJ87: 0 | AK87: 0 | AL87: =+AJ87-AK87 -> 0 | AM87: =+C87+F87+I87+L87+O87+R87+U87+X87+AA87+AD87+AG87+AJ87 -> 0 | AN87: =+D87+G87+J87+M87+P87+S87+V87+Y87+AB87+AE87+AH87+AK87 -> 0 | AO87: =+AM87-AN87 -> 0 | AP87: =+AO87/AM87*100 -> #DIV/0! | AZ87: =+AM87-AN87-AO87 -> 0
A88: Gastos ambientales | B88: =SUM(B81:B87) -> 398000000 | C88: =SUM(C81:C87) -> 20000000 | D88: =SUM(D81:D87) -> 0 | E88: =SUM(E81:E87) -> 20000000 | F88: =SUM(F81:F87) -> 20000000 | G88: =SUM(G81:G87) -> 0 | H88: =SUM(H81:H87) -> 20000000 | I88: =SUM(I81:I87) -> 20000000 | ... AO88: =SUM(AO81:AO87) -> 302946000 | AP88: =+AO88/AM88 -> 0.99653289 | AR88: =W88/U88*100 -> 100 | AZ88: =+AM88-AN88-AO88 -> 0
A89: Total Gastos Comerciales, administracion y ambientales | B89: =+B88+B80+B45 -> 2248060681 | C89: =+C88+C80+C45 -> 1.4280882e+08 | D89: =+D88+D80+D45 -> 84965541 | E89: =+E88+E80+E45 -> 57843274 | F89: =+F88+F80+F45 -> 2.0880357e+08 | G89: =+G88+G80+G45 -> 1.3640788e+08 | H89: =+H88+H80+H45 -> 72395691 | I89: =+I88+I80+I45 -> 1.8248357e+08 | ... AO89: =+AO88+AO80+AO45 -> 5.7235437e+08 | AP89: =+AO89/AM89 -> 0.38416999 | AR89: =W89/U89*100 -> 1.8914253 | AZ89: =+AM89-AN89-AO89 -> 0
A90: Total Costos de Funcionamiento AAA | B90: =+B89+B31+B23 -> 6.7099646e+09 | C90: =+C89+C31+C23 -> 4.3756999e+08 | D90: =+D89+D31+D23 -> 3.0814583e+08 | E90: =+E89+E31+E23 -> 1.2942416e+08 | F90: =+F89+F31+F23 -> 5.1337075e+08 | G90: =+G89+G31+G23 -> 4.4134744e+08 | H90: =+H89+H31+H23 -> 72023307 | I90: =+I89+I31+I23 -> 6.0394475e+08 | ... AO90: =+AO89+AO31+AO23 -> 1.0004923e+09 | AP90: =+AO90/AM90 -> 0.25092888 | AR90: =W90/U90*100 -> -8.4633599 | AZ90: =+AM90-AN90-AO90 -> 0
A91: Deficit | B91: =+B12-B90 -> -0.00030231476 | C91: =+C12-C90 -> -2.4346175e+08 | D91: =+D12-D90 -> -1.0875054e+08 | E91: =+E12-E90 -> -1.3471122e+08 | F91: =+F12-F90 -> -3.2619197e+08 | G91: =+G12-G90 -> -1.9344296e+08 | H91: =+H12-H90 -> -1.3274901e+08 | I91: =+I12-I90 -> -4.1330124e+08 | ... AO91: =+AO12-AO90 -> -1.2301083e+09 | AP91: =+AO91/AM91 -> -2.2630144 | AZ91: =+AM91-AN91-AO91 -> 0
O92: =+O90-'202501anual'!G164 -> 0 | AZ92: =+AM92-AN92-AO92 -> 0
AZ93: =+AM93-AN93-AO93 -> 0
AL94: =+C90+F90+I90+L90+O90+R90+U90+X90+AA90+AD90+AG90+AJ90 -> 3.9871549e+09 | AM94: =+C90+F90+I90+L90+O90+R90+U90+X90+AA90+AD90+AG90+AJ90 -> 3.9871549e+09 | AN94: =+D90+G90+J90+M90+P90+S90+V90+Y90+AB90+AE90+AH90+AK90 -> 2.9866626e+09 | AO94: =+E90+H90+K90+N90+Q90+T90+W90+Z90+AC90+AF90+AI90+AL90 -> 1.0004923e+09 | AZ94: =+AM94-AN94-AO94 -> 0
AL95: =+'[11]Planeación 2025 P&K (def Mod1)'!$F$160 -> 8.53275e+09 | AM95: =+AM94-AM90 -> 0 | AN95: =+AN94-AN90 -> 0 | AO95: =+AO94-AO90 -> 0 | AZ95: =+AM95-AN95-AO95 -> 0
AL96: =+AL95-AL94 -> 4.5455951e+09 | AZ96: =+AM96-AN96-AO96 -> 0
AZ97: =+AM97-AN97-AO97 -> 0
AZ98: =+AM98-AN98-AO98 -> 0
AZ99: =+AM99-AN99-AO99 -> 0
AZ100: =+AM100-AN100-AO100 -> 0
AZ101: =+AM101-AN101-AO101 -> 0
...

Sheet 202301
A1: PROVIDENCE AND KETTLINA UTILITIES COMPANY SAS. NIT.901352888-1
A3: PRESUPUESTO DE FUNCIONAMIENTO AÑO 2023
C4: Ejecucion Enero | P4: Acumulado
A5: Concepto | B5: Año 2023 | C5: Enero | D5: Ejecucion | E5: Variacion | F5: Marzo | G5: Abril | H5: Mayo | I5: Junio | J5: Julio | K5: Agosto | L5: Sept | M5: Oct | N5: Noviembre | O5: Diciembre | P5: Presupuesto acumulado | Q5: Ejecucion acumulada | R5: variacion acumulada | S5: Participacion %
A6: Cargo fijo acueducto | B6: 116980329 | C6: 0 | D6: 0 | E6: =+C6-D6 -> 0 | P6: =+C6 -> 0 | Q6: =+D6 -> 0 | R6: =+E6 -> 0 | S6: 0
A7: Cargo variable acueducto | B7: 7.2768808e+08 | C7: 0 | D7: 0 | E7: =+C7-D7 -> 0 | P7: =+C7 -> 0 | Q7: =+D7 -> 0 | R7: =+E7 -> 0 | S7: 0
A8: Ingresos por medidor acueducto | B8: 1460371848 | C8: 0 | D8: 0 | E8: =+C8-D8 -> 0 | P8: =+C8 -> 0 | Q8: =+D8 -> 0 | R8: =+E8 -> 0 | S8: 0
A9: Tarifa cargo variable Aseo | B9: 384000000 | C9: 32000000 | D9: 35018397 | E9: =+C9-D9 -> -3018397.3 | P9: =+C9 -> 32000000 | Q9: =+D9 -> 35018397 | R9: =+E9 -> -3018397.3 | S9: =+R9/P9*100 -> -9.4324916
A10: Recuperacion cartera | B10: 0 | C10: 0 | D10: 0 | E10: =+C10-D10 -> 0 | P10: =+C10 -> 0 | Q10: =+D10 -> 0 | R10: =+E10 -> 0 | S10: =+R10/P10*100 -> #DIV/0!
A11: Mutuo 194: Planta desalinizadora Agua Dulce - RO 400 | B11: 1744961750 | C11: 348992350 | D11: 0 | E11: =+C11-D11 -> 348992350 | P11: =+C11 -> 348992350 | Q11: =+D11 -> 0 | R11: =+E11 -> 348992350 | S11: =+R11/P11*100 -> 100
A12: Total Ingresos | B12: =SUM(B6:B11) -> 4.434002e+09 | C12: =SUM(C6:C11) -> 380992350 | D12: =SUM(D6:D11) -> 35018397 | E12: =SUM(E6:E11) -> 3.4597395e+08 | F12: =SUM(F6:F11) -> 0 | G12: =SUM(G6:G11) -> 0 | H12: =SUM(H6:H11) -> 0 | I12: =SUM(I6:I11) -> 0 | ... R12: =SUM(R6:R11) -> 3.4597395e+08 | S12: =+R12/P12 -> 0.90808635
A13: Personal Ac | B13: 878588056 | C13: 73215671 | D13: 86122605 | E13: =+C13-D13 -> -12906933 | P13: =+C13 -> 73215671 | Q13: =+D13 -> 86122605 | R13: =+E13 -> -12906933 | S13: =+R13/P13*100 -> -17.628649
A14: Dotación de uniformes para el personal, elementos de proteccion y bioseguridad (pantalon , camisa, zapatos, impermeables, pantaneras, chalecos reflectivos) | B14: 21060000 | C14: 7020000 | D14: 0 | E14: =+C14-D14 -> 7020000 | P14: =+C14 -> 7020000 | Q14: =+D14 -> 0 | R14: =+E14 -> 7020000 | S14: =+R14/P14*100 -> 100
A15: Potabilizacion Ac | B15: =1981048858-52905201 -> 1928143657 | C15: 27833200 | D15: 5039883 | E15: =+C15-D15 -> 22793317 | P15: =+C15 -> 27833200 | Q15: =+D15 -> 5039883 | R15: =+E15 -> 22793317 | S15: =+R15/P15*100 -> 81.892549
A16: Distribuccion Ac | B16: =2106159750 -> 2106159750 | C16: 365592350 | D16: 125855 | E16: =+C16-D16 -> 365466495 | P16: =+C16 -> 365592350 | Q16: =+D16 -> 125855 | R16: =+E16 -> 365466495 | S16: =+R16/P16*100 -> 99.965575
A17: Captacion Ac | B17: =360000000+14000000 -> 374000000 | C17: 0 | D17: 0 | E17: =+C17-D17 -> 0 | P17: =+C17 -> 0 | Q17: =+D17 -> 0 | R17: =+E17 -> 0 | S17: 0
A18: Comercial Ac | B18: =744342859-14000000 -> 730342859 | C18: 48866667 | D18: 0 | E18: =+C18-D18 -> 48866667 | P18: =+C18 -> 48866667 | Q18: =+D18 -> 0 | R18: =+E18 -> 48866667 | S18: =+R18/P18*100 -> 100
A19: Generales/Administracion Ac | B19: =389605000+1000000 -> 390605000 | C19: 6650000 | D19: 1781552 | E19: =+C19-D19 -> 4868448 | P19: =+C19 -> 6650000 | Q19: =+D19 -> 1781552 | R19: =+E19 -> 4868448 | S19: =+R19/P19*100 -> 73.209744
A20: Subtotal Acueducto | B20: =SUM(B13:B19) -> 6428899322 | C20: =SUM(C13:C19) -> 5.2917789e+08 | D20: =SUM(D13:D19) -> 93069895 | E20: =SUM(E13:E19) -> 4.3610799e+08 | F20: =SUM(F13:F19) -> 0 | G20: =SUM(G13:G19) -> 0 | H20: =SUM(H13:H19) -> 0 | I20: =SUM(I13:I19) -> 0 | ... R20: =SUM(R13:R19) -> 4.3610799e+08 | S20: =+R20/P20 -> 0.82412361
A21: Personal Alc | B21: 40627002 | C21: 3385583.6 | D21: 3565471 | E21: =+C21-D21 -> -179887.42 | P21: =+C21 -> 3385583.6 | Q21: =+D21 -> 3565471 | R21: =+E21 -> -179887.42 | S21: =+R21/P21*100 -> -5.3133358
A22: Recoleccion y transporte Alc | B22: 17458000 | C22: 3250000 | D22: 31735 | E22: =+C22-D22 -> 3218265 | P22: =+C22 -> 3250000 | Q22: =+D22 -> 31735 | R22: =+E22 -> 3218265 | S22: =+R22/P22*100 -> 99.023538
A23: Subtotal Alcantarillado | B23: =SUM(B21:B22) -> 58085002 | C23: =SUM(C21:C22) -> 6635583.6 | D23: =SUM(D21:D22) -> 3597206 | E23: =SUM(E21:E22) -> 3038377.6 | F23: =SUM(F21:F22) -> 0 | G23: =SUM(G21:G22) -> 0 | H23: =SUM(H21:H22) -> 0 | I23: =SUM(I21:I22) -> 0 | ... R23: =SUM(R21:R22) -> 3038377.6 | S23: =+R23/P23 -> 0.45789154
A24: Costos de Funcionamiento Operativos AA | B24: =+B23+B20 -> 6486984324 | C24: =+C23+C20 -> 5.3581347e+08 | D24: =+D23+D20 -> 96667101 | E24: =+E23+E20 -> 4.3914637e+08 | F24: =+F23+F20 -> 0 | G24: =+G23+G20 -> 0 | H24: =+H23+H20 -> 0 | I24: =+I23+I20 -> 0 | ... R24: =+R23+R20 -> 4.3914637e+08 | S24: =+R24/P24 -> 0.81958815
A25: Personal | B25: 1516052727 | C25: 1.2633773e+08 | D25: 96267510 | E25: =+C25-D25 -> 30070218 | P25: =+C25 -> 1.2633773e+08 | Q25: =+D25 -> 96267510 | R25: =+E25 -> 30070218 | S25: =+R25/P25*100 -> 23.801455
A26: Dotación de uniformes para el personal, elementos de proteccion y bioseguridad (pantalon , camisa, zapatos, impermeables, pantaneras, chalecos reflectivos) | B26: 254272041 | C26: 20972282 | D26: 0 | E26: =+C26-D26 -> 20972282 | P26: =+C26 -> 20972282 | Q26: =+D26 -> 0 | R26: =+E26 -> 20972282 | S26: =+R26/P26*100 -> 100
A27: Barrido vias | B27: 36000000 | C27: =40654560-28654560 -> 12000000 | D27: 31735 | E27: =+C27-D27 -> 11968265 | P27: =+C27 -> 12000000 | Q27: =+D27 -> 31735 | R27: =+E27 -> 11968265 | S27: =+R27/P27*100 -> 99.735542
A28: Recolección y Transporte | B28: =8582072214 -> 8582072214 | C28: 55867726 | D28: 1086170 | E28: =+C28-D28 -> 54781556 | P28: =+C28 -> 55867726 | Q28: =+D28 -> 1086170 | R28: =+E28 -> 54781556 | S28: =+R28/P28*100 -> 98.055818
A29: Disposición final | B29: =1481563987+36650001 -> 1518213988 | C29: 95543916 | D29: 8641952 | E29: =+C29-D29 -> 86901964 | P29: =+C29 -> 95543916 | Q29: =+D29 -> 8641952 | R29: =+E29 -> 86901964 | S29: =+R29/P29*100 -> 90.954995
A30: Generales/Administracion | B30: =737281080 -> 737281080 | C30: 133706950 | D30: 117651 | E30: =+C30-D30 -> 133589299 | P30: =+C30 -> 133706950 | Q30: =+D30 -> 117651 | R30: =+E30 -> 133589299 | S30: =+R30/P30*100 -> 99.912008
A31: Aseo y Limpieza | B31: =47254560+28654560 -> 75909120 | C31: 43954560 | D31: 0 | E31: =+C31-D31 -> 43954560 | P31: =+C31 -> 43954560 | Q31: =+D31 -> 0 | R31: =+E31 -> 43954560 | S31: =+R31/P31*100 -> 100
A32: Compra Buldozer | B32: 1500000000 | C32: 0 | D32: 0 | E32: =+C32-D32 -> 0 | P32: =+C32 -> 0 | Q32: =+D32 -> 0 | R32: =+E32 -> 0 | S32: 0
A33: Compra barrido mecanico | B33: 150000000 | C33: 0 | D33: 0 | E33: =+C33-D33 -> 0 | P33: =+C33 -> 0 | Q33: =+D33 -> 0 | R33: =+E33 -> 0 | S33: 0
A34: Costos de Funcionamiento Operativos Aseo | B34: =SUM(B25:B33) -> 14369801170 | C34: =SUM(C25:C33) -> 4.8838316e+08 | D34: =SUM(D25:D33) -> 1.0614502e+08 | E34: =SUM(E25:E33) -> 3.8223814e+08 | F34: =SUM(F25:F33) -> 0 | G34: =SUM(G25:G33) -> 0 | H34: =SUM(H25:H33) -> 0 | I34: =SUM(I25:I33) -> 0 | ... R34: =SUM(R25:R33) -> 3.8223814e+08 | S34: =+R34/P34 -> 0.78266037
A35: Nomina Administracion | B35: 315108512 | C35: 26259043 | D35: 20905207 | E35: =+C35-D35 -> 5353835.7 | P35: =+C35 -> 26259043 | Q35: =+D35 -> 20905207 | R35: =+E35 -> 5353835.7 | S35: =+R35/P35*100 -> 20.388541
A36: Nomina comercial | B36: 229762301 | C36: 19146858 | D36: 18068114 | E36: =+C36-D36 -> 1078744.4 | P36: =+C36 -> 19146858 | Q36: =+D36 -> 18068114 | R36: =+E36 -> 1078744.4 | S36: =+R36/P36*100 -> 5.6340544
A37: Contribuciones CRA | B37: 2000000 | C37: 0 | D37: 0 | E37: =+C37-D37 -> 0 | P37: =+C37 -> 0 | Q37: =+D37 -> 0 | R37: =+E37 -> 0 | S37: 0
A38: Servicios software INTEGRIN | B38: 12120000 | C38: 760000 | D38: 794000 | E38: =+C38-D38 -> -34000 | P38: =+C38 -> 760000 | Q38: =+D38 -> 794000 | R38: =+E38 -> -34000 | S38: =+R38/P38*100 -> -4.4736842
A39: Licenciamiento software | B39: 10000000 | C39: 0 | D39: 0 | E39: =+C39-D39 -> 0 | P39: =+C39 -> 0 | Q39: =+D39 -> 0 | R39: =+E39 -> 0 | S39: 0
A40: Pagina WEB-Dominio actualizacion software | B40: 13500000 | C40: 0 | D40: 0 | E40: =+C40-D40 -> 0 | P40: =+C40 -> 0 | Q40: =+D40 -> 0 | R40: =+E40 -> 0 | S40: 0
A41: Arrendamiento oficina administrativa | B41: 134400000 | C41: 11200000 | D41: 10666000 | E41: =+C41-D41 -> 534000 | P41: =+C41 -> 11200000 | Q41: =+D41 -> 10666000 | R41: =+E41 -> 534000 | S41: =+R41/P41*100 -> 4.7678571
A42: Compra activos Equipo de computo (hardwaare, software), mobiliario oficina | B42: 27000000 | C42: 0 | D42: 0 | E42: =+C42-D42 -> 0 | P42: =+C42 -> 0 | Q42: =+D42 -> 0 | R42: =+E42 -> 0 | S42: 0
A43: Servicios publicos (energia, telefono, aseo) | B43: 93058000 | C43: 5760000 | D43: 2176000 | E43: =+C43-D43 -> 3584000 | P43: =+C43 -> 5760000 | Q43: =+D43 -> 2176000 | R43: =+E43 -> 3584000 | S43: =+R43/P43*100 -> 62.222222
A44: Dotación de uniformes para el personal, elementos de proteccion y bioseguridad (pantalon , camisa, zapatos, impermeables, pantaneras, chalecos reflectivos) | B44: 10140000 | C44: 3980000 | D44: 0 | E44: =+C44-D44 -> 3980000 | P44: =+C44 -> 3980000 | Q44: =+D44 -> 0 | R44: =+E44 -> 3980000 | S44: =+R44/P44*100 -> 100
A45: Suministro, recarga y mantenimiento de extintores de agua y polvo químico para las áreas operativas, administrativas y vehículos de la empresa | B45: 4000000 | C45: 0 | D45: 0 | E45: =+C45-D45 -> 0 | P45: =+C45 -> 0 | Q45: =+D45 -> 0 | R45: =+E45 -> 0 | S45: 0
A46: Dotación de papelería y facturación | B46: 13200000 | C46: 500000 | D46: 0 | E46: =+C46-D46 -> 500000 | P46: =+C46 -> 500000 | Q46: =+D46 -> 0 | R46: =+E46 -> 500000 | S46: =+R46/P46*100 -> 100
A47: Dotación de cafetería | B47: 16200000 | C47: 1350000 | D47: 0 | E47: =+C47-D47 -> 1350000 | P47: =+C47 -> 1350000 | Q47: =+D47 -> 0 | R47: =+E47 -> 1350000 | S47: =+R47/P47*100 -> 100
A48: Gastos bancarios | B48: 6000000 | C48: 500000 | D48: 466260 | E48: =+C48-D48 -> 33740 | P48: =+C48 -> 500000 | Q48: =+D48 -> 466260 | R48: =+E48 -> 33740 | S48: =+R48/P48*100 -> 6.748
A49: Fletes Marítimos y Terrestres | B49: 12892000 | C49: 0 | D49: 0 | E49: =+C49-D49 -> 0 | P49: =+C49 -> 0 | Q49: =+D49 -> 0 | R49: =+E49 -> 0 | S49: 0
A50: Servicios personales de outsourcing - asesoría contable y tributaria | B50: 47040000 | C50: 3920000 | D50: 4201894 | E50: =+C50-D50 -> -281894 | P50: =+C50 -> 3920000 | Q50: =+D50 -> 4201894 | R50: =+E50 -> -281894 | S50: =+R50/P50*100 -> -7.1911735 | T50: =+D50+D53+D85+D86 -> 63447894 | U50: =+C50+C52+C53+C54+C58+C66+C74+C85+C86 -> 83125000
A51: Servicios personales de asesoría regulatoria, estudio de costos y tarifas | C51: 0 | D51: 0 | E51: =+C51-D51 -> 0 | P51: =+C51 -> 0 | Q51: =+D51 -> 0 | R51: =+E51 -> 0 | S51: =+R51/P51*100 -> #DIV/0!
A52: Servicios personales - Seguridad y salud en el trabajo | B52: 39840000 | C52: 3320000 | D52: 0 | E52: =+C52-D52 -> 3320000 | P52: =+C52 -> 3320000 | Q52: =+D52 -> 0 | R52: =+E52 -> 3320000 | S52: =+R52/P52*100 -> 100
A53: Audiltor Interno | B53: 40200000 | C53: 3350000 | D53: 3350000 | E53: =+C53-D53 -> 0 | P53: =+C53 -> 3350000 | Q53: =+D53 -> 3350000 | R53: =+E53 -> 0 | S53: =+R53/P53*100 -> 0
A54: Servicios personales Comunicadora social | B54: 40080000 | C54: 3340000 | D54: 0 | E54: =+C54-D54 -> 3340000 | P54: =+C54 -> 3340000 | Q54: =+D54 -> 0 | R54: =+E54 -> 3340000 | S54: =+R54/P54*100 -> 100
A55: Plan de medios | B55: 70450000 | C55: 1700000 | D55: 0 | E55: =+C55-D55 -> 1700000 | P55: =+C55 -> 1700000 | Q55: =+D55 -> 0 | R55: =+E55 -> 1700000 | S55: =+R55/P55*100 -> 100
A56: Suscripción y afiliaciones | B56: 500000 | C56: 0 | D56: 0 | E56: =+C56-D56 -> 0 | P56: =+C56 -> 0 | Q56: =+D56 -> 0 | R56: =+E56 -> 0 | S56: 0
A57: Seguros y pólizas | B57: 11377300 | C57: 0 | D57: 0 | E57: =+C57-D57 -> 0 | P57: =+C57 -> 0 | Q57: =+D57 -> 0 | R57: =+E57 -> 0 | S57: 0
A58: Asesoria en contratacion | B58: 46000000 | C58: 2000000 | D58: 0 | E58: =+C58-D58 -> 2000000 | P58: =+C58 -> 2000000 | Q58: =+D58 -> 0 | R58: =+E58 -> 2000000 | S58: =+R58/P58*100 -> 100
A59: Almacenamiento virtual (nube) | C59: 0 | D59: 0 | E59: =+C59-D59 -> 0 | P59: =+C59 -> 0 | Q59: =+D59 -> 0 | R59: =+E59 -> 0 | S59: =+R59/P59*100 -> #DIV/0!
A60: Arrendamiento contenedor | E60: =+C60-D60 -> 0 | P60: =+C60 -> 0 | Q60: =+D60 -> 0 | R60: =+E60 -> 0 | S60: =+R60/P60*100 -> #DIV/0!
A61: Capacitacion y bienestar social | B61: 61200000 | C61: 100000 | D61: 0 | E61: =+C61-D61 -> 100000 | P61: =+C61 -> 100000 | Q61: =+D61 -> 0 | R61: =+E61 -> 100000 | S61: =+R61/P61*100 -> 100
A62: celebración día del trabajo | E62: =+C62-D62 -> 0 | P62: =+C62 -> 0 | Q62: =+D62 -> 0 | R62: =+E62 -> 0 | S62: =+R62/P62*100 -> #DIV/0!
A63: Servicios de vigilancia privada | E63: =+C63-D63 -> 0 | P63: =+C63 -> 0 | Q63: =+D63 -> 0 | R63: =+E63 -> 0 | S63: =+R63/P63*100 -> #DIV/0!
A64: Mantenimiento y pintura de sede administrativa | B64: 32400000 | C64: 2700000 | D64: 2112800 | E64: =+C64-D64 -> 587200 | P64: =+C64 -> 2700000 | Q64: =+D64 -> 2112800 | R64: =+E64 -> 587200 | S64: =+R64/P64*100 -> 21.748148
A65: Psicologo | B65: 11550000 | C65: 0 | D65: 0 | E65: =+C65-D65 -> 0 | P65: =+C65 -> 0 | Q65: =+D65 -> 0 | R65: =+E65 -> 0 | S65: 0
A66: Profesional Financiero | B66: 36000000 | C66: 3000000 | D66: 0 | E66: =+C66-D66 -> 3000000 | P66: =+C66 -> 3000000 | Q66: =+D66 -> 0 | R66: =+E66 -> 3000000 | S66: =+R66/P66*100 -> 100
A67: Recaudos | B67: 36000000 | C67: 1500000 | D67: 2126080 | E67: =+C67-D67 -> -626080 | P67: =+C67 -> 1500000 | Q67: =+D67 -> 2126080 | R67: =+E67 -> -626080 | S67: =+R67/P67*100 -> -41.738667
A68: Gastos legales: Cámara de comercio, notariales | B68: 4000000 | C68: 1500000 | D68: 7200 | E68: =+C68-D68 -> 1492800 | P68: =+C68 -> 1500000 | Q68: =+D68 -> 7200 | R68: =+E68 -> 1492800 | S68: =+R68/P68*100 -> 99.52
A69: Actualizacion regulatoria | B69: 7000000 | C69: 0 | D69: 0 | E69: =+C69-D69 -> 0 | P69: =+C69 -> 0 | Q69: =+D69 -> 0 | R69: =+E69 -> 0 | S69: 0
A70: Revison y acuañizacionmanuales corporativos y normograma | B70: 7000000 | C70: 0 | D70: 0 | E70: =+C70-D70 -> 0 | P70: =+C70 -> 0 | Q70: =+D70 -> 0 | R70: =+E70 -> 0 | S70: 0
A71: Diseñador grafico actualizacion manual de identidad corporativa | B71: 4000000 | C71: 0 | D71: 0 | E71: =+C71-D71 -> 0 | P71: =+C71 -> 0 | Q71: =+D71 -> 0 | R71: =+E71 -> 0 | S71: 0
A72: Alquiler de mulas y vehículos de transporte | B72: 64800000 | C72: 5400000 | D72: 5451000 | E72: =+C72-D72 -> -51000 | P72: =+C72 -> 5400000 | Q72: =+D72 -> 5451000 | R72: =+E72 -> -51000 | S72: =+R72/P72*100 -> -0.94444444
A73: Suministros de alimentación, refrigerios e hidratación | B73: 27600000 | C73: 2300000 | D73: 0 | E73: =+C73-D73 -> 2300000 | P73: =+C73 -> 2300000 | Q73: =+D73 -> 0 | R73: =+E73 -> 2300000 | S73: =+R73/P73*100 -> 100
A74: Asesoria y argue sui | B74: 36000000 | C74: 3000000 | D74: 0 | E74: =+C74-D74 -> 3000000 | P74: =+C74 -> 3000000 | Q74: =+D74 -> 0 | R74: =+E74 -> 3000000 | S74: =+R74/P74*100 -> 100
A75: Industria y comercio | B75: 18823282 | C75: 224000 | D75: 0 | E75: =+C75-D75 -> 224000 | P75: =+C75 -> 224000 | Q75: =+D75 -> 0 | R75: =+E75 -> 224000 | S75: =+R75/P75*100 -> 100
A76: Gastos de viaje | B76: 14400000 | C76: 1200000 | D76: 4473800 | E76: =+C76-D76 -> -3273800 | P76: =+C76 -> 1200000 | Q76: =+D76 -> 4473800 | R76: =+E76 -> -3273800 | S76: =+R76/P76*100 -> -272.81667
A77: Otros gastos administrativos | B77: 7798000 | C77: 519000 | D77: 0 | E77: =+C77-D77 -> 519000 | P77: =+C77 -> 519000 | Q77: =+D77 -> 0 | R77: =+E77 -> 519000 | S77: =+R77/P77*100 -> 100
A78: Gravamen a los movimientos financieros | B78: 54736747 | C78: 5061458.5 | D78: 1210918 | E78: =+C78-D78 -> 3850540.5 | P78: =+C78 -> 5061458.5 | Q78: =+D78 -> 1210918 | R78: =+E78 -> 3850540.5 | S78: =+R78/P78*100 -> 76.07571
A79: Camp-de sensi-y concient PUEAA (inc-materiales) | B79: 36000000 | C79: 3000000 | D79: 0 | E79: =+C79-D79 -> 3000000 | P79: =+C79 -> 3000000 | Q79: =+D79 -> 0 | R79: =+E79 -> 3000000 | S79: =+R79/P79*100 -> 100
A80: Implementacion gestión documental | B80: 15000000 | C80: 0 | D80: 0 | E80: =+C80-D80 -> 0 | P80: =+C80 -> 0 | Q80: =+D80 -> 0 | R80: =+E80 -> 0 | S80: 0
A81: Señalética | B81: 12000000 | C81: 0 | D81: 0 | E81: =+C81-D81 -> 0 | P81: =+C81 -> 0 | Q81: =+D81 -> 0 | R81: =+E81 -> 0 | S81: 0
A82: Otros gastos logísticos | E82: =+C82-D82 -> 0 | P82: =+C82 -> 0 | Q82: =+D82 -> 0 | R82: =+E82 -> 0 | S82: =+R82/P82*100 -> #DIV/0!
A83: Gastos de representacion | B83: 26000000 | C83: 2000000 | D83: 0 | E83: =+C83-D83 -> 2000000 | P83: =+C83 -> 2000000 | Q83: =+D83 -> 0 | R83: =+E83 -> 2000000 | S83: =+R83/P83*100 -> 100
A84: Impuesto Industria y comercio 7X1000 Ingresos | E84: =+C84-D84 -> 0 | P84: =+C84 -> 0 | Q84: =+D84 -> 0 | R84: =+E84 -> 0 | S84: =+R84/P84*100 -> #DIV/0!
A85: Revisoria fiscal 2SMLMV | B85: 25200000 | C85: 2100000 | D85: 2320000 | E85: =+C85-D85 -> -220000 | P85: =+C85 -> 2100000 | Q85: =+D85 -> 2320000 | R85: =+E85 -> -220000 | S85: =+R85/P85*100 -> -10.47619
A86: Agente Especial | B86: 709140000 | C86: 59095000 | D86: 53576000 | E86: =+C86-D86 -> 5519000 | P86: =+C86 -> 59095000 | Q86: =+D86 -> 53576000 | R86: =+E86 -> 5519000 | S86: =+R86/P86*100 -> 9.3391996
A87: Total Gastos Comerciales y de Administracion | B87: =SUM(B35:B86) -> 2441516142 | C87: =SUM(C35:C86) -> 1.7978536e+08 | D87: =SUM(D35:D86) -> 131905273 | E87: =SUM(E35:E86) -> 47880087 | F87: =SUM(F35:F86) -> 0 | G87: =SUM(G35:G86) -> 0 | H87: =SUM(H35:H86) -> 0 | I87: =SUM(I35:I86) -> 0 | ... R87: =SUM(R35:R86) -> 47880087 | S87: =+R87/P87 -> 0.26631805
A88: Total Costos de Funcionamiento AAA | B88: =+B87+B34+B24 -> 23298301636 | C88: =+C87+C34+C24 -> 1.203982e+09 | D88: =+D87+D34+D24 -> 3.3471739e+08 | E88: =+E87+E34+E24 -> 8.692646e+08 | F88: =+F87+F34+F24 -> 0 | G88: =+G87+G34+G24 -> 0 | H88: =+H87+H34+H24 -> 0 | I88: =+I87+I34+I24 -> 0 | ... R88: =+R87+R34+R24 -> 8.692646e+08 | S88: =+R88/P88 -> 0.72199136
A89: Deficit | B89: =+B12-B88 -> -1.88643e+10 | C89: =+C12-C88 -> -8.2298964e+08 | D89: =+D12-D88 -> -2.9969899e+08 | E89: =+E12-E88 -> -5.2329065e+08 | F89: =+F12-F88 -> 0 | G89: =+G12-G88 -> 0 | H89: =+H12-H88 -> 0 | I89: =+I12-I88 -> 0 | ... R89: =+R12-R88 -> -5.2329065e+08 | S89: =+R89/P89 -> 0.63584111
X91: =+#REF! -> #REF!
X92: =815000000*1.07 -> 872050000
X93: -1173139539
X94: -272818809 | Y94: 371527244 | Z94: =+Y94+X94 -> 98708435
X95: =-(2000000-1920114)*12 -> -958632
D96: =+D13+D21+D25+D35+D36 -> 2.2492891e+08 | X96: -49700000
X97: =-R33 -> 0
D98: =198741666-D96 -> -26187240 | X98: =-R81 -> 0
D99: =+[29]EjecucionPptalPasiva!$S$11 -> 308530151 | X99: =+W23 -> 0
D100: =+D99-D88 -> -26187240 | X100: =SUM(X91:X99) -> #REF!
X101: =+X100-R89 -> #REF!
